Workbook

Sheet CONSOLIDADO 
B2: MATRIZ DE REQUISITOS LEGALES Y OTROS REQUISITOS | M2: Código | N2: MAT-EAS-DPR-SIGER-04
M3: Fecha | N3: 45689
M4: Versión | N4: V.01
M5: Revisa | N5: Ingrid Lara
M6: Aprueba | N6: Claudio Acuña
B8: Ítem | C8: Normativa /Titulo | D8: Resultado de cumplimiento global
B9: 1 | C9: Código del Trabajo | D9: ='CÓDIGO DEL TRABAJO'!H66 -> 1
B10: 2 | C10: Ley 21.643 | D10: ='Ley 21.643'!H5 -> 1
B11: 3 | C11: Ley 21.561 | D11: ='Ley 21.156'!H5 -> 1
B12: 4 | C12: Ley 21.156 | D12: ='Ley 21.156'!H5 -> 1
B13: 5 | C13: Ley 21.015 | D13: ='Ley 21015'!H5 -> 1
B14: 6 | C14: Ley 21.012 | D14: ='Ley 21012'!H5 -> 1
B15: 7 | C15: Ley 20.949 | D15: ='Ley 20.949'!H5 -> 1
B16: 8 | C16: Ley 20.607 | D16: ='Ley 20.607'!I5 -> 1
B17: 9 | C17: Ley 20.609 | D17: ='Ley 20.609'!H5 -> 1
B18: 10 | C18: Ley 20.422 | D18: ='Ley 20.422'!H9 -> 1
B19: 11 | C19: Ley 20.123 | D19: ='Ley 20.123'!H20 -> 1
B20: 12 | C20: Ley 20.105 | D20: ='Ley 20.105'!H7 -> 1
B21: 13 | C21: Ley 20.096 | D21: ='Ley 20.096'!H6 -> 1
B22: 14 | C22: Ley 20.005 | D22: ='Ley 20.005'!H11 -> 1
B23: 15 | C23: Ley 19.518 | D23: ='Ley 19.518'!H11 -> 0
B24: 16 | C24: Ley 19.628 | D24: ='Ley 19.628'!H6 -> 1
B25: 17 | C25: Ley 16.744 | D25: ='Ley 16.744'!H17 -> 1
B26: 18 | C26: D.S 594 | D26: ='D.S 594'!H55 -> 0.97254902
B27: 19 | D27: ='Decreto 44 E'!H7 -> 1
B28: 20 | C28: D.S 148 | D28: ='D.S 148'!H20 -> 1
B29: 21 | C29: D.S 123 | D29: ='D.S 123'!H6 -> 1
B30: 22 | C30: D.S 109 | D30: ='D.S 109'!H6 -> 1
B31: 23 | C31: D.S 101 | D31: ='D.S 101'!H6 -> 1
B32: 24 | C32: D.S 97 | D32: ='D.S 97 '!H6 -> 1
B33: 25 | C33: D.S 76 | D33: ='D.S 76'!H14 -> 1
B34: 26 | C34: D.S 67 | D34: ='D.S 67'!H6 -> 1
B35: 27 | C35: D.S 63 | D35: ='D.S 63'!H17 -> 1
B36: 28 | C36: D.S 56 | D36: ='D.S 56'!H18 -> 1
B37: 29 | C37: D.S 47 | D37: ='D.S 47'!H15 -> 1
B38: 30 | C38: Decreto 44 | D38: ='D.S 44'!H74 -> 0.96610169
B39: 31 | C39: D.S 43 | D39: ='D.S 43'!H33 -> 1
B40: 33 | C40: D.S 35 | D40: ='Decreto 35'!H5 -> 1
B41: 34 | C41: D.S 18 | D41: ='D.S 18'!H5 -> 1
B42: 35 | C42: D.S 10 | D42: ='D.S 10'!H25 -> 1
B43: 36 | C43: Resolución Exenta 1280 | D43: ='Resolución exenta 1280'!H5 -> 1
B44: 37 | C44: Resolución Exenta 156 | D44: ='Resolucion 156'!H5 -> 1
B45: 38 | C45: Circular 3705 | D45: ='Circular 3705'!H5 -> 1
B46: 39 | C46: Circular 3649 | D46: ='Circular 3649'!H5 -> 1
B47: 40 | C47: Nch 2245 | D47: ='NCh 2245'!H5 -> 1
B48: 41 | C48: NCh 1411 | D48: ='NCh 1411'!H5 -> 1
B49: 42 | C49: NCh 1410 | D49: ='NCh 1410'!H5 -> 1
B50: 43 | C50: Nch 382 | D50: ='NCh 382'!H5 -> 1
B51: 44 | C51: Compendio de Ley | D51: ='Compendio de Ley'!H5 -> 1
B52: 45 | C52: PREXOR | D52: =PREXOR!H24 -> 0.9
B53: 46 | C53: MMC | D53: =MMC!H15 -> 1
B54: 47 | C54: PROSEMEH | D54: =PROSEMEH!G21 -> 0.23529412
B55: 48 | C55: T. Psicosocial | D55: =Psicosocial!H11 -> 1
B56: 49 | C56: RUV | D56: =RUV!H10 -> 1
B57: 50 | C57: Altas Temperaturas | D57: ='Altas Temperaturas'!H17 -> 0.92307692
B58: 49 | C58: TMERT | D58: =TMERT!H14 -> 0.15
B59: RESULTADO CONSOLIDADO DE CUMPLIMIENTO DE SST | D59: =AVERAGE(D9:D58) -> 0.94294044
D60: 0

Sheet CÓDIGO DEL TRABAJO
B3: Ítem | C3: Normativa /Titulo | D3: Art. Aplicable | E3: Descripción | F3: Evidencia Cumplimiento | G3: Responsable de Cumplimiento | H3: Resultado de evaluación No Cumple 0% Cumple 100% En implementación 50% | I3: Brecha Evidenciada | J3: Plan de Acción de Brechas de Incumplimiento | K3: Responsable | L3: Plazo | M3: Resultado de evaluación No Cumple 0% Cumple 100% En implementación 50% | N3: Nueva acción Correctiva
B4: 1 | C4: Código del trabajo | D4: Art. 2 | E4: Las relaciones laborales deberán siempre fundarse en un trato libre de violencia, compatible con la dignidad de la persona y con perspectiva de género, lo que, para efectos de este Código, implica la adopción de medidas tendientes a promover la igualdad y a erradicar la discriminación basada en dicho motivo. Son contrarias a lo anterior, entre otras conductas, las siguientes: a) El acoso sexual, entendiéndose por tal el que una persona realice, en forma indebida, por cualquier medio, requerimientos de carácter sexual, no consentidos por quien los recibe y que amenacen o perjudiquen su situación laboral o sus oportunidades en el empleo. b) El acoso laboral, entendiéndose por tal toda conducta que constituya agresión u hostigamiento ejercida por el empleador o por uno o más trabajadores, en contra de otro u otros trabajadores, por cualquier medio, ya sea que se manifieste una sola vez o de manera reiterada, y que tenga como resultado para el o los afectados su menoscabo, maltrato o humillación, o bien que amenace o perjudique su situación laboral o sus oportunidades en el empleo. c) La violencia en el trabajo ejercida por terceros ajenos a la relación laboral, entendiéndose por tal aquellas conductas que afecten a las trabajadoras y a los trabajadores, con ocasión de la prestación de servicios, por parte de clientes, proveedores o usuarios, entre otros.". | F4: RIOHS 2025 | G4: RRHH | H4: 1 | M4: N/A
B5: 2 | C5: Código del trabajo | D5: Art. 4 | E5: Para los efectos previstos en este Código, se presume de derecho que representa al empleador y que en tal carácter obliga a éste con los trabajadores, el gerente, el administrador, el capitán de barco y, en general, la persona que ejerce habitualmente funciones de dirección o administración por cuenta o representación de una persona natural o jurídica. Las modificaciones totales o parciales relativas al dominio, posesión o mera tenencia de la empresa no alterarán los derechos y obligaciones de los trabajadores emanados de sus contratos individuales o de los instrumentos colectivos de trabajo, que mantendrán su vigencia y continuidad con el o los nuevos empleadores. | F5: Contrato de trabajo | G5: RRHH | H5: 1 | M5: N/A
B6: 3 | C6: Código del trabajo | D6: Art. 5 | E6: El ejercicio de las facultades que la ley le reconoce al empleador, tiene como límite el respeto a las garantías constitucionales de los trabajadores, en especial cuando pudieran afectar la intimidad, la vida privada o la honra de éstos. Los derechos establecidos por las leyes laborales son irrenunciables, mientras subsista el contrato de trabajo. Los contratos individuales y los instrumentos colectivos de trabajo podrán ser modificados, por mutuo consentimiento, en aquellas materias en que las partes hayan podido convenir libremente. | F6: Contrato de trabajo y anexos según aplique | G6: RRHH | H6: 1 | M6: N/A
B7: 4 | C7: Código del trabajo | D7: Art. 6 | E7: El contrato de trabajo puede ser individual o colectivo. El contrato es individual cuando se celebra entre un empleador y un trabajador. Es colectivo el celebrado por uno o más empleadores con una o más organizaciones sindicales o con trabajadores que se unan para negociar colectivamente, o con unos y otros, con el objeto de establecer condiciones comunes de trabajo y de remuneraciones por un tiempo determinado. | F7: Contrato de trabajo | G7: RRHH | H7: 1 | M7: N/A
B8: 5 | C8: Código del trabajo | D8: Art. 7 | E8: Contrato individual de trabajo es una convención por la cual el empleador y el trabajador se obligan recíprocamente, éste a prestar servicios personales bajo dependencia y subordinación del primero, y aquél a pagar por estos servicios una remuneración determinada. | F8: Contrato de trabajo | G8: RRHH | H8: 1 | M8: N/A
B9: 6 | C9: Código del trabajo | D9: Art. 9-18 | E9: El contrato de trabajo es consensual; deberá constar por escrito en los plazos a que se refiere el inciso siguiente, y firmarse por ambas partes en dos ejemplares, quedando uno en poder de cada contratante. El empleador que no haga constar por escrito el contrato dentro del plazo de quince días de incorporado el trabajador, o de cinco días si se trata de contratos por obra, trabajo o servicio determinado o de duración inferior a treinta días, será sancionado con una multa a beneficio fiscal de una a cinco unidades tributarias mensuales. Si el trabajador se negare a firmar, el empleador enviará el contrato a la respectiva Inspección del Trabajo para que ésta requiera la firma. Si el trabajador insistiere en su actitud ante dicha Inspección, podrá ser despedido, sin derecho a indemnización, a menos que pruebe haber sido contratado en condiciones distintas a las consignadas en el documento escrito. Si el empleador no hiciere uso del derecho que se le confiere en el inciso anterior, dentro del respectivo plazo que se indica en el inciso segundo, la falta de contrato escrito hará presumir legalmente que son estipulaciones del contrato las que declare el trabajador. El empleador, en todo caso, estará obligado a mantener en el lugar de trabajo, un ejemplar del contrato, y, en su caso, uno del finiquito en que conste el término de la relación laboral, firmado por las partes. Considerar todo lo descrito en los art. 10 al 18, referente a contratos de trabajo. | F9: Contrato de trabajo | G9: RRHH | H9: 1 | M9: N/A
B10: 7 | C10: Código del trabajo | D10: Art. 19 | E10: El ochenta y cinco por ciento, a lo menos, de los trabajadores que sirvan a un mismo empleador será de nacionalidad chilena. Se exceptúa de esta disposición el empleador que no ocupa más de veinticinco trabajadores. | F10: Nómina trabajadores con un 85% de chilenos. Contratación de 15% máximo de dotación de extranjeros | G10: RRHH | H10: 1 | M10: N/A
B11: 8 | C11: Código del trabajo | D11: Art. 22 | E11: La duración de la jornada ordinaria de trabajo no excederá de cuarenta horas semanales. Quedarán excluidos de la limitación de jornada de trabajo los trabajadores que presten servicios a distintos empleadores; los gerentes, administradores, apoderados con facultades de administración y todos aquellos que trabajen sin fiscalización superior inmediata; los contratados de acuerdo con este Código para prestar servicios en su domicilio o en un lugar libremente elegido por ellos; los agentes comisionistas y de seguros, vendedores viajantes, cobradores y demás similares que no ejerzan sus funciones en el local del establecimiento. También quedarán excluidos de la limitación de jornada de trabajo los trabajadores que se desempeñen a bordo de naves pesqueras. Asimismo, quedan excluidos de la limitación de jornada, los trabajadores contratados para que presten sus servicios preferentemente fuera del lugar o sitio de funcionamiento de la empresa, mediante la utilización de medios tecnológicos, informáticos o de telecomunicaciones. La jornada de trabajo de los deportistas profesionales y de los trabajadores que desempeñan actividades conexas se organizará por el cuerpo técnico y la entidad deportiva profesional correspondiente, de acuerdo a la naturaleza de la actividad deportiva y a límites compatibles con la salud de los deportistas, y no les será aplicable lo establecido en el inciso primero de este artículo. NOTA 2: La modificación introducida por la ley 21561, publicada el 26.04.2023, a la jornada de trabajo referida en el presente artículo, se implementará de forma gradual, reduciéndose de cuarenta y cinco horas semanales a cuarenta y cuatro horas al primer año; cuarenta y dos horas al tercer año y cuarenta horas al quinto año, contados desde la publicación de la ley en el Diario Oficial. | F11: *Contrato de trabajo *Implementación gradual | G11: RRHH | H11: 1 | M11: N/A
B12: 9 | C12: Código del trabajo | D12: Art. 24 | E12: El empleador podrá extender la jornada ordinaria de los dependientes del comercio hasta en dos horas diarias durante nueve días anteriores a navidad, distribuidos dentro de los últimos quince días previos a esta festividad. En este caso las horas que excedan el máximo señalado en el inciso primero del artículo 22, o la jornada convenida, si fuere menor se pagarán como extraordinarias. Cuando el empleador ejerciere la facultad prevista en el inciso anterior no procederá pactar horas extraordinarias. | F12: *Contrato de trabajo | G12: RRHH | H12: 1 | M12: N/A
B13: 10 | C13: Código del trabajo | D13: Art. 27 | E13: Los trabajadores madres y padres de niños y niñas de hasta doce años, y las personas que tengan el cuidado personal de éstos, tendrán derecho a una banda de dos horas en total, dentro de la que podrán anticipar o retrasar hasta en una hora el comienzo de sus labores, lo que determinará también el horario de salida al final de la jornada. Para ejercer este derecho el trabajador deberá entregar al empleador el respectivo certificado de nacimiento o la sentencia que le otorgue el cuidado personal de un niño o niña. El empleador no podrá negarse sino cuando la empresa funcione en un horario que no permita anticipar o postergar la jornada de trabajo, o por la naturaleza de los servicios prestados por el trabajador, como en el caso de funciones o labores de atención de público, o que sean necesarias para la realización de los servicios de otros trabajadores, o de atención de servicios de urgencia, trabajo por turnos, guardias, o similares, en tanto requieran que el trabajador efectivamente se encuentre en su puesto a la hora específica señalada en el contrato de trabajo o en el reglamento interno. | F13: *Contrato de trabajo o * RIOHS | G13: RRHH | H13: 1 | M13: N/A
B14: 11 | C14: Código del trabajo | D14: Art. 29 | E14: Podrá excederse la jornada ordinaria, pero en la medida indispensable para evitar perjuicios en la marcha normal del establecimiento o faena, cuando sobrevengan fuerza mayor o caso fortuito, o cuando deban impedirse accidentes o efectuarse arreglos o reparaciones impostergables en las maquinarias o instalaciones. Las horas trabajadas en exceso se pagarán como extraordinarias. | F14: *Contrato de trabajo, anexo de contrato o * RIOHS | G14: RRHH | H14: 1 | M14: N/A
B15: 12 | C15: Código del trabajo | D15: Art. 33 | E15: Para los efectos de controlar la asistencia y determinar las horas de trabajo, sean ordinarias o extraordinarias, el empleador llevará un registro que consistirá en un libro de asistencia del personal o en un reloj control con tarjetas de registro. Cuando no fuere posible aplicar las normas previstas en el inciso precedente, o cuando su aplicación importare una difícil fiscalización, la Dirección del Trabajo, de oficio o a petición de parte, podrá establecer y regular, mediante resolución fundada, un sistema especial de control de las horas de trabajo y de la determinación de las remuneraciones correspondientes al servicio prestado. Este sistema será uniforme para una misma actividad. | F15: Sistema de reloj control | G15: RRHH | H15: 1 | M15: N/A
... B65: 63 | C65: Código del trabajo | D65: Art. 211 J | E65: Los menores de 18 años y las mujeres no podrán llevar, transportar, cargar, arrastrar ni empujar manualmente, y sin ayuda mecánica, cargas superiores a 20 kilogramos. Para estos trabajadores, el empleador deberá implementar medidas de seguridad y mitigación, tales como rotación de trabajadores, disminución de las alturas de levantamiento o aumento de la frecuencia con que se manipula la carga. El detalle de la implementación de dichas medidas estará contenido en la Guía Técnica para la Evaluación y Control de los Riesgos Asociados al Manejo o Manipulación Manual de Carga. | F65: Aplicación del protocolo MMC y RIOSH | G65: PREVENCIÓN DE RIESGOS | H65: 1 | M65: N/A
F66: Porcentaje total de cumplimiento | H66: =AVERAGE(H4:H65) -> 1

Sheet Ley 21.643
B3: Ítem | C3: Normativa /Titulo | D3: Art. Aplicable | E3: Descripción | F3: Evidencia Cumplimiento | G3: Responsable de Cumplimiento | H3: Resultado de evaluación No Cumple 0% Cumple 100% En implementación 50% | I3: Brecha Evidenciada | J3: Plan de Acción de Brechas de Incumplimiento | K3: Responsable | L3: Plazo | M3: Resultado de evaluación No Cumple 0% Cumple 100% En implementación 50% | N3: Nueva acción Correctiva
B4: 1 | C4: Ley 21.643 "MODIFICA EL CÓDIGO DEL TRABAJO Y OTROS CUERPOS LEGALES, EN MATERIA DE PREVENCIÓN, INVESTIGACIÓN Y SANCIÓN DEL ACOSO LABORAL, SEXUAL O DE VIOLENCIA EN EL TRABAJO (LEY KARIN)" | D4: Todo el documento | E4: Los empleadores deberán elaborar y poner a disposición de las trabajadoras y de los trabajadores un protocolo de prevención del acoso sexual, laboral y violencia en el trabajo, a través de los organismos administradores de la ley N° 16.744. Los empleadores tendrán el deber de informar semestralmente los canales que mantiene la empresa para la recepción de denuncias sobre incumplimientos relativos a la prevención, investigación y sanción del acoso sexual, laboral y la violencia en el trabajo, así como las instancias estatales para denunciar cualquier incumplimiento a la normativa laboral y para acceder a las prestaciones en materia de seguridad social. | F4: Código de Ética, RIOHS | G4: RRHH | H4: 1 | M4: N/A
F5: Porcentaje total de cumplimiento | H5: =AVERAGE(H4:H4) -> 1

Sheet Ley 21.561
B3: Ítem | C3: Normativa /Titulo | D3: Art. Aplicable | E3: Descripción | F3: Evidencia Cumplimiento | G3: Responsable de Cumplimiento | H3: Resultado de evaluación No Cumple 0% Cumple 100% En implementación 50% | I3: Brecha Evidenciada | J3: Plan de Acción de Brechas de Incumplimiento | K3: Responsable | L3: Plazo | M3: Resultado de evaluación No Cumple 0% Cumple 100% En implementación 50% | N3: Nueva acción Correctiva
B4: 1 | C4: Ley 21.561 "MODIFICA EL CÓDIGO DEL TRABAJO CON EL OBJETO DE REDUCIR LA JORNADA LABORAL (LEY 40 HORAS)" | D4: Todo el documento | E4: La duración de la jornada ordinaria de trabajo no excederá de cuarenta horas semanales. Quedarán excluidos de la limitación de jornada de trabajo los trabajadores que presten servicios a distintos empleadores; los gerentes, administradores, apoderados con facultades de administración y todos aquellos que trabajen sin fiscalización superior inmediata; los contratados de acuerdo con este Código para prestar servicios en su domicilio o en un lugar libremente elegido por ellos; los agentes comisionistas y de seguros, vendedores viajantes, cobradores y demás similares que no ejerzan sus funciones en el local del establecimiento. También quedarán excluidos de la limitación de jornada de trabajo los trabajadores que se desempeñen a bordo de naves pesqueras. Asimismo, quedan excluidos de la limitación de jornada, los trabajadores contratados para que presten sus servicios preferentemente fuera del lugar o sitio de funcionamiento de la empresa, mediante la utilización de medios tecnológicos, informáticos o de telecomunicaciones. La jornada de trabajo de los deportistas profesionales y de los trabajadores que desempeñan actividades conexas se organizará por el cuerpo técnico y la entidad deportiva profesional correspondiente, de acuerdo a la naturaleza de la actividad deportiva y a límites compatibles con la salud de los deportistas, y no les será aplicable lo establecido en el inciso primero de este artículo. NOTA 2: La modificación introducida por la ley 21561, publicada el 26.04.2023, a la jornada de trabajo referida en el presente artículo, se implementará de forma gradual, reduciéndose de cuarenta y cinco horas semanales a cuarenta y cuatro horas al primer año; cuarenta y dos horas al tercer año y cuarenta horas al quinto año, contados desde la publicación de la ley en el Diario Oficial. | F4: Implementación progresiva Contratos de trabajo, RIOS | G4: RRHH | H4: 1 | M4: N/A
F5: Porcentaje total de cumplimiento | H5: =AVERAGE(H4:H4) -> 1

Sheet Ley 21.156
B3: Ítem | C3: Normativa /Titulo | D3: Art. Aplicable | E3: Descripción | F3: Evidencia Cumplimiento | G3: Responsable de Cumplimiento | H3: Resultado de evaluación No Cumple 0% Cumple 100% En implementación 50% | I3: Brecha Evidenciada | J3: Plan de Acción de Brechas de Incumplimiento | K3: Responsable | L3: Plazo | M3: Resultado de evaluación No Cumple 0% Cumple 100% En implementación 50% | N3: Nueva acción Correctiva
B4: 1 | C4: LEY 21156 ESTABLECE LA OBLIGACIÓN DE DISPONER DE DESFIBRILADORES EXTERNOS AUTOMÁTICOS PORTÁTILES EN LOS ESTABLECIMIENTOS Y RECINTOS QUE INDICA MINISTERIO DE SALUD | D4: Artículo único | E4: ESTABLECE LA OBLIGACIÓN DE DISPONER DE DESFIBRILADORES EXTERNOS AUTOMÁTICOS PORTÁTILES EN LOS ESTABLECIMIENTOS Y RECINTOS QUE INDICA | F4: 1 desfibrilador por centro de trabajo en conformidad con la ley | G4: Prevención de Riesgos | H4: 1 | M4: N/A
F5: Porcentaje total de cumplimiento | H5: =AVERAGE(H4) -> 1

Sheet Ley 21015
B3: Ítem | C3: Normativa /Titulo | D3: Art. Aplicable | E3: Descripción | F3: Evidencia Cumplimiento | G3: Responsable de Cumplimiento | H3: Resultado de evaluación No Cumple 0% Cumple 100% En implementación 50% | I3: Brecha Evidenciada | J3: Plan de Acción de Brechas de Incumplimiento | K3: Responsable | L3: Plazo | M3: Resultado de evaluación No Cumple 0% Cumple 100% En implementación 50% | N3: Nueva acción Correctiva
B4: 1 | C4: Ley 21.015 Ley de Inclusión Laboral | D4: Todo el documento | E4: Artículo 157 bis.- Las empresas de 100 o más trabajadores deberán contratar o mantener contratados, según corresponda, al menos el 1% de personas con discapacidad o que sean asignatarias de una pensión de invalidez de cualquier régimen previsional, en relación al total de sus trabajadores. | F4: Inclusión del 1% de trabajadores con discapacidad Contratos de trabajo | G4: RRHH | H4: 1 | M4: N/A
F5: Porcentaje total de cumplimiento | H5: =AVERAGE(H4) -> 1

Sheet Ley 21012
B3: Ítem | C3: Normativa /Titulo | D3: Art. Aplicable | E3: Descripción | F3: Evidencia de cumplimiento | G3: Responsable de Cumplimiento | H3: Resultado de evaluación No Cumple 0% Cumple 100% En implementación 50% | I3: Brecha Evidenciada | J3: Plan de Acción de Brechas de Incumplimiento | K3: Responsable | L3: Plazo | M3: Resultado de evaluación No Cumple 0% Cumple 100% En implementación 50% | N3: Nueva acción Correctiva
B4: 1 | C4: Ley 21.012; garantiza seguridad de trabajadores en situaciones de riesgo y emergencia. | D4: Todo el documento | E4: "Artículo único.- Agregase en el Código del Trabajo, después del artículo 184, el siguiente artículo 184 bis: "Artículo 184 bis.- Sin perjuicio de lo establecido en el artículo precedente, cuando en el lugar de trabajo sobrevenga un riesgo grave e inminente para la vida o salud de los trabajadores, el empleador deberá: a) Informar inmediatamente a todos los trabajadores afectados sobre la existencia del mencionado riesgo, así como las medidas adoptadas para eliminarlo o atenuarlo. b) Adoptar medidas para la suspensión inmediata de las faenas afectadas y la evacuación de los trabajadores, en caso que el riesgo no se pueda eliminar o atenuar. Con todo, el trabajador tendrá derecho a interrumpir sus labores y, de ser necesario, abandonar el lugar de trabajo cuando considere, por motivos razonables, que continuar con ellas implica un riesgo grave e inminente para su vida o salud. El trabajador que interrumpa sus labores deberá dar cuenta de ese hecho al empleador dentro del más breve plazo, el que deberá informar de la suspensión de las mismas a la Inspección del Trabajo respectiva. Los trabajadores no podrán sufrir perjuicio o menoscabo alguno derivado de la adopción de las medidas señaladas en este artículo, y podrán siempre ejercer la acción contenida en el Párrafo 6° del Capítulo II del Título I del Libro V del Código del Trabajo. En caso que la autoridad competente ordene la evacuación de los lugares afectados por una emergencia, catástrofe o desastre, el empleador deberá suspender las labores de forma inmediata y proceder a la evacuación de los trabajadores. La reanudación de las labores sólo podrá efectuarse cuando se garanticen condiciones seguras y adecuadas para la prestación de los servicios. Corresponderá a la Dirección del Trabajo fiscalizar el cumplimiento de lo dispuesto en este artículo. | F4: Plan de emergencia Plan de gestión de riesgos de desastres. | G4: PREVENCION DE RIESGOS | H4: 1 | M4: N/A
F5: Porcentaje total de cumplimiento | H5: =AVERAGE(H4) -> 1

Sheet Ley 20.949
B3: Ítem | C3: Normativa /Titulo | D3: Art. Aplicable | E3: Descripción | F3: Evidencia Cumplimiento | G3: Responsable de Cumplimiento | H3: Resultado de evaluación No Cumple 0% Cumple 100% En implementación 50% | I3: Brecha Evidenciada | J3: Plan de Acción de Brechas de Incumplimiento | K3: Responsable | L3: Plazo | M3: Resultado de evaluación No Cumple 0% Cumple 100% En implementación 50% | N3: Nueva acción Correctiva
B4: 1 | C4: Ley 20.949 REGULA EL PESO MÁXIMO DE CARGA HUMANA | D4: Todo el documento | E4: Introdúcense las siguientes modificaciones en el Código del Trabajo: 1. Sustitúyese el artículo 211-H por el siguiente: "Artículo 211-H.- Si la manipulación manual es inevitable y las ayudas mecánicas no pueden usarse, no se permitirá que se opere con cargas superiores a 25 kilogramos. Esta carga será modificada en la medida que existan otros factores agravantes, caso en el cual, la manipulación deberá efectuarse en conformidad a lo dispuesto en el decreto supremo Nº 63, del Ministerio del Trabajo y Previsión Social, del año 2005, que aprueba reglamento para la aplicación de la ley Nº 20.001, que regula el peso máximo de carga humana, y en la Guía Técnica para la Evaluación y Control de los Riesgos Asociados al Manejo o Manipulación Manual de Carga.". 2. Reemplazase el artículo 211-J por el que sigue: "Artículo 211-J.- Los menores de 18 años y las mujeres no podrán llevar, transportar, cargar, arrastrar ni empujar manualmente, y sin ayuda mecánica, cargas superiores a 20 kilogramos. Para estos trabajadores, el empleador deberá implementar medidas de seguridad y mitigación, tales como rotación de trabajadores, disminución de las alturas de levantamiento o aumento de la frecuencia con que se manipula la carga. El detalle de la implementación de dichas medidas estará contenido en la Guía Técnica para la Evaluación y Control de los Riesgos Asociados al Manejo o Manipulación Manual de Carga.". | F4: Protocolo MMC | G4: PREVENCION DE RIESGOS | H4: 1 | M4: N/A
F5: Porcentaje total de cumplimiento | H5: =AVERAGE(H4:H4) -> 1

Sheet Ley 20.607
B3: Ítem | C3: Normativa /Titulo | D3: Art. Aplicable | E3: Descripción | F3: Evidencia Cumplimiento | G3: Responsable de Cumplimiento | H3: Resultado de evaluación No Cumple 0% Cumple 100% En implementación 50% | I3: Brecha Evidenciada | J3: Plan de Acción de Brechas de Incumplimiento | K3: Responsable | L3: Plazo | M3: Resultado de evaluación No Cumple 0% Cumple 100% En implementación 50% | N3: Nueva acción Correctiva
B4: 1 | C4: Ley 20607 Firma electrónica MODIFICA EL CÓDIGO DEL TRABAJO, SANCIONANDO LAS PRÁCTICAS DE ACOSO LABORAL | D4: Art. 1 | E4: Introdúcense las siguientes modificaciones en el Código del Trabajo: 1) Agrégase, la siguiente oración: "Asimismo, es contrario a la dignidad de la persona el acoso laboral, entendiéndose por tal toda conducta que constituya agresión u hostigamiento reiterados, ejercida por el empleador o por uno o más trabajadores, en contra de otro u otros trabajadores, por cualquier medio, y que tenga como resultado para el o los afectados su menoscabo, maltrato o humillación, o bien que amenace o perjudique su situación laboral o sus oportunidades en el empleo.". 2) En el número 1) del artículo 160: c) Agregase la siguiente letra f) nueva: "f) Conductas de acoso laboral.". | F4: Código de Ética | G4: RRHH | H4: RRHH | I4: 1 | N4: N/A
F5: Porcentaje total de cumplimiento | I5: =AVERAGE(I4) -> 1

Sheet Ley 20.609
B3: Ítem | C3: Normativa /Titulo | D3: Art. Aplicable | E3: Descripción | F3: Evidencia Cumplimiento | G3: Responsable de Cumplimiento | H3: Resultado de evaluación No Cumple 0% Cumple 100% En implementación 50% | I3: Brecha Evidenciada | J3: Plan de Acción de Brechas de Incumplimiento | K3: Responsable | L3: Plazo | M3: Resultado de evaluación No Cumple 0% Cumple 100% En implementación 50% | N3: Nueva acción Correctiva
B4: 1 | C4: Ley 20609 ESTABLECE MEDIDAS CONTRA LA DISCRIMINACIÓN | D4: Art. 1 | E4: Propósito de la ley. Esta ley tiene por objetivo fundamental instaurar un mecanismo judicial que permita restablecer eficazmente el imperio del derecho toda vez que se cometa un acto de discriminación arbitraria. | F4: Código de Ética | G4: RRHH | H4: 1 | M4: N/A
F5: Porcentaje total de cumplimiento | H5: =AVERAGE(H4:H4) -> 1

Sheet Ley 20.422
B3: Ítem | C3: Normativa /Titulo | D3: Art. Aplicable | E3: Descripción | F3: Evidencia Cumplimiento | G3: Responsable de Cumplimiento | H3: Resultado de evaluación No Cumple 0% Cumple 100% En implementación 50% | I3: Brecha Evidenciada | J3: Plan de Acción de Brechas de Incumplimiento | K3: Responsable | L3: Plazo | M3: Resultado de evaluación No Cumple 0% Cumple 100% En implementación 50% | N3: Nueva acción Correctiva
B4: 1 | C4: Ley 20422 Firma electrónica ESTABLECE NORMAS SOBRE IGUALDAD DE OPORTUNIDADES E INCLUSIÓN SOCIAL DE PERSONAS CON DISCAPACIDAD | D4: Art. 1 | E4: El objeto de esta ley es asegurar el derecho a la igualdad de oportunidades de las personas con discapacidad, con el fin de obtener su plena inclusión social, asegurando el disfrute de sus derechos y eliminando cualquier forma de discriminación fundada en la discapacidad. | F4: Código de ética | G4: RRHH | H4: 1 | M4: N/A
B5: 2 | C5: Ley 20422 Firma electrónica ESTABLECE NORMAS SOBRE IGUALDAD DE OPORTUNIDADES E INCLUSIÓN SOCIAL DE PERSONAS CON DISCAPACIDAD | D5: Art. 5 | E5: Persona con discapacidad es aquella que teniendo una o más deficiencias físicas, mentales, sea por causa psíquica o intelectual, o sensoriales, de carácter temporal o permanente, al interactuar con diversas barreras presentes en el entorno, ve impedida o restringida su participación plena y efectiva en la sociedad, en igualdad de condiciones con las demás. | F5: Código de ética | G5: RRHH | H5: 1 | M5: N/A
B6: 3 | C6: Ley 20422 Firma electrónica ESTABLECE NORMAS SOBRE IGUALDAD DE OPORTUNIDADES E INCLUSIÓN SOCIAL DE PERSONAS CON DISCAPACIDAD | D6: Art. 19 | E6: Prevención de la discapacidad es toda acción o medida, pública o privada, que tenga por finalidad impedir o evitar que una persona experimente una deficiencia que restrinja su participación o limite su capacidad de ejercer una o más actividades esenciales de la vida diaria, así como impedir que ésta llegue a ser permanente. La prevención siempre considerará el entorno económico, social, político o cultural que puede agravar o atenuar la deficiencia de que se trate. | F6: RIOHS | G6: RRHH | H6: 1 | M6: N/A
B7: 4 | C7: Ley 20422 Firma electrónica ESTABLECE NORMAS SOBRE IGUALDAD DE OPORTUNIDADES E INCLUSIÓN SOCIAL DE PERSONAS CON DISCAPACIDAD | D7: Art. 20 | E7: Las medidas, planes y programas de prevención se adoptarán en consideración a los factores de riesgo de discapacidad, en especial, enfermedades agudas y crónicas, lesiones, accidentes viales, laborales y de cualquier otro tipo, violencia, problemas de calidad ambiental, sedentarismo, abuso del alcohol o las drogas, tabaquismo, desórdenes nutricionales, maltrato infantil, condiciones sanitarias deficientes o estrés. | F7: Programa de atención al colaborador | G7: RRHH | H7: 1 | M7: N/A
B8: 5 | C8: Ley 20422 Firma electrónica ESTABLECE NORMAS SOBRE IGUALDAD DE OPORTUNIDADES E INCLUSIÓN SOCIAL DE PERSONAS CON DISCAPACIDAD | D8: Art. 31 | E8: Los establecimientos comerciales, industriales y de servicios, públicos o privados; los que exhiban espectáculos artísticos, culturales o deportivos; los edificios destinados a un uso que implique la concurrencia de público, y los espacios de uso público que cuenten con estacionamientos para vehículos, reservarán un número suficiente de ellos para el uso de las personas con discapacidad, conforme a las disposiciones de la Ordenanza General de Urbanismo y Construcciones. Corresponderá a la municipalidad respectiva velar por el adecuado cumplimiento de esta obligación. | F8: Permiso municipal | G8: Administración de local | H8: 1 | M8: N/A
F9: Porcentaje total de cumplimiento | H9: =AVERAGE(H4:H8) -> 1

Sheet Ley 20.123
B3: Ítem | C3: Normativa /Titulo | D3: Art. Aplicable | E3: Descripción | F3: Evidencia Cumplimiento | G3: Responsable de Cumplimiento | H3: Resultado de evaluación No Cumple 0% Cumple 100% En implementación 50% | I3: Brecha Evidenciada | J3: Plan de Acción de Brechas de Incumplimiento | K3: Responsable | L3: Plazo | M3: Resultado de evaluación No Cumple 0% Cumple 100% En implementación 50% | N3: Nueva acción Correctiva
B4: 1 | C4: Ley 20.123 REGULA TRABAJO EN REGIMEN DE SUBCONTRATACION, EL FUNCIONAMIENTO DE LAS EMPRESAS DE SERVICIOS TRANSITORIOS Y EL CONTRATO DE TRABAJO DE SERVICIOS TRANSITORIOS | D4: Art.183-B | E4: La empresa principal será solidariamente responsable de las obligaciones laborales y previsionales de dar que afecten a los contratistas en favor de los trabajadores de éstos, incluidas las eventuales indemnizaciones legales que correspondan por término de la relación laboral. Tal responsabilidad estará limitada al tiempo o período durante el cual el o los trabajadores prestaron servicios en régimen de subcontratación para la empresa principal. En los mismos términos, el contratista será solidariamente responsable de las obligaciones que afecten a sus subcontratistas, a favor de los trabajadores de éstos. La empresa principal responderá de iguales obligaciones que afecten a los subcontratistas, cuando no pudiere hacerse efectiva la responsabilidad a que se refiere el inciso siguiente. El trabajador, al entablar la demanda en contra de su empleador directo, podrá hacerlo en contra de todos aquellos que puedan responder de sus derechos, en conformidad a las normas de este Párrafo. En los casos de construcción de edificaciones por un precio único prefijado, no procederán estas responsabilidades cuando quien encargue la obra sea una persona natural. | F4: Reglamento Especial para Empresas Contratistas y Subcontratistas | G4: Soporte Operativo | H4: 1 | M4: N/A
B5: 2 | C5: Ley 20.123 REGULA TRABAJO EN REGIMEN DE SUBCONTRATACION, EL FUNCIONAMIENTO DE LAS EMPRESAS DE SERVICIOS TRANSITORIOS Y EL CONTRATO DE TRABAJO DE SERVICIOS TRANSITORIOS | D5: Art. 183-C | E5: La empresa principal, cuando así lo solicite, tendrá derecho a ser informada por los contratistas sobre el monto y estado de cumplimiento de las obligaciones laborales y previsionales que a éstos correspondan respecto a sus trabajadores, como asimismo de igual tipo de obligaciones que tengan los subcontratistas con sus trabajadores. El mismo derecho tendrán los contratistas respecto de sus subcontratistas. El monto y estado de cumplimiento de las obligaciones laborales y previsionales a que se refiere el inciso anterior, deberá ser acreditado mediante certificados emitidos por la respectiva Inspección del Trabajo, o bien por medios idóneos que garanticen la veracidad de dicho monto y estado de cumplimiento. El Ministerio del Trabajo y Previsión Social deberá dictar, dentro de un plazo de 90 días, un reglamento que fije el procedimiento, plazo y efectos con que la Inspección del Trabajo respectiva emitirá dichos certificados. Asimismo, el reglamento definirá la forma o mecanismos a través de los cuales las entidades o instituciones competentes podrán certificar debidamente, por medios idóneos, el cumplimiento de obligaciones laborales y previsionales de los contratistas respecto de sus trabajadores. En el caso que el contratista o subcontratista no acredite oportunamente el cumplimiento íntegro de las obligaciones laborales y previsionales en la forma señalada, la empresa principal podrá retener de las obligaciones que tenga a favor de aquél o aquéllos, el monto de que es responsable en conformidad a este Párrafo. El mismo derecho tendrá el contratista respecto de sus subcontratistas. Si se efectuara dicha retención, quien la haga estará obligado a pagar con ella al trabajador o institución previsional acreedora. | F5: Reglamento Especial para Empresas Contratistas y Subcontratistas | G5: Soporte Operativo | H5: 1 | M5: N/A
B6: 3 | C6: Ley 20.123 REGULA TRABAJO EN REGIMEN DE SUBCONTRATACION, EL FUNCIONAMIENTO DE LAS EMPRESAS DE SERVICIOS TRANSITORIOS Y EL CONTRATO DE TRABAJO DE SERVICIOS TRANSITORIOS | D6: Art. 183-D | E6: Si la empresa principal hiciere efectivo el derecho a ser informada y el derecho de retención a que se refieren los incisos primero y tercero del artículo anterior, responderá subsidiariamente de aquellas obligaciones laborales y previsionales que afecten a los contratistas y subcontratistas en favor de los trabajadores de éstos, incluidas las eventuales indemnizaciones legales que correspondan por el término de la relación laboral. Tal responsabilidad estará limitada al tiempo o período durante el cual el o los trabajadores del contratista o subcontratista prestaron servicios en régimen de subcontratación para el dueño de la obra, empresa o faena. Igual responsabilidad asumirá el contratista respecto de las obligaciones que afecten a sus subcontratistas, a favor de los trabajadores de éstos. | F6: Reglamento Especial para Empresas Contratistas y Subcontratistas | G6: Soporte Operativo | H6: 1 | M6: N/A
B7: 4 | C7: Ley 20.123 REGULA TRABAJO EN REGIMEN DE SUBCONTRATACION, EL FUNCIONAMIENTO DE LAS EMPRESAS DE SERVICIOS TRANSITORIOS Y EL CONTRATO DE TRABAJO DE SERVICIOS TRANSITORIOS | D7: Art. 183-E | E7: Sin perjuicio de las obligaciones de la empresa principal, contratista y subcontratista respecto de sus propios trabajadores en virtud de lo dispuesto en el artículo 184, la empresa principal deberá adoptar las medidas necesarias para proteger eficazmente la vida y salud de todos los trabajadores que laboran en su obra, empresa o faena, cualquiera sea su dependencia, en conformidad a lo dispuesto en el artículo 66 bis de la ley Nº 16.744 y el artículo 3º del decreto supremo Nº 594, de 1999, del Ministerio de Salud. | F7: Reglamento Especial para Empresas Contratistas y Subcontratistas | G7: Soporte Operativo | H7: 1 | M7: N/A
B8: 5 | C8: Ley 20.123 REGULA TRABAJO EN REGIMEN DE SUBCONTRATACION, EL FUNCIONAMIENTO DE LAS EMPRESAS DE SERVICIOS TRANSITORIOS Y EL CONTRATO DE TRABAJO DE SERVICIOS TRANSITORIOS | D8: Art. 183-N | E8: La puesta a disposición de trabajadores de servicios transitorios a una usuaria por una empresa de servicios transitorios, deberá constar por escrito en un contrato de puesta a disposición de trabajadores de servicios transitorios, que deberá indicar la causal invocada para la contratación de servicios transitorios de conformidad con el artículo siguiente, los puestos de trabajo para los cuales se realiza, la duración de la misma y el precio convenido. Asimismo, el contrato de puesta a disposición de trabajadores de servicios transitorios deberá señalar si los trabajadores puestos a disposición tendrán o no derecho, durante la vigencia de dicho contrato, a la utilización de transporte e instalaciones colectivas que existan en la usuaria. | F8: Reglamento Especial para Empresas Contratistas y Subcontratistas | G8: Soporte Operativo | H8: 1 | M8: N/A
B9: 6 | C9: Ley 20.123 REGULA TRABAJO EN REGIMEN DE SUBCONTRATACION, EL FUNCIONAMIENTO DE LAS EMPRESAS DE SERVICIOS TRANSITORIOS Y EL CONTRATO DE TRABAJO DE SERVICIOS TRANSITORIOS | D9: Art183-W | E9: Será obligación de la usuaria controlar la asistencia del trabajador de servicios transitorios y poner a disposición de la empresa de servicios transitorios copia del registro respectivo. En el registro se indicará, a lo menos, el nombre y apellido del trabajador de servicios transitorios, nombre o razón social y domicilio de la empresa de servicios transitorios y de la usuaria, y diariamente las horas de ingreso y salida del trabajador. | F9: Reglamento Especial para Empresas Contratistas y Subcontratistas | G9: Soporte Operativo | H9: 1 | M9: N/A
B10: 7 | C10: Ley 20.123 REGULA TRABAJO EN REGIMEN DE SUBCONTRATACION, EL FUNCIONAMIENTO DE LAS EMPRESAS DE SERVICIOS TRANSITORIOS Y EL CONTRATO DE TRABAJO DE SERVICIOS TRANSITORIOS | D10: Art. 183-X | E10: La usuaria tendrá la facultad de organizar y dirigir el trabajo, dentro del ámbito de las funciones para las cuales el trabajador fue puesto a su disposición por la empresa de servicios transitorios. Además, el trabajador de servicios transitorios quedará sujeto al reglamento de orden, seguridad e higiene de la usuaria, el que deberá ser puesto en su conocimiento mediante la entrega de un ejemplar impreso, en conformidad a lo dispuesto en el inciso segundo del artículo 156 de este Código. | F10: Reglamento Especial para Empresas Contratistas y Subcontratistas | G10: Soporte Operativo | H10: 1 | M10: N/A
B11: 8 | C11: Ley 20.123 REGULA TRABAJO EN REGIMEN DE SUBCONTRATACION, EL FUNCIONAMIENTO DE LAS EMPRESAS DE SERVICIOS TRANSITORIOS Y EL CONTRATO DE TRABAJO DE SERVICIOS TRANSITORIOS | D11: Art. 183-AA | E11: La usuaria que contrate a un trabajador de servicios transitorios por intermedio de empresas no inscritas en el registro que para tales efectos llevará la Dirección del Trabajo, quedará, respecto de dicho trabajador, excluida de la aplicación de las normas del presente Párrafo 2º. En consecuencia, el trabajador se considerará como dependiente de la usuaria, vínculo que se regirá por las normas de la legislación laboral común. Además, la usuaria será sancionada administrativamente por la Inspección del Trabajo respectiva, con una multa equivalente a 10 unidades tributarias mensuales por cada trabajador contratado. | F11: Reglamento Especial para Empresas Contratistas y Subcontratistas | G11: Soporte Operativo | H11: 1 | M11: N/A
B12: 9 | C12: Ley 20.123 REGULA TRABAJO EN REGIMEN DE SUBCONTRATACION, EL FUNCIONAMIENTO DE LAS EMPRESAS DE SERVICIOS TRANSITORIOS Y EL CONTRATO DE TRABAJO DE SERVICIOS TRANSITORIOS | D12: Art. 183-AB | E12: La usuaria será subsidiariamente responsable de las obligaciones laborales y previsionales que afecten a las empresas de servicios transitorios a favor de los trabajadores de éstas, en los términos previstos en este Párrafo. No obstante lo dispuesto en el inciso precedente, será de responsabilidad directa de la usuaria el cumplimiento de las normas referidas a la higiene y seguridad en el trabajo, incluidas las disposiciones legales y reglamentarias relativas al Seguro Social contra Riesgos de Accidentes del Trabajo y Enfermedades Profesionales de la ley Nº 16.744, especialmente las medidas de prevención de riesgos que deba adoptar respecto de sus trabajadores permanentes. Asimismo, deberá observar lo dispuesto en el inciso tercero del artículo 66 bis de la ley Nº 16.744. Para efectos de dar cumplimiento a lo dispuesto en el artículo 76 de la ley Nº 16.744, la usuaria denunciará inmediatamente al organismo administrador al que se encuentra afiliada o adherida la respectiva empresa de servicios transitorios, la ocurrencia de cualquiera de los hechos indicados en la norma legal antes citada. Al mismo tiempo, deberá notificar el siniestro a la empresa de servicios transitorios. Serán también de responsabilidad de la usuaria, las indemnizaciones a que se refiere el artículo 69 de la ley Nº 16.744. Sin perjuicio de lo anterior, la empresa de servicios transitorios deberá constatar que el estado de salud del trabajador sea compatible con la actividad específica que desempeñará. | F12: Reglamento Especial para Empresas Contratistas y Subcontratistas | G12: Soporte Operativo | H12: 1 | M12: N/A
B13: 10 | C13: Ley 20.123 REGULA TRABAJO EN REGIMEN DE SUBCONTRATACION, EL FUNCIONAMIENTO DE LAS EMPRESAS DE SERVICIOS TRANSITORIOS Y EL CONTRATO DE TRABAJO DE SERVICIOS TRANSITORIOS | D13: Art. 183- AC | E13: En el caso de los trabajadores con discapacidad, el plazo máximo de duración del contrato de puesta a disposición de trabajadores de servicios transitorios establecido en el párrafo segundo del inciso primero del artículo 183-O, será de seis meses renovables. | F13: Reglamento Especial para Empresas Contratistas y Subcontratistas | G13: Soporte Operativo | H13: 1 | M13: N/A
B14: 11 | C14: Ley 20.123 REGULA TRABAJO EN REGIMEN DE SUBCONTRATACION, EL FUNCIONAMIENTO DE LAS EMPRESAS DE SERVICIOS TRANSITORIOS Y EL CONTRATO DE TRABAJO DE SERVICIOS TRANSITORIOS | D14: Art. 183-AD | E14: Las empresas de servicios transitorios estarán obligadas a proporcionar capacitación cada año calendario, al menos al 10% de los trabajadores que pongan a disposición en el mismo período, a través de alguno de los mecanismos previstos en el Párrafo 4º del Título I de la ley Nº 19.518. La Dirección del Trabajo verificará el cumplimiento de la obligación establecida en este artículo. | F14: Reglamento Especial para Empresas Contratistas y Subcontratistas | G14: Soporte Operativo | H14: 1 | M14: N/A
B15: 12 | C15: Ley 20.123 REGULA TRABAJO EN REGIMEN DE SUBCONTRATACION, EL FUNCIONAMIENTO DE LAS EMPRESAS DE SERVICIOS TRANSITORIOS Y EL CONTRATO DE TRABAJO DE SERVICIOS TRANSITORIOS | D15: Art. 183-AE | E15: Las trabajadoras contratadas bajo el régimen contemplado en este Párrafo, gozarán del fuero maternal señalado en el inciso primero del artículo 201, cesando éste de pleno derecho al término de los servicios en la usuaria. Si por alguna de las causales que establece el presente Párrafo se determinare que la trabajadora es dependiente de la usuaria, el fuero maternal se extenderá por todo el período que corresponda, conforme a las reglas generales del presente Código”. | F15: Reglamento Especial para Empresas Contratistas y Subcontratistas | G15: Soporte Operativo | H15: 1 | M15: N/A
... B19: 16 | C19: Ley 20.123 REGULA TRABAJO EN REGIMEN DE SUBCONTRATACION, EL FUNCIONAMIENTO DE LAS EMPRESAS DE SERVICIOS TRANSITORIOS Y EL CONTRATO DE TRABAJO DE SERVICIOS TRANSITORIOS | D19: Art. 7º | E19: Modificase la ley Nº 16.744, de la siguiente forma: a) Incorporase a continuación del artículo 66, el siguiente artículo 66 bis:“Artículo 66 bis.- Los empleadores que contraten o subcontraten con otros la realización de una obra, faena o servicios propios de su giro, deberán vigilar el cumplimiento por parte de dichos contratistas o subcontratistas de la normativa relativa a higiene y seguridad, debiendo para ello implementar un sistema de gestión de la seguridad y salud en el trabajo para todos los trabajadores involucrados, cualquiera que sea su dependencia, cuando en su conjunto agrupen a más de 50 trabajadores. Para la implementación de este sistema de gestión, la empresa principal deberá confeccionar un reglamento especial para empresas contratistas y subcontratistas, en el que se establezca como mínimo las acciones de coordinación entre los distintos empleadores de las actividades preventivas, a fin de garantizar a todos los trabajadores condiciones de higiene y seguridad adecuadas. Asimismo, se contemplarán en dicho reglamento los mecanismos para verificar su cumplimiento por parte de la empresa mandante y las sanciones aplicables. Asimismo, corresponderá al mandante, velar por la constitución y funcionamiento de un Comité Paritario de Higiene y Seguridad y un Departamento de Prevención de Riesgos para tales faenas, aplicándose a su respecto para calcular el número de trabajadores exigidos por los incisos primero y cuarto, del artículo 66, respectivamente, la totalidad de los trabajadores que prestan servicios en un mismo lugar de trabajo, cualquiera sea su dependencia. Los requisitos para la constitución y funcionamiento de los mismos serán determinados por el reglamento que dictará el Ministerio del Trabajo y Previsión Social. Para la implementación de este sistema de gestión, la empresa principal deberá confeccionar un reglamento especial para empresas contratistas y subcontratistas, en el que se establezca como mínimo las acciones de coordinación entre los distintos empleadores de las actividades preventivas, a fin de garantizar a todos los trabajadores condiciones de higiene y seguridad adecuadas. Asimismo, se contemplarán en dicho reglamento los mecanismos para verificar su cumplimiento por parte de la empresa mandante y las sanciones aplicables. Asimismo, corresponderá al mandante, velar por la constitución y funcionamiento de un Comité Paritario de Higiene y Seguridad y un Departamento de Prevención de Riesgos para tales faenas, aplicándose a su respecto para calcular el número de trabajadores exigidos por los incisos primero y cuarto, del artículo 66, respectivamente, la totalidad de los trabajadores que prestan servicios en un mismo lugar de trabajo, cualquiera sea su dependencia. Los requisitos para la constitución y funcionamiento de los mismos serán determinados por el reglamento que dictará el Ministerio del Trabajo y Previsión Social. Artículo primero transitorio.- Las empresas que a la fecha de publicación de la presente ley, desarrollen actividades reguladas por la misma, deberán presentar su solicitud de inscripción, dentro del plazo de 180 días a contar de su vigencia. Artículo segundo transitorio.- Esta ley entrará en vigencia 90 días después de la fecha de su publicación.”. Habiéndose cumplido con lo establecido en el Nº 1º del Artículo 93 de la Constitución Política de la República y por cuanto he tenido a bien aprobarlo y sancionarlo; por tanto promúlguese y llévese a efecto como Ley de la República. | F19: Reglamento Especial para Empresas Contratistas y Subcontratistas | G19: Soporte Operativo | H19: 1 | M19: N/A
F20: Porcentaje total de cumplimiento | H20: =AVERAGE(H4:H19) -> 1

Sheet Ley 20.105
B3: Ítem | C3: Normativa /Titulo | D3: Art. Aplicable | E3: Descripción | F3: Evidencia Cumplimiento | G3: Responsable de Cumplimiento | H3: Resultado de evaluación No Cumple 0% Cumple 100% En implementación 50% | I3: Brecha Evidenciada | J3: Plan de Acción de Brechas de Incumplimiento | K3: Responsable | L3: Plazo | M3: Resultado de evaluación No Cumple 0% Cumple 100% En implementación 50% | N3: Nueva acción Correctiva
B4: 1 | C4: Ley 20.105 "MODIFICA LA LEY Nº 19.419, EN MATERIAS RELATIVAS A LA PUBLICIDAD Y EL CONSUMO DEL TABACO" | D4: Art. 10 | E4: Se prohíbe fumar en los siguientes lugares, incluyendo sus patios y espacios al aire libre interiores: a) establecimientos de educación pre básica, básica y media; b) recintos donde se expenda combustibles; c) aquéllos en que se fabriquen, procesen, depositen o manipulen explosivos, materiales inflamables, medicamentos o alimentos; d) medios de transporte de uso público o colectivo; e) ascensores. | F4: RIOHS | G4: Operación | H4: 1 | M4: N/A
F7: Porcentaje total de cumplimiento | H7: 1

Sheet Ley 20.096
B3: Ítem | C3: Normativa /Titulo | D3: Art. Aplicable | E3: Descripción | F3: Evidencia Cumplimiento | G3: Responsable de Cumplimiento | H3: Resultado de evaluación No Cumple 0% Cumple 100% En implementación 50% | I3: Brecha Evidenciada | J3: Plan de Acción de Brechas de Incumplimiento | K3: Responsable | L3: Plazo | M3: Resultado de evaluación No Cumple 0% Cumple 100% En implementación 50% | N3: Nueva acción Correctiva
B4: 1 | C4: Ley 20.096 ESTABLECE MEC. DE CONTROL APLICABLES A LAS SUST. AGOTADORAS DE LA CAPA DE OZONO | D4: Art. 19° | E4: Sin perjuicio de las obligaciones establecidas en los artículos 184 del Código del Trabajo y 67 de la ley Nº 16.744, los empleadores deberán adoptar las medidas necesarias para proteger eficazmente a los trabajadores cuando puedan estar expuestos a radiación ultravioleta. Para estos efectos, los contratos de trabajo o reglamentos internos de las empresas, según el caso, deberán especificar el uso de los elementos protectores correspondientes, de conformidad con las disposiciones del Reglamento sobre Condiciones Sanitarias y Ambientales Básicas en los Lugares de Trabajo. | F4: RIOHS Dispensadores de agua Aplicación protocolo Uva Entrega de protector solar Legionarios Gafas para sol | G4: PREVENCION DE RIESGOS | H4: 1 | M4: N/A
B5: 2 | C5: Ley 20.096 ESTABLECE MEC. DE CONTROL APLICABLES A LAS SUST. AGOTADORAS DE LA CAPA DE OZONO | D5: Art. 21° | E5: Los bloqueadores, anteojos y otros dispositivos o productos protectores de la quemadura solar, deberán llevar indicaciones que señalen el factor de protección relativo a la equivalencia del tiempo de exposición a la radiación ultravioleta sin protector, indicando su efectividad ante diferentes grados de deterioro de la capa de ozono. Corresponderá al Servicio Nacional del Consumidor velar por el cumplimiento de la obligación establecida en este artículo, y su infracción será sancionada conforme a la ley N° 19.496, sobre Protección de los Derechos de los Consumidores. | F5: RIOHS Dispensadores de agua Aplicación protocolo Uva Entrega de protector solar Legionarios Gafas para sol | G5: PREVENCION DE RIESGOS | H5: 1 | M5: N/A
F6: Porcentaje total de cumplimiento | H6: =AVERAGE(H4:H5) -> 1

Sheet Ley 20.005
B3: Ítem | C3: Normativa /Titulo | D3: Art. Aplicable | E3: Descripción | F3: Evidencia Cumplimiento | G3: Responsable de Cumplimiento | H3: Resultado de evaluación No Cumple 0% Cumple 100% En implementación 50% | I3: Brecha Evidenciada | J3: Plan de Acción de Brechas de Incumplimiento | K3: Responsable | L3: Plazo | M3: Resultado de evaluación No Cumple 0% Cumple 100% En implementación 50% | N3: Nueva acción Correctiva
B4: 1 | C4: Ley 20.005 Tipifica y sanciona el acoso sexual | D4: Art. 2 | E4: Las relaciones laborales deberán siempre fundarse en un trato compatible con la dignidad de la persona. Es contrario a ella, entre otras conductas, el acoso sexual, entendiéndose por tal el que una persona realice en forma indebida, por cualquier medio, requerimientos de carácter sexual, no consentidos por quien los recibe y que amenacen o perjudiquen su situación laboral o sus oportunidades en el empleo. | F4: RIOHS Y CÓDIGO DE ÉTICA | G4: RRHH | H4: 1 | M4: N/A
B5: 2 | C5: Ley 20.005 Tipifica y sanciona el acoso sexual | D5: Art. 153 | E5: Especialmente, se deberán estipular las normas que se deben observar para garantizar un ambiente laboral digno y de mutuo respeto entre los trabajadores. | F5: RIOHS Y CÓDIGO DE ÉTICA | G5: RRHH | H5: 1 | M5: N/A
B6: 3 | C6: Ley 20.005 Tipifica y sanciona el acoso sexual | D6: Art. 211 A | E6: En caso de acoso sexual, la persona afectada deberá hacer llegar su reclamo por escrito a la dirección de la empresa, establecimiento o servicio o a la respectiva Inspección del Trabajo. | F6: RIOHS Y CÓDIGO DE ÉTICA | G6: RRHH | H6: 1 | M6: N/A
B7: 4 | C7: Ley 20.005 Tipifica y sanciona el acoso sexual | D7: Art. 211 B | E7: Recibida la denuncia, el empleador deberá adoptar las medidas de resguardo necesarias respecto de los involucrados, tales como la separación de los espacios físicos o la redistribución del tiempo de jornada, considerando la gravedad de los hechos imputados y las posibilidades derivadas de las condiciones de trabajo. En caso que la denuncia sea realizada ante la Inspección del Trabajo, ésta sugerirá a la brevedad la adopción de aquellas medidas al empleador. | F7: RIOHS Y CÓDIGO DE ÉTICA | G7: RRHH | H7: 1 | M7: N/A
B8: 5 | C8: Ley 20.005 Tipifica y sanciona el acoso sexual | D8: Art. 211 C | E8: El empleador dispondrá la realización de una investigación interna de los hechos o, en el plazo de cinco días, remitirá los antecedentes a la Inspección del Trabajo respectiva. En cualquier caso la investigación deberá concluirse en el plazo de treinta días. Si se optare por una investigación interna, ésta deberá constar por escrito, ser llevada en estricta reserva, garantizando que ambas partes sean oídas y puedan fundamentar sus dichos, y las conclusiones deberán enviarse a la Inspección del Trabajo respectiva. | F8: RIOHS Y CÓDIGO DE ÉTICA | G8: RRHH | H8: 1 | M8: N/A
B9: 6 | C9: Ley 20.005 Tipifica y sanciona el acoso sexual | D9: Art. 211 D | E9: Las conclusiones de la investigación realizada por la Inspección del Trabajo o las observaciones de ésta a aquélla practicada en forma interna, serán puestas en conocimiento del empleador, el denunciante y el denunciado | F9: RIOHS Y CÓDIGO DE ÉTICA | G9: RRHH | H9: 1 | M9: N/A
B10: 7 | C10: Ley 20.005 Tipifica y sanciona el acoso sexual | D10: Art. 211 E | E10: En conformidad al mérito del informe, el empleador deberá, dentro de los siguientes quince días, contados desde la recepción del mismo, disponer y aplicar las medidas o sanciones que correspondan. | F10: RIOHS Y CÓDIGO DE ÉTICA | G10: RRHH | H10: 1 | M10: N/A
F11: Porcentaje total de cumplimiento | H11: =AVERAGE(H4:H10) -> 1

Sheet Ley 19.518
B3: Ítem | C3: Normativa /Titulo | D3: Art. Aplicable | E3: Descripción | F3: Evidencia Cumplimiento | G3: Responsable de Cumplimiento | H3: Resultado de evaluación No Cumple 0% Cumple 100% En implementación 50% | I3: Brecha Evidenciada | J3: Plan de Acción de Brechas de Incumplimiento | K3: Responsable | L3: Plazo | M3: Resultado de evaluación No Cumple 0% Cumple 100% En implementación 50% | N3: Nueva acción Correctiva
B4: 1 | C4: Ley 19.518 Fija nuevos estatutos de capacitación y empleos | D4: Art. 13 | E4: Las empresas podrán constituir un comité bipartito de capacitación. Ello será obligatorio en aquellas empresas cuya dotación de personal sea igual o superior a 15 trabajadores. Las funciones del comité serán acordar y evaluar el o los programas de capacitación ocupacional de la empresa, así como asesorar a la dirección de la misma en materias de capacitación. | F4: Funcionamiento de Comité Bipartito de capacitación Ocupacional | G4: RRHH | H4: 0 | I4: Funcionamiento de Comité Bipartito de capacitación Ocupacional | J4: Obtener acta de constitución | K4: RRHH | L4: 45839 | M4: 0
B5: 2 | C5: Ley 19.518 Fija nuevos estatutos de capacitación y empleos | D5: Art. 15 | E5: El programa de capacitación contendrá a lo menos las siguientes menciones: a) las áreas de la empresa para las cuales se desarrollarán ac­tividades de capacitación, y el objetivo de dichas actividades. b) el número y características de los trabajadores que partici­parán en las actividades de capacitación, y c) la época del año en que se ejecutarán las referidas acciones. | F5: Programa de capacitación | G5: RRHH | H5: 0 | I5: Programa de capacitación | J5: Obtener Programa de capacitación | K5: RRHH | L5: 45839 | M5: 0
B6: 3 | C6: Ley 19.518 Fija nuevos estatutos de capacitación y empleos | D6: Art. 16 | E6: El comité bipartito estará constituido por tres representantes del empleador y tres de los trabajadores. El comité se reunirá a requerimiento de a lo menos cuatro de sus integrantes. El comité adoptará sus decisiones con el acuerdo de la mayoría de los representantes de ambos estamentos, y se formali­zarán para los efectos del artículo 14 de esta ley en un programa de capacitación. | F6: Registro de constitución de comité bipartito | G6: RRHH | H6: 0 | I6: Registro de constitución de comité bipartito | J6: Obtener Registro de constitución de comité bipartito | K6: RRHH | L6: 45839 | M6: 0
B7: 4 | C7: Ley 19.518 Fija nuevos estatutos de capacitación y empleos | D7: Art. 17 | E7: La administración de la empresa podrá designar a sus representantes de entre su personal calificado, debiendo al menos uno de ellos tener la calidad de personal superior de la misma. En todo caso, se presume de derecho que el personal designado por la administración de la empresa cuenta con las facultades suficientes para representarla en el comité bipartito de capacitación. Los trabajadores designarán a sus representantes conforme a las siguientes reglas: a) Los trabajadores sindicalizados de la empresa designarán tres representantes en el comité, si el conjunto de los afiliados al o los sindicatos representa más del setenta y cinco por ciento de los trabajadores de la empresa; designarán dos representantes, si el conjunto de afiliados representa entre el setenta y cinco y el cincuenta por ciento, y, designarán uno, si repre­senta menos del cincuenta por ciento y más del veinticinco por ciento del total de trabajadores de la empresa. Se entenderá por trabajadores sindicalizados los afiliados a un sindicato de empresa, interpresa, o a uno de trabajadores eventuales o transitorios. b) A su vez, los trabajadores no sindicalizados tendrán derecho a un representante si los trabajadores sindicalizados pueden designar dos miembros; tendrán derecho a dos si los trabajadores sindicalizados pueden designar sólo a uno de los miembros del comité, y, a tres, en el caso que los trabajadores sindicalizados representen menos del veinticinco por ciento de los trabajadores de la empresa, o no existiere sindicato en ella. Los trabajadores no afiliados a sindicato elegirán a sus representantes para los cupos que les correspondan, en elección especialmente celebrada para tal efecto. Con todo, para nombrar los representantes a que tienen derecho, el número de votantes efectivos deberá alcanzar igual quórum al exigido a los trabajadores sindicalizados para nombrar uno, dos o tres representantes respectivamente. En el evento que aplicadas las reglas anteriores resultare uno o más cargos sin elegir, por no cumplirse los quórum de votación señalados, dichos representantes serán elegidos en una votación en la que podrán participar todos los trabajadores de la empresa. Resultarán electos quienes obtengan las respectivas mayorías, sin importar el número de votantes efectivos. Los representantes de los trabajadores en el comité deberán ser empleados de la respectiva empresa. | F7: Designación de comité bipartito | G7: RRHH | H7: 0 | I7: Designación de comité bipartito | J7: Obtener ddesignaciones del comité | K7: RRHH | L7: 45839 | M7: 0
B8: 5 | C8: Ley 19.518 Fija nuevos estatutos de capacitación y empleos | D8: Art. 33 | E8: Los trabajadores beneficiarios de estas acciones mantendrán íntegramente sus remuneraciones, cualquiera que fuere la modificación de sus jornadas de trabajo. No obstante, las horas extraordinarias destinadas a capacitación no darán derecho a remuneración. | F8: Registro de acuerdo | G8: RRHH | H8: 0 | I8: Registro de acuerdo | J8: Obtener Registro de acuerdo | K8: RRHH | L8: 45839 | M8: 0
B9: 6 | C9: Ley 19.518 Fija nuevos estatutos de capacitación y empleos | D9: art. 37 | E9: Con todo, las empresas deberán contribuir con: a) El cincuenta por ciento de los gastos de capacitación, cuando ésta fuere impartida a trabajadores cuyas remuneraciones individuales mensuales excedan las 25 unidades tributarias mensuales y no superen las 50, y b) El ochenta y cinco por ciento de los gastos de capacitación, cuando ésta fuere impartida a trabajadores cuyas remuneraciones individuales mensuales superen las 50 unidades tributarias mensuales. Lo anterior se considerará para efectos de determinar el gasto imputable a que se refiere el artículo 39 de la presente ley. | F9: Cumplimiento de la empresa | G9: RRHH | H9: 0 | I9: Cumplimiento de la empresa | J9: Oemprtenear dcumplimieones del la | K9: RRHH | L9: 45839 | M9: 0
B10: 7 | C10: Ley 19.518 Fija nuevos estatutos de capacitación y empleos | D10: Art. 41 | E10: El pago de las remuneraciones de los trabaja­dores por el tiempo que éstos destinen a su capacitación no podrá imputarse al costo de la misma, pero se estimará como gasto necesario para producir la renta, de acuerdo a las normas establecidas en la Ley sobre Impuesto a la Renta. | F10: Acuerdo de cumplimiento | G10: RRHH | H10: 0 | I10: Acuerdo de cumplimiento | J10: Obtener Acuerdo de cumplimiento | K10: RRHH | L10: 45839 | M10: 0
F11: Porcentaje total de cumplimiento | H11: =AVERAGE(H4:H7) -> 0 | J11: Porcentaje final | M11: =AVERAGE(M4:M10) -> 0

Sheet Ley 19.628
B3: Ítem | C3: Normativa /Titulo | D3: Art. Aplicable | E3: Descripción | F3: Evidencia Cumplimiento | G3: Responsable de Cumplimiento | H3: Resultado de evaluación No Cumple 0% Cumple 100% En implementación 50% | I3: Brecha Evidenciada | J3: Plan de Acción de Brechas de Incumplimiento | K3: Responsable | L3: Plazo | M3: Resultado de evaluación No Cumple 0% Cumple 100% En implementación 50% | N3: Nueva acción Correctiva
B4: 1 | C4: Ley 19628 SOBRE PROTECCION DE LA VIDA PRIVADA | D4: Art. 3 | E4: En toda recolección de datos personales que se realice a través de encuestas, estudios de mercado o sondeos de opinión pública u otros instrumentos semejantes, sin perjuicio de los demás derechos y obligaciones que esta ley regula, se deberá informar a las personas del carácter obligatorio o facultativo de las respuestas y el propósito para el cual se está solicitando la información. La comunicación de sus resultados debe omitir las señas que puedan permitir la identificación de las personas consultadas. | F4: RIOHS | G4: RRHH | H4: 1 | M4: N/A
B5: 2 | C5: Ley 19628 SOBRE PROTECCION DE LA VIDA PRIVADA | D5: Art. 13 | E5: El derecho de las personas a la información, modificación, cancelación o bloqueo de sus datos personales no puede ser limitado por medio de ningún acto o convención. | F5: RIOHS | G5: RRHH | H5: 1 | M5: N/A
F6: Porcentaje total de cumplimiento | H6: =AVERAGE(H4:H5) -> 1

Sheet Ley 16.744
B3: Ítem | C3: Normativa /Titulo | D3: Art. Aplicable | E3: Descripción | F3: Evidencia Cumplimiento | G3: Responsable de Cumplimiento | H3: Resultado de evaluación No Cumple 0% Cumple 100% En implementación 50% | I3: Brecha Evidenciada | J3: Plan de Acción de Brechas de Incumplimiento | K3: Responsable | L3: Plazo | M3: Resultado de evaluación No Cumple 0% Cumple 100% En implementación 50% | N3: Nueva acción Correctiva
B4: 1 | C4: Ley 16.744 NORMAS SOBRE ACCIDENTES DEL TRABAJO Y ENFERMEDADES PROFESIONALES | D4: Art. 2 | E4: Estarán sujetas, obligatoriamente, a este seguro, las siguientes personas: a) Todos los trabajadores por cuenta ajena, cualesquiera que sean las labores que ejecuten, sean ellas manuales o intelectuales, o cualquiera que sea la naturaleza de la empresa, institución, servicio o persona para quien trabajen; incluso los servidores domésticos y los aprendices. | F4: Pago de cotizaciones mensuales. | G4: PREVENCION DE RIESGOS | H4: 1 | M4: N/A
B5: 2 | C5: Ley 16.744 NORMAS SOBRE ACCIDENTES DEL TRABAJO Y ENFERMEDADES PROFESIONALES | D5: Art. 3 | E5: Estarán protegidos también, todos los estudiantes por los accidentes que sufran a causa o con ocasión de sus estudios o en la realización de su práctica profesional. Para estos efectos se entenderá por estudiantes a los alumnos de cualquiera de los niveles o cursos de los establecimientos educacionales reconocidos oficialmente de acuerdo a lo establecido en la ley Nº 18.962, Orgánica Constitucional de Enseñanza. | F5: Pago de cotizaciones mensuales. | G5: PREVENCION DE RIESGOS | H5: 1 | M5: N/A
B6: 3 | C6: Ley 16.744 NORMAS SOBRE ACCIDENTES DEL TRABAJO Y ENFERMEDADES PROFESIONALES | D6: Art.4 | E6: Para los efectos de este seguro, todos los empleadores se entenderán afiliados al Instituto de Seguridad Laboral respecto de la totalidad de sus trabajadores, salvo que se adhieran a alguna mutualidad de empleadores. | F6: Pago de cotizaciones mensuales. | G6: PREVENCION DE RIESGOS | H6: 1 | M6: N/A
B7: 4 | C7: Ley 16.744 NORMAS SOBRE ACCIDENTES DEL TRABAJO Y ENFERMEDADES PROFESIONALES | D7: Art. 5 | E7: Para los efectos de esta ley se entiende por accidente del trabajo toda lesión que una persona sufra a causa o con ocasión del trabajo, y que le produzca incapacidad o muerte. Son también accidentes del trabajo los ocurridos en el trayecto directo, de ida o regreso, entre la habitación y el lugar del trabajo, y aquéllos que ocurran en el trayecto directo entre dos lugares de trabajo, aunque correspondan a distintos empleadores. En este último caso, se considerará que el accidente dice relación con el trabajo al que se dirigía el trabajador al ocurrir el siniestro. Se considerarán también accidentes del trabajo los sufridos por dirigentes de instituciones sindicales a causa o con ocasión del desempeño de sus cometidos gremiales. Exceptúense los accidentes debidos a fuerza mayor extraña que no tenga relación alguna con el trabajo y los producidos intencionalmente por la víctima. La prueba de las excepciones corresponderá al organismo administrador. | F7: RIOHS | G7: PREVENCION DE RIESGOS | H7: 1 | M7: N/A
B8: 5 | C8: Ley 16.744 NORMAS SOBRE ACCIDENTES DEL TRABAJO Y ENFERMEDADES PROFESIONALES | D8: Art. 7 | E8: Es enfermedad profesional la causada de una manera directa por el ejercicio de la profesión o el trabajo que realice una persona y que le produzca incapacidad o muerte. El Reglamento enumerará las enfermedades que deberán considerarse como profesionales. Esta enumeración deberá revisarse, por lo menos, cada tres años. | F8: RIOHS | G8: PREVENCION DE RIESGOS | H8: 1 | M8: N/A
B9: 6 | C9: Ley 16.744 NORMAS SOBRE ACCIDENTES DEL TRABAJO Y ENFERMEDADES PROFESIONALES | D9: Art. 29 | E9: La víctima de un accidente del trabajo o enfermedad profesional tendrá derecho a las siguientes prestaciones, que se otorgarán gratuitamente hasta su curación completa o mientras subsistan los síntomas de las secuelas causadas por la enfermedad o accidente: a) Atención médica, quirúrgica y dental en establecimientos externos o a domicilio; b) Hospitalización si fuere necesario, a juicio del facultativo tratante; c) Medicamentos y productos farmacéuticos; d) Prótesis y aparatos ortopédicos y su reparación; e) Rehabilitación física y reeducación profesional, y f) Los gastos de traslado y cualquier otro que sea necesario para el otorgamiento de estas prestaciones. También tendrán derecho a estas prestaciones médicas los asegurados que se encuentren en la situación a que se refiere el inciso final del artículo 5° de la presente ley. | F9: Certificado de afiliación a Mutualidad | G9: PREVENCION DE RIESGOS | H9: 1 | M9: N/A
B10: 7 | C10: Ley 16.744 NORMAS SOBRE ACCIDENTES DEL TRABAJO Y ENFERMEDADES PROFESIONALES | D10: Art, 66 | E10: En toda industria o faena en que trabajen más de 25 personas deberán funcionar uno o más Comités Paritarios de Higiene y Seguridad, que tendrán las siguientes funciones: 1.- Asesorar e instruir a los trabajadores para la correcta utilización de los instrumentos de protección; 2.- Vigilar el cumplimiento, tanto por parte de las empresas como de los trabajadores, de las medidas de prevención, higiene y seguridad. 3.- Investigar las causas de los accidentes del trabajo y enfermedades profesionales, que se produzcan en la empresa y de cualquiera otra afección que afecte en forma reiterada o general a los trabajadores y sea presumible que tenga su origen en la utilización de productos fitosanitarios, químicos o nocivos para la salud; 4.- Indicar la adopción de todas las medidas de higiene y seguridad, que sirvan para la prevención de los riesgos profesionales; 5.- Cumplir las demás funciones o misiones que le encomiende el organismo administrador respectivo | F10: Acta de constitución de Comité Paritario y Actas de Reunión. | G10: PREVENCION DE RIESGOS | H10: 1 | M10: N/A
B11: 8 | C11: Ley 16.744 NORMAS SOBRE ACCIDENTES DEL TRABAJO Y ENFERMEDADES PROFESIONALES | D11: Art. 67 | E11: Las empresas o entidades estarán obligadas a mantener al día los reglamentos internos de higiene y seguridad en el trabajo y los trabajadores a cumplir con las exigencias que dichos reglamentos les impongan. Los reglamentos deberán consultar la aplicación de multas a los trabajadores que no utilicen los elementos de protección personal que se les haya proporcionado o que no cumplan las obligaciones que les impongan las normas, reglamentaciones o instrucciones sobre higiene y seguridad en el trabajo. La aplicación de tales multas se regirá por lo dispuesto en el Párrafo I del Título III del Libro I del Código del Trabajo. | F11: RIOHS | G11: RRHH | H11: 1 | M11: N/A
B12: 9 | C12: Ley 16.744 NORMAS SOBRE ACCIDENTES DEL TRABAJO Y ENFERMEDADES PROFESIONALES | D12: Art. 68 | E12: Las empresas o entidades deberán implantar todas las medidas de higiene y seguridad en el trabajo que les prescriban directamente el Servicio Nacional de Salud o, en su caso, el respectivo organismo administrador a que se encuentren afectas, el que deberá indicarlas de acuerdo con las normas y reglamentaciones vigentes. Asimismo, las empresas deberán proporcionar a sus trabajadores, los equipos e implementos de protección necesarios, no pudiendo en caso alguno cobrarles su valor. Si no dieren cumplimiento a esta obligación serán sancionados en la forma que preceptúa el inciso anterior. | F12: Informe de Control de cumplimiento por parte de la Mutualidad | G12: PREVENCION DE RIESGOS | H12: 1 | M12: N/A
B13: 10 | C13: Ley 16.744 NORMAS SOBRE ACCIDENTES DEL TRABAJO Y ENFERMEDADES PROFESIONALES | D13: Art. 70 | E13: Si el accidente o enfermedad ocurre debido a negligencia inexcusable de un trabajador se le deberá aplicar una multa, de acuerdo con lo preceptuado en el artículo 68°, aún en el caso de que él mismo hubiere sido víctima del accidente. Corresponderá al Comité Paritario de Higiene y Seguridad decidir si medió negligencia inexcusable. | F13: RIOHS | G13: RRHH | H13: 1 | M13: N/A
B14: 11 | C14: Ley 16.744 NORMAS SOBRE ACCIDENTES DEL TRABAJO Y ENFERMEDADES PROFESIONALES | D14: Art. 76 | E14: La entidad empleadora deberá denunciar al organismo administrador respectivo, inmediatamente de producido, todo accidente o enfermedad que pueda ocasionar incapacidad para el trabajo o la muerte de la víctima. El accidentado o enfermo, o sus derecho-habientes, o el médico que trató o diagnosticó la lesión o enfermedad, como igualmente el Comité Paritario de Seguridad, tendrán también, la obligación de denunciar el hecho en dicho organismo administrador, en el caso de que la entidad empleadora no hubiere realizado la denuncia. Sin perjuicio de lo dispuesto en los incisos precedentes, en caso de accidentes del trabajo fatales y graves, el empleador deberá informar inmediatamente a la Inspección del Trabajo y a la Secretaría Regional Ministerial de Salud que corresponda, acerca de la ocurrencia de cualquiera de estos hechos. En estos mismos casos el empleador deberá suspender de forma inmediata las faenas afectadas y, de ser necesario, permitir a los trabajadores la evacuación del lugar de trabajo. La reanudación de faenas sólo podrá efectuarse cuando, previa fiscalización del organismo fiscalizador, se verifique que se han subsanado las deficiencias constatadas. | F14: DIEP | G14: PREVENCION DE RIESGOS | H14: 1 | M14: N/A
B15: 12 | C15: Ley 16.744 NORMAS SOBRE ACCIDENTES DEL TRABAJO Y ENFERMEDADES PROFESIONALES | D15: Art. 77 | E15: Los afiliados o sus derecho-habientes, así como también los organismos administradores podrán reclamar dentro del plazo de 90 días hábiles ante la Comisión Médica de Reclamos de Accidentes del Trabajo y Enfermedades Profesionales, de las decisiones de los Servicios de Salud o de las Mutualidades en su caso recaídas en cuestiones de hecho que se refieran a materias de orden médico. | F15: RIOHS | G15: PREVENCION DE RIESGOS | H15: 1 | M15: N/A
B16: 13 | C16: Ley 16.744 NORMAS SOBRE ACCIDENTES DEL TRABAJO Y ENFERMEDADES PROFESIONALES | D16: Art. 77 Bis | E16: El trabajador afectado por el rechazo de una licencia o de un reposo médico por parte de los organismos de los Servicios de Salud, de las Instituciones de Salud Previsional o de las Mutualidades de Empleadores, basado en que la afección invocada tiene o no tiene origen profesional, según el caso, deberá concurrir ante el organismo de régimen previsional a que esté afiliado, que no sea el que rechazó la licencia o el reposo médico, el cual estará obligado a cursarla de inmediato y a otorgar las prestaciones médicas o pecuniarias que correspondan, sin perjuicio de los reclamos posteriores y reembolsos, si procedieren, que establece este artículo. | F16: RIOHS | G16: PREVENCION DE RIESGOS | H16: 1 | M16: N/A
F17: Porcentaje total de cumplimiento | H17: =AVERAGE(H4:H14) -> 1

Sheet D.S 594
B3: Ítem | C3: Normativa /Titulo | D3: Art. Aplicable | E3: Descripción | F3: Evidencia Cumplimiento | G3: Responsable de Cumplimiento | H3: Resultado de evaluación No Cumple 0% Cumple 100% En implementación 50% | I3: Brecha Evidenciada | J3: Plan de Acción de Brechas de Incumplimiento | K3: Responsable | L3: Plazo | M3: Resultado de evaluación No Cumple 0% Cumple 100% En implementación 50% | N3: Nueva acción Correctiva
B4: 1 | C4: D.S 594 APRUEBA REGLAMENTO SOBRE CONDICIONES SANITARIAS Y AMBIENTALES BASICAS EN LOS LUGARES DE TRABAJO MINISTERIO DE SALUD | D4: Art. 3 | E4: La empresa está obligada a mantener en los lugares de trabajo las condiciones sanitarias y ambientales necesarias para proteger la vida y la salud de los trabajadores que en ellos se desempeñan, sean éstos dependientes directos suyos o lo sean de terceros contratistas que realizan actividades para ella. | F4: Mantención de condiciones de trabajo sanitarias y ambientales | G4: Prevención de Riesgos | H4: 1 | M4: N/A
B5: 2 | C5: D.S 594 APRUEBA REGLAMENTO SOBRE CONDICIONES SANITARIAS Y AMBIENTALES BASICAS EN LOS LUGARES DE TRABAJO MINISTERIO DE SALUD | D5: Art. 4° | E5: La construcción, reconstrucción, alteración, modificación y reparación de los establecimientos y locales de trabajo en general, se regirán por la Ordenanza General de Urbanismo y Construcciones vigente | F5: Permisos de edificación Recepción municipal Estudios declaraciones de impacto ambiental (según corresponda) | G5: Remodelaciones Prevención de Riesgos | H5: 1 | M5: N/A
B6: 3 | C6: D.S 594 APRUEBA REGLAMENTO SOBRE CONDICIONES SANITARIAS Y AMBIENTALES BASICAS EN LOS LUGARES DE TRABAJO MINISTERIO DE SALUD | D6: Art. 5° | E6: Los pavimentos y revestimientos de los pisos serán, en general, sólidos y no resbaladizos. En aquellos lugares de trabajo donde se almacenen, fabriquen o manipulen productos tóxicos o corrosivos, de cualquier naturaleza, los pisos deberán ser de material resistente a éstos, impermeables y no porosos, de tal manera que faciliten una limpieza oportuna y completa. Cuando las operaciones o el proceso expongan a la humedad del piso, existirán sistemas de drenaje u otros dispositivos que protejan a las personas contra la humedad. Para el efectos del presente reglamento se entenderá por sustancias tóxicas, corrosivas, peligrosas, infecciosas, radiactivas, venenosas, explosivas o inflamables a aquellas definidas en la Norma Oficial NCh 382.OF.98. | F6: Condiciones de pisos y revestimientos sólidos y no resbaladizos, resistentes (según aplique) | G6: Remodelaciones Prevención de Riesgos | H6: 1 | M6: N/A
B7: 4 | C7: D.S 594 APRUEBA REGLAMENTO SOBRE CONDICIONES SANITARIAS Y AMBIENTALES BASICAS EN LOS LUGARES DE TRABAJO MINISTERIO DE SALUD | D7: Art. 6° | E7: Las paredes interiores de los lugares de trabajo, los cielos rasos, puertas y ventanas y demás elementos estructurales, serán mantenidos en buen estado de limpieza y conservación, y serán pintados, cuando el caso lo requiera, de acuerdo a la naturaleza de las labores que se ejecutan. | F7: Condiciones de paredes, cielos, puertas y ventanas en buen estado de mantenimiento | G7: Remodelaciones Prevención de Riesgos | H7: 1 | M7: N/A
B8: 5 | C8: D.S 594 APRUEBA REGLAMENTO SOBRE CONDICIONES SANITARIAS Y AMBIENTALES BASICAS EN LOS LUGARES DE TRABAJO MINISTERIO DE SALUD | D8: Art. 7° | E8: Los pisos de los lugares de trabajo, así como los pasillos de tránsito, se mantendrán libres de todo obstáculo que impida un fácil y seguro desplazamiento de los trabajadores, tanto en las tareas normales como en situaciones de emergencia. | F8: Condiciones de pisos y pasillos de libre acceso y tránsito | G8: Remodelaciones Prevención de Riesgos | H8: 1 | M8: N/A
B9: 6 | C9: D.S 594 APRUEBA REGLAMENTO SOBRE CONDICIONES SANITARIAS Y AMBIENTALES BASICAS EN LOS LUGARES DE TRABAJO MINISTERIO DE SALUD | D9: Art. 8° | E9: Los pasillos de circulación serán lo suficientemente amplios de modo que permitan el movimiento seguro del personal, tanto en sus desplazamientos habituales como para el movimiento de material, sin exponerlos a accidentes. Así también, los espacios entre máquinas por donde circulen personas no deberán ser inferiores a 150 cm. | F9: Condiciones de pisos y pasillos de libre acceso y tránsito con separación de 1,5 m | G9: Remodelaciones Prevención de Riesgos | H9: 1 | M9: N/A
B10: 7 | C10: D.S 594 APRUEBA REGLAMENTO SOBRE CONDICIONES SANITARIAS Y AMBIENTALES BASICAS EN LOS LUGARES DE TRABAJO MINISTERIO DE SALUD | D10: Art. 11° | E10: Los lugares de trabajo deberán mantenerse en buenas condiciones de orden y limpieza. Además, deberán tomarse medidas efectivas para evitar la entrada o eliminar la presencia de insectos, roedores y otras plagas de interés sanitario. | F10: Contratación de servicios de empresas encargadas de control de plagas | G10: Soporte operativo | H10: 1 | M10: N/A
B11: 8 | C11: D.S 594 APRUEBA REGLAMENTO SOBRE CONDICIONES SANITARIAS Y AMBIENTALES BASICAS EN LOS LUGARES DE TRABAJO MINISTERIO DE SALUD | D11: Art. 12° | E11: Todo lugar de trabajo deberá contar con agua potable destinada al consumo humano y necesidades básicas de higiene y aseo personal, de uso individual o colectivo. Las instalaciones, artefactos, canalizaciones y dispositivos complementarios de los servicios de agua potable deberán cumplir con las disposiciones legales vigentes sobre la materia. Las redes de distribución de aguas provenientes de abastecimientos distintos de la red pública de agua potable, deberán ser totalmente independientes de esta última, sin interconexiones de ninguna especie entre ambas. | F11: Conexión a red de agua potable | G11: Soporte operativo | H11: 1 | M11: N/A
B12: 9 | C12: D.S 594 APRUEBA REGLAMENTO SOBRE CONDICIONES SANITARIAS Y AMBIENTALES BASICAS EN LOS LUGARES DE TRABAJO MINISTERIO DE SALUD | D12: Art. 13° | E12: Cualquiera sean los sistemas de abastecimiento, el agua potable deberá cumplir con los requisitos físicos, químicos, radiactivos y bacteriológicos establecidos en la reglamentación vigente sobre la materia. | F12: Conexión a red de agua potable | G12: Soporte operativo | H12: 1 | M12: N/A
B13: 10 | C13: D.S 594 APRUEBA REGLAMENTO SOBRE CONDICIONES SANITARIAS Y AMBIENTALES BASICAS EN LOS LUGARES DE TRABAJO MINISTERIO DE SALUD | D13: Art. 16° | E13: No podrán vaciarse a la red pública de desagüe de aguas servidas, sustancias radiactivas, corrosivas, venenosas, infecciosas, explosivas o inflamables o que tengan carácter peligroso en conformidad a la legislación y reglamentación vigente. La descarga de contaminantes al sistema de alcantarillado se ceñirá a lo dispuesto en la Ley 19.300. | F13: Inexistencia de RILES de características sustancias radiactivas, corrosivas, venenosas, infecciosas, explosivas o inflamables | G13: Soporte operativo | H13: 1 | M13: N/A
B14: 11 | C14: D.S 594 APRUEBA REGLAMENTO SOBRE CONDICIONES SANITARIAS Y AMBIENTALES BASICAS EN LOS LUGARES DE TRABAJO MINISTERIO DE SALUD | D14: Art. 18° | E14: La acumulación, tratamiento y disposición final de residuos industriales dentro del predio industrial, local o lugar de trabajo, deberá contar con la autorización sanitaria. Para los efectos del presente reglamento se entenderá por residuo industrial todo aquel residuo sólido o líquido, o combinaciones de éstos, provenientes de los procesos industriales y que por sus características físicas, químicas o microbiológicas no puedan asimilarse a los residuos domésticos. | F14: Mantención de bodega de residuos (máximo 6 meses) Contratación de servicios de empresa especializada autorizada en RESPEL | G14: Soporte operativo | H14: 1 | M14: N/A
B15: 12 | C15: D.S 594 APRUEBA REGLAMENTO SOBRE CONDICIONES SANITARIAS Y AMBIENTALES BASICAS EN LOS LUGARES DE TRABAJO MINISTERIO DE SALUD | D15: Art. 19° | E15: Las empresas que realicen el tratamiento o disposición final de sus residuos industriales fuera del predio, sea directamente o a través de la contratación de terceros, deberán contar con autorización sanitaria, previo al inicio de tales actividades. (La empresa que produce los residuos industriales deberá presentar los antecedentes que acrediten que tanto el transporte, el tratamiento, como la disposición final es realizada por personas o empresas debidamente autorizadas por el Servicio de Salud correspondiente). | F15: Mantención de bodega de residuos (máximo 6 meses) Contratación de servicios de empresa especializada autorizada en RESPEL | G15: Soporte operativo | H15: 1 | M15: N/A
... B30: 27 | C30: D.S 594 APRUEBA REGLAMENTO SOBRE CONDICIONES SANITARIAS Y AMBIENTALES BASICAS EN LOS LUGARES DE TRABAJO MINISTERIO DE SALUD | D30: Art. 39° | E30: Las instalaciones eléctricas y de gas de los lugares de trabajo deberán ser construidas instaladas, protegidas y mantenidas de acuerdo a las normas establecidas por la autoridad competente. | F30: Instalaciones eléctricas aprobadas por autoridad competente y profesionales calificados | G30: Soporte operativo | H30: 1 | M30: N/A
B31: 28 | C31: D.S 594 APRUEBA REGLAMENTO SOBRE CONDICIONES SANITARIAS Y AMBIENTALES BASICAS EN LOS LUGARES DE TRABAJO MINISTERIO DE SALUD | D31: Art. 40° | E31: Se prohíbe a los trabajadores cuya labor se ejecuta cerca de maquinarias en movimiento y órganos de transmisión, el uso de ropa suelta, cabello largo y suelto, y adornos susceptibles de ser atrapados por las partes móviles. | F31: Prohibiciones en instructivos de trabajo | G31: Prevención de Riesgos | H31: 0 | I31: Falta incorporar en procedimiento la prohibición de pelo largo suelto y pulseras | J31: Actualizar procedimiento de rolleras | K31: Prevención de Riesgos | L31: 45809 | M31: 0
B32: 29 | C32: D.S 594 APRUEBA REGLAMENTO SOBRE CONDICIONES SANITARIAS Y AMBIENTALES BASICAS EN LOS LUGARES DE TRABAJO MINISTERIO DE SALUD | D32: Art. 42° | E32: El almacenamiento de materiales deberá realizarse por procedimientos y en lugares apropiados y seguros para los trabajadores. Las sustancias peligrosas deberán almacenarse sólo en recintos específicos destinados para tales efectos, en las condiciones adecuadas a las características de cada sustancia y estar identificadas de acuerdo a las normas chilenas oficiales en la materia. El empleador mantendrá disponible permanentemente en el recinto de trabajo, un plan detallado de acción para enfrentar emergencias, y una hoja de seguridad donde se incluyan, a lo menos, los siguientes antecedentes de las sustancias peligrosas: nombre comercial, fórmula química, compuesto, activo, cantidad almacenada, características físico químicas, tipo de riesgo más probable ante una emergencia, croquis de ubicación dentro del recinto donde se señalen las vías de acceso y elementos existentes para prevenir y controlar las emergencias. Las sustancias inflamables deberán almacenarse en forma independiente y separada del resto de las sustancias peligrosas, en bodegas construidas con resistencia no inferior al fuego clase a. | F32: Implementación de pallets y RAC con bandejas ante derrames Manual de SUSPEL | G32: Prevención de Riesgos | H32: 1 | M32: N/A
B33: 30 | C33: D.S 594 APRUEBA REGLAMENTO SOBRE CONDICIONES SANITARIAS Y AMBIENTALES BASICAS EN LOS LUGARES DE TRABAJO MINISTERIO DE SALUD | D33: Art. 43° | E33: Para conducir maquinarias automotrices en los lugares de trabajo, como tractores, sembradoras, cosechadoras, buldóceres, palas mecánicas, palas cargadoras, aplanadoras, grúas, motoniveladoras, retroexcavadoras, traíllas y otras similares, los trabajadores deberán poseer la licencia de conductor que exige la Ley de Tránsito. Las grúas, camiones y otros vehículos de carga y maquinaria móvil, deberán contar con alarma de retroceso de tipo sonoro. | F33: Licencia Clase D de operarios | G33: RRHH | H33: 1 | M33: N/A
B34: 31 | C34: D.S 594 APRUEBA REGLAMENTO SOBRE CONDICIONES SANITARIAS Y AMBIENTALES BASICAS EN LOS LUGARES DE TRABAJO MINISTERIO DE SALUD | D34: Art. 44° | E34: En todo lugar de trabajo deberán implementarse las medidas necesarias para la prevención de incendios con el fin de disminuir la posibilidad de inicio de un fuego, controlando las cargas combustibles y las fuentes de calor e inspeccionando las instalaciones a través de un programa preestablecido. | F34: Equipos de extinción de incendios Listados de equipos de la tienda | G34: Prevención de Riesgos Soporte operativo | H34: 1 | M34: N/A
B35: 32 | C35: D.S 594 APRUEBA REGLAMENTO SOBRE CONDICIONES SANITARIAS Y AMBIENTALES BASICAS EN LOS LUGARES DE TRABAJO MINISTERIO DE SALUD | E35: El control de las fuentes de calor deberá adoptarse en todos aquellos lugares o procesos donde se cuente con equipos e instalaciones eléctricas, maquinarias que puedan originar fricción, chispas mecánicas o de combustión y/o superficies calientes, cuidando que su diseño, ubicación, estado y condiciones de operación, esté de acuerdo a la reglamentación vigente sobre la materia. | F35: Condiciones de seguridad de equipos de corte y dimensionado | G35: Área de mantenimiento | H35: 1 | M35: N/A
B36: 33 | C36: D.S 594 APRUEBA REGLAMENTO SOBRE CONDICIONES SANITARIAS Y AMBIENTALES BASICAS EN LOS LUGARES DE TRABAJO MINISTERIO DE SALUD | E36: En áreas donde exista una gran cantidad de productos combustibles o donde se almacenen, trasvasijen o procesen sustancias inflamables o de fácil combustión, deberá establecerse una estricta prohibición de fumar y encender fuegos, debiendo existir procedimientos específicos de seguridad para la realización de labores de soldadura, corte de metales o similares. | F36: Prohibición total de fumar en dependencias RIOHS | G36: Prevención de Riesgos Soporte operativo | H36: 1 | M36: N/A
B37: 34 | C37: D.S 594 APRUEBA REGLAMENTO SOBRE CONDICIONES SANITARIAS Y AMBIENTALES BASICAS EN LOS LUGARES DE TRABAJO MINISTERIO DE SALUD | D37: Art. 45° | E37: Todo lugar de trabajo en que exista algún riesgo de incendio, ya sea por la estructura del edificio o por la naturaleza del trabajo que se realiza, deberá contar con extintores de incendio, del tipo adecuado a los materiales combustibles o inflamables que en él existan o se manipulen. | F37: Equipos de extinción de incendios Listados de equipos de la tienda | G37: Prevención de Riesgos Soporte operativo | H37: 1 | M37: N/A
B38: 35 | C38: D.S 594 APRUEBA REGLAMENTO SOBRE CONDICIONES SANITARIAS Y AMBIENTALES BASICAS EN LOS LUGARES DE TRABAJO MINISTERIO DE SALUD | E38: El número total de extintores dependerá de la superficie a proteger de acuerdo a lo señalado en el artículo 46°. Los extintores deberán cumplir con los requisitos y características que establece el decreto supremo Nº 369, de 1996, del Ministerio de Economía, Fomento y Reconstrucción, o el que lo reemplace, y en lo no previsto por éste por las normas chilenas oficiales. Además, deberán estar certificados por un laboratorio acreditado de acuerdo a lo estipulado en dicho reglamento. | F38: Distribución de equipos de extinción en conformidad a la superficie a cubrir Lista de equipos | G38: Prevención de Riesgos Soporte operativo | H38: 1 | M38: N/A
B39: 36 | C39: D.S 594 APRUEBA REGLAMENTO SOBRE CONDICIONES SANITARIAS Y AMBIENTALES BASICAS EN LOS LUGARES DE TRABAJO MINISTERIO DE SALUD | D39: Art. 46° | E39: El potencial de extinción mínimo por superficie de cubrimiento y distancia de traslado será el indicado en la siguiente tabla: | F39: Equipos de extinción de incendios en cumplimiento con normativa aplicable Certificación y mantención de equipos por parte de empresa externa. | G39: Prevención de Riesgos Soporte operativo | H39: 1 | M39: N/A
B40: 37 | C40: D.S 594 APRUEBA REGLAMENTO SOBRE CONDICIONES SANITARIAS Y AMBIENTALES BASICAS EN LOS LUGARES DE TRABAJO MINISTERIO DE SALUD | D40: Art. 47 | E40: Los extintores se ubicarán en sitios de fácil acceso y clara identificación, libres de cualquier obstáculo, y estarán en condiciones de funcionamiento máximo. Se colocarán a una altura máxima de 1,30 metros, medidos desde el suelo hasta la base del extintor y estarán debidamente señalizados. | F40: * Distribución de extintores * Programa de mantención extintores empresa externa | G40: Prevención de Riesgos Soporte operativo | H40: 1 | M40: N/A
B41: 38 | C41: D.S 594 APRUEBA REGLAMENTO SOBRE CONDICIONES SANITARIAS Y AMBIENTALES BASICAS EN LOS LUGARES DE TRABAJO MINISTERIO DE SALUD | D41: Art. 48 | E41: Todo el personal que se desempeña en un lugar de trabajo deberá ser instruido y entrenado sobre la manera de usar los extintores en caso de emergencia. | F41: Registros de Charla de uso y manejo de extintores Registros de inducción | G41: Prevención de Riesgos | H41: 1 | M41: N/A
B42: 39 | C42: D.S 594 APRUEBA REGLAMENTO SOBRE CONDICIONES SANITARIAS Y AMBIENTALES BASICAS EN LOS LUGARES DE TRABAJO MINISTERIO DE SALUD | D42: Art. 49 | E42: Los extintores que precisen estar situados a la intemperie deberán colocarse en un nicho o gabinete que permita su retiro expedito, y podrá tener una puerta de vidrio simple, fácil de romper en caso de emergencia. (Revisar tabla agentes de extinción Art. 50). | F42: Gabinete de seguridad y Programa de mantención de extintores | G42: Prevención de Riesgos | H42: 1 | M42: N/A
B43: 40 | C43: D.S 594 APRUEBA REGLAMENTO SOBRE CONDICIONES SANITARIAS Y AMBIENTALES BASICAS EN LOS LUGARES DE TRABAJO MINISTERIO DE SALUD | D43: Art. 51 | E43: Los extintores deberán ser sometidos a revisión, control y mantención preventiva según normas chilenas oficiales, realizada por el fabricante o servicio técnico, de acuerdo con lo indicado en el decreto N° 369 de 1996, del Ministerio de Economía, Fomento y Reconstrucción, por lo menos una vez al año, haciendo constar esta circunstancia en la etiqueta correspondiente, a fin de verificar sus condiciones de funcionamiento. Será responsabilidad del empleador tomar las medidas necesarias para evitar que los lugares de trabajo queden desprovistos de extintores cuando se deba proceder a dicha mantención. | F43: Programa de mantención e extintores empresa externa | G43: Prevención de Riesgos | H43: 1 | M43: N/A
B44: 41 | C44: D.S 594 APRUEBA REGLAMENTO SOBRE CONDICIONES SANITARIAS Y AMBIENTALES BASICAS EN LOS LUGARES DE TRABAJO MINISTERIO DE SALUD | D44: Art. 52 | E44: En los lugares en que se almacenen o manipulen sustancias peligrosas, la autoridad sanitaria podrá exigir un sistema automático de detección de incendios. Además, en caso de existir alto riesgo potencial, dado el volumen o naturaleza de las sustancias, podrá exigir la instalación de un sistema automático de extinción de incendios, cuyo agente de extinción sea compatible con el riesgo a proteger. | F44: Equipo automático de detección de humos | G44: Soporte operativo Prevención de Riesgos | H44: 1 | M44: N/A
B45: 42 | C45: D.S 594 APRUEBA REGLAMENTO SOBRE CONDICIONES SANITARIAS Y AMBIENTALES BASICAS EN LOS LUGARES DE TRABAJO MINISTERIO DE SALUD | D45: Art. 53 | E45: El empleador deberá proporcionar a sus trabajadores, libres de todo costo y cualquiera sea la función que éstos desempeñen en la empresa, los elementos de protección personal que cumplan con los requisitos, características y tipos que exige el riesgo a cubrir y la capacitación teórica y práctica necesaria para su correcto empleo debiendo, además, mantenerlos en perfecto estado de funcionamiento. Por su parte el trabajador deberá usarlos en forma permanente mientras se encuentre expuesto al riesgo | F45: *Registros de entrega de EPP por función y riesgo a cubrir *Registro de capacitaciones de uso | G45: Prevención de Riesgos RRHH Soporte Operativo | H45: 1 | M45: N/A
B46: 43 | C46: D.S 594 APRUEBA REGLAMENTO SOBRE CONDICIONES SANITARIAS Y AMBIENTALES BASICAS EN LOS LUGARES DE TRABAJO MINISTERIO DE SALUD | D46: Art. 54 | E46: Los elementos de protección personal usados en los lugares de trabajo, sean éstos de procedencia nacional o extranjera, deberán cumplir con las normas y exigencias de calidad que rijan a tales artículos según su naturaleza, de conformidad a lo establecido en el decreto Nº 18, de 1982, del Ministerio de Salud, sobre Certificación de Calidad de Elementos de Protección Personal contra Riesgos Ocupacionales. Sin embargo, si no fuese posible aplicar dicho procedimiento, por la inexistencia de entidades certificadoras, el Instituto de Salud Pública de Chile podrá, transitoriamente, validar la certificación de origen. | F46: Certificación de EPP | G46: Prevención de Riesgos Soporte Operativo | H46: 1 | M46: N/A
B47: 44 | C47: D.S 594 APRUEBA REGLAMENTO SOBRE CONDICIONES SANITARIAS Y AMBIENTALES BASICAS EN LOS LUGARES DE TRABAJO MINISTERIO DE SALUD | D47: Art. 57 | E47: art. 57; En el caso en que una medición representativa de las concentraciones de sustancias contaminantes existentes en el ambiente de trabajo o de la exposición a agentes físicos, demuestre que han sido sobrepasados los valores que se establecen como límites permisibles, el empleador deberá iniciar de inmediato las acciones necesarias para controlar el riesgo, sea en su origen, o bien, proporcionando protección adecuada al trabajador expuesto. En cualquier caso el empleador será responsable de evitar que los trabajadores realicen su trabajo en condiciones de riesgo para su salud. | F47: *Mediciones cualitativa/Cuantitativas *Implementación de medidas de informes de OAL *Uso de EPP específico Según aplique | G47: Prevención de Riesgos | H47: 1 | M47: N/A
B48: 45 | C48: D.S 594 APRUEBA REGLAMENTO SOBRE CONDICIONES SANITARIAS Y AMBIENTALES BASICAS EN LOS LUGARES DE TRABAJO MINISTERIO DE SALUD | D48: Art. 60 | E48: El promedio ponderado de las concentraciones ambientales de contaminantes químicos no deberá superar los límites permisibles ponderados (LPP) establecidos en el artículo 66 del presente Reglamento. Se podrán exceder momentáneamente estos límites, pero en ningún caso superar cinco veces su valor. Con todo, respecto de aquellas sustancias para las cuales se establece además un límite permisible temporal (LPT), tales excesos no podrán superar estos límites. Tanto los excesos de los límites permisibles ponderados, como la exposición a límites permisibles temporales, no podrán repetirse más de cuatro veces en la jornada diaria, ni más de una vez en una hora. | F48: *Mediciones cualitativa/Cuantitativas *Implementación de medidas de informes de OAL *Uso de EPP específico Según aplique | G48: Prevención de Riesgos | H48: 1 | M48: N/A
B49: 46 | C49: D.S 594 APRUEBA REGLAMENTO SOBRE CONDICIONES SANITARIAS Y AMBIENTALES BASICAS EN LOS LUGARES DE TRABAJO MINISTERIO DE SALUD | D49: Art. 67 | E49: Las sustancias de los artículos 61 y 66 del DS 594, que llevan calificativo ''Piel'' son aquellas que pueden ser absorbidas a través de la piel humana. Con ellas deberán adoptarse todas las medidas necesarias para impedir el contacto con la piel de los trabajadores y se extremarán las medidas de protección y de higiene personal. | F49: *Procedimientos de trabajo *Uso de EPP | G49: Prevención de Riesgos | H49: 1 | M49: N/A
B50: 47 | C50: D.S 594 APRUEBA REGLAMENTO SOBRE CONDICIONES SANITARIAS Y AMBIENTALES BASICAS EN LOS LUGARES DE TRABAJO MINISTERIO DE SALUD | D50: Art. 70 al 82 | E50: Artículos 70 al 82, tipos de ruidos expuestos en los lugares de trabajo, niveles aceptables y metodologías de medición. (consultar tablas art. 70 al 82). | F50: Implementación Protocolo PREXOR | G50: Prevención de Riesgos | H50: 0.8 | I50: Faltan incorporar a programa de vigilancia de salud a trabajadores expuestos a ruido | J50: Gestionar la incorporación a programa de vigilancia de salud a trabajadores expuestos a ruido | K50: Prevención de Riesgos | L50: 45778 | M50: 1
B51: 48 | C51: D.S 594 APRUEBA REGLAMENTO SOBRE CONDICIONES SANITARIAS Y AMBIENTALES BASICAS EN LOS LUGARES DE TRABAJO MINISTERIO DE SALUD | D51: Art. 83 al 94 | E51: Art. Del 83 al 94 Tipo de exposición a vibraciones extremidades superiores o cuerpo completo. (Consultar tablas 70 al 82). | F51: *Mediciones cualitativa/Cuantitativas *Implementación de medidas de informes de OAL *Señalética y capacitaciones *RIOHS | G51: Prevención de Riesgos | H51: 0.8 | I51: Falta incorporar en RIOHS tema de vibraciones en grúas horquilla | J51: Solicitus de incorporación en RIOHS tema de vibraciones en grúas horquilla | K51: Prevención de Riesgos | L51: 45809 | M51: 0.8
B52: 49 | C52: D.S 594 APRUEBA REGLAMENTO SOBRE CONDICIONES SANITARIAS Y AMBIENTALES BASICAS EN LOS LUGARES DE TRABAJO MINISTERIO DE SALUD | D52: Art. 103 al 106 | E52: Todo lugar de trabajo, con excepción de faenas mineras subterráneas o similares, deberá estar iluminado con luz natural o artificial que dependerá de la faena o actividad que en él se realice. | F52: Sistemas de iluminación natural o artificial Informe Mutualidad sobre iluminación | G52: Soporte Operativo | H52: 1 | M52: N/A
B53: 50 | C53: D.S 594 APRUEBA REGLAMENTO SOBRE CONDICIONES SANITARIAS Y AMBIENTALES BASICAS EN LOS LUGARES DE TRABAJO MINISTERIO DE SALUD | D53: Artículo 109 a. | E53: Se consideran expuestos a radiación UV aquellos trabajadores que ejecutan labores sometidos a radiación solar directa en días comprendidos entre el 1° de septiembre y el 31 de marzo, entre las 10.00 y las 17.00 horas, y aquellos que desempeñan funciones habituales bajo radiación UV solar directa con un índice UV igual o superior a 6, en cualquier época del año. El índice UV proyectado máximo diario debe ser corregido según las variables latitud, nubosidad, altitud y elementos reflectantes o absorbentes, según información proporcionada por la Dirección Meteorológica de Chile. | F53: Panel de Radiación UV | G53: Prevención de Riesgos | H53: 1 | M53: N/A
B54: 51 | C54: D.S 594 APRUEBA REGLAMENTO SOBRE CONDICIONES SANITARIAS Y AMBIENTALES BASICAS EN LOS LUGARES DE TRABAJO MINISTERIO DE SALUD | D54: Artículo 109 b. | E54: Los empleadores de trabajadores expuestos deben realizar la gestión del riesgo de radiación UV adoptando medidas de control adecuadas. Deberán tomar, a lo menos, las siguientes medidas: a) Informar a los trabajadores sobre los riesgos específicos de exposición laboral a radiación UV de origen solar y sus medidas de control en los siguientes términos: "La exposición excesiva y/o acumulada de radiación ultravioleta de fuentes naturales o artificiales produce efectos dañinos a corto y largo plazo, principalmente en ojos y piel que van desde quemaduras solares, queratitis actínica y alteraciones de la respuesta inmune hasta foto envejecimiento, tumores malignos de piel y cataratas a nivel ocular." b) Publicar diariamente en un lugar visible el índice UV estimado señalado por la Dirección Meteorológica de Chile y las medidas de control que se deben aplicar, incluidos los elementos de protección personal. c) Identificar los trabajadores expuestos; detectar los puestos de trabajo e individuos que requieran medidas de protección adicionales y verificar la efectividad de las medidas implementadas a su respecto. d) Las medidas específicas de control a implementar, según exposición, son las siguientes, las que deberán emplearse siguiendo las indicaciones señaladas en la Guía Técnica de Radiación UV de Origen Solar. * Ingeniería: realizar un adecuado sombraje de los lugares de trabajo para disminuir la exposición directa a la radiación UV. * Administrativas: si la labor lo permite, calendarizar faenas, horarios de colación entre 13:00 y las 15:00hrs en lugares con sombraje adecuado, rotación de puestos de trabajo con la disminución de tiempo de exposición; * Elementos de protección personal, según el grado de exposición, tales como gorros, lentes, factor de protección solar; e) Mantener un programa de instrucción teórico práctico para los trabajadores, de duración mínima de una hora cronológica semestral, sobre el riesgo y consecuencias para la salud por la exposición a radiación UV solar y medidas preventivas a considerar, entre otros. Este programa debe constar por escrito. | F54: Registro de capacitación, Panel de Radiación Uv, Planilla de identificación de puestos de trabajo y colaboradores expuestos a Radiación UV solar | G54: Prevención de riesgos | H54: 1 | M54: N/A
F55: Porcentaje total de cumplimiento | H55: =AVERAGE(H4:H54) -> 0.97254902 | I55: Porcentaje total de cumplimiento | M55: =AVERAGE(M50:M51,M31) -> 0.6

Sheet Decreto 44 E
B3: Ítem | C3: Normativa /Titulo | D3: Art. Aplicable | E3: Descripción | F3: Evidencia Cumplimiento | G3: Responsable de Cumplimiento | H3: Resultado de evaluación No Cumple 0% Cumple 100% En implementación 50% | I3: Brecha Evidenciada | J3: Plan de Acción de Brechas de Incumplimiento | K3: Responsable | L3: Plazo | M3: Resultado de evaluación No Cumple 0% Cumple 100% En implementación 50% | N3: Nueva acción Correctiva
B4: 1 | C4: Decreto 44 "APRUEBA REGLAMENTO QUE ESTABLECE REQUISITOS DE SEGURIDAD Y ROTULACIÓN DE EXTINTORES PORTÁTILES" | D4: Art. 3 | E4: La obligación de inspección, mantenimiento y recarga, en caso que corresponda según el tipo de extintor portátil de que se trate, será responsabilidad del dueño, representante u ocupante del bien en que se encuentren ubicados los extintores. | F4: Mantención de equipos extintores | G4: Soporte Operativo | H4: 1 | M4: N/A
B5: 2 | C5: Decreto 44 "APRUEBA REGLAMENTO QUE ESTABLECE REQUISITOS DE SEGURIDAD Y ROTULACIÓN DE EXTINTORES PORTÁTILES" | D5: Art. 4 al Art. 29 | E5: Cilindro Obligaciones para la Rotulación de Extintores Portátiles Requisitos de seguridad De los Servicios Técnicos | F5: En terreno | G5: Soporte Operativo / Prevención de Riesgos | H5: 1 | M5: N/A
B6: 3 | C6: Decreto 44 "APRUEBA REGLAMENTO QUE ESTABLECE REQUISITOS DE SEGURIDAD Y ROTULACIÓN DE EXTINTORES PORTÁTILES" | D6: Art. 30 | E6: Mantenimiento.- Todos los extintores portátiles, deberán ser sometidos a mantenimiento por lo menos una vez al año, en el momento de la prueba hidrostática y cuando producto de la inspección se determine que: a) las instrucciones de operación no son legibles; b) faltan los sellos de seguridad e indicadores de manipulación o están rotos; c) no está totalmente cargado (determinado mediante pesada); d) está visiblemente dañado, corroído, filtrando, o tenga la manguera deteriorada o la boquilla obstruida; e) la aguja del manómetro o del indicador, según sea el caso, no está indicando la presión de operación de trabajo o no se encuentra dentro del rango de operación; f) el dial del manómetro está descolorido y; g) en el caso de los extintores rodantes, no se mantenga el buen estado de las llantas, ruedas, carro, mangueras y boquilla. | F6: Mantención de equipos extintores | G6: Soporte Operativo | H6: 1 | M6: N/A
F7: Porcentaje total de cumplimiento | H7: =AVERAGE(H4:H6) -> 1

Sheet D.S 148
B3: Ítem | C3: Normativa /Titulo | D3: Art. Aplicable | E3: Descripción | F3: Evidencia Cumplimiento | G3: Responsable de Cumplimiento | H3: Resultado de evaluación No Cumple 0% Cumple 100% En implementación 50% | I3: Brecha Evidenciada | J3: Plan de Acción de Brechas de Incumplimiento | K3: Responsable | L3: Plazo | M3: Resultado de evaluación No Cumple 0% Cumple 100% En implementación 50% | N3: Nueva acción Correctiva
B4: 1 | C4: D.S 148 "REGLAMENTO SANITARIO SOBRE MANEJO DE RESIDUOS PELIGROSOS" | D4: Art. 1 | E4: Este Reglamento establece las condiciones sanitarias y de seguridad mínimas a que deberá someterse la generación, tenencia, almacenamiento, transporte, tratamiento, reusó, reciclaje, disposición final y otras formas de eliminación de los residuos peligrosos. | F4: Manual de RESPEL | G4: Soporte Operativo | H4: 1 | M4: N/A
B5: 2 | C5: D.S 148 "REGLAMENTO SANITARIO SOBRE MANEJO DE RESIDUOS PELIGROSOS" | D5: Art. 2 | E5: Los residuos peligrosos deberán identificarse y etiquetarse de acuerdo a la clasificación y tipo de riesgo que establece la Norma Chilena Oficial NCh 2.190 of.93.- Esta obligación será exigible desde que tales residuos se almacenen y hasta su eliminación. | F5: Manual de RESPEL | G5: Soporte Operativo | H5: 1 | M5: N/A
B6: 3 | C6: D.S 148 "REGLAMENTO SANITARIO SOBRE MANEJO DE RESIDUOS PELIGROSOS" | D6: Art. 6 | E6: Durante el manejo de los residuos peligrosos se deberán tomar todas las precauciones necesarias para prevenir su inflamación o reacción, entre ellas su separación y protección frente a cualquier fuente de riesgo capaz de provocar tales efectos. Además, durante las diferentes etapas del manejo de tales residuos, se deberán tomar todas las medidas necesarias para evitar derrames, descargas o emanaciones de sustancias peligrosas al medio ambiente. | F6: Manual de RESPEL | G6: Soporte Operativo | H6: 1 | M6: N/A
B7: 4 | C7: D.S 148 "REGLAMENTO SANITARIO SOBRE MANEJO DE RESIDUOS PELIGROSOS" | D7: Art. 7 | E7: En cualquier etapa del manejo de residuos peligrosos, queda expresamente prohibida la mezcla de éstos con residuos que no tengan ese carácter o con otras sustancias o materiales, cuando dicha mezcla tenga como fin diluir o disminuir su concentración. Si por cualquier circunstancia ello llegare a ocurrir, la mezcla completa deberá manejarse como residuo peligroso, de acuerdo a lo que establece el presente reglamento. | F7: Manual de RESPEL | G7: Soporte Operativo | H7: 1 | M7: N/A
B8: 5 | C8: D.S 148 "REGLAMENTO SANITARIO SOBRE MANEJO DE RESIDUOS PELIGROSOS" | D8: Art. 8 | E8: Los contenedores de residuos peligrosos deberán cumplir con los siguientes requisitos: a) tener un espesor adecuado y estar construidos con materiales que sean resistentes al residuo almacenado y a prueba de filtraciones, b) estar diseñados para ser capaces de resistir los esfuerzos producidos durante su manipulación, así como durante la carga y descarga y el traslado de los residuos, garantizando en todo momento que no serán derramados, c) estar en todo momento en buenas condiciones, debiéndose reemplazar todos aquellos contenedores que muestren deterioro de su capacidad de contención, d) estar rotulados indicando, en forma claramente visible, las características de peligrosidad del residuo contenido de acuerdo a la Norma Chilena NCh 2.190 Of 93, el proceso en que se originó el residuo, el código de identificación y la fecha de su ubicación en el sitio de almacenamiento. Los contenedores sólo podrán ser movidos manualmente si su peso total incluido el contenido, no excede de 30 kilogramos. Si dicho peso fuere superior, se deberán mover con equipamiento mecánico. Sólo se podrán reutilizar contenedores cuando no se trate de residuos incompatibles, a menos que hayan sido previamente descontaminados. | F8: Manual de RESPEL | G8: Soporte Operativo | H8: 1 | M8: N/A
B9: 6 | C9: D.S 148 "REGLAMENTO SANITARIO SOBRE MANEJO DE RESIDUOS PELIGROSOS" | D9: Art. 9 | E9: Sólo se podrán mezclar o poner en contacto entre sí residuos peligrosos cuando sean de naturaleza similar o compatible. Para estos efectos la "Tabla de Incompatibilidades" del artículo 87 tendrá carácter referencial. Con todo, en los procesos de eliminación podrán mezclarse residuos de los grupos A y B de dicha Tabla, cuando se demuestre que los efectos de la reacción que ellos generan se encuentran bajo control. | F9: Manual de RESPEL | G9: Soporte Operativo | H9: 1 | M9: N/A
B10: 7 | C10: D.S 148 "REGLAMENTO SANITARIO SOBRE MANEJO DE RESIDUOS PELIGROSOS" | D10: Art. 26 | E10: El Plan de Manejo de Residuos Peligrosos deberá privilegiar opciones de sustitución en la fuente, minimización y reciclaje cuyo objetivo sea reducir la peligrosidad, cantidad y/o volumen de residuos que van a disposición final y deberá contemplar al menos los siguientes aspectos : a) Descripción de las actividades que se desarrollan en el proceso productivo, sus flujos de materiales e identificación de los puntos en que se generan residuos peligrosos. b) Identificación de las características de peligrosidad de los residuos generados y estimación de la cantidad anual de cada uno de ellos. c) Análisis de alternativas de minimización de la generación de residuos peligrosos y justificación de la medida seleccionada. d) Detalle de los procedimientos internos para recoger, transportar, embalar, etiquetar y almacenar los residuos. e) Definición del perfil del profesional o técnico responsable de la ejecución del Plan, así como, del personal encargado de operarlo. f) Definición de los equipos, rutas y señalizaciones que deberán emplearse para el manejo interno de los residuos peligrosos. g) Hojas de Seguridad para el Transporte de Residuos Peligrosos para los diferentes tipos de residuos peligrosos generados en la instalación. h) Capacitación que deberán recibir las personas que laboran en las instalaciones, establecimientos o actividades donde se manejan residuos peligrosos. i) Plan de Contingencias. | F10: Manual de RESPEL | G10: Soporte Operativo | H10: 1 | M10: N/A
E11: j) Identificación de los procesos de eliminación a los que serán sometidos los residuos peligrosos, explicitando los flujos y procesos de reciclaje y/o reusó. k) Sistema de registro de los residuos peligrosos generados por la instalación o actividad y en donde al menos se consigne: ­ cantidad en peso y/o volumen e identificación de las características de peligrosidad de los residuos peligrosos generados diariamente, ­ cantidad en peso y/o volumen e identificación de la características de peligrosidad de los residuos peligrosos que ingresen o egresen del sitio de almacenamiento, ­ cantidad en peso y/o volumen e identificación de la características de peligrosidad de los residuos peligrosos reusados y/o reciclados y los procesos correspondientes. ­ cantidad en peso y/o volumen e identificación de la características de peligrosidad de los residuos peligrosos enviados a terceros para su eliminación | M11: N/A
B12: 8 | C12: D.S 148 "REGLAMENTO SANITARIO SOBRE MANEJO DE RESIDUOS PELIGROSOS" | D12: Art. 27 | E12: Sin perjuicio de sus obligaciones propias, el Generador afecto a un Plan de Manejo de Residuos Peligrosos, que encomiende a terceros el transporte y/o la eliminación de sus residuos peligrosos será responsable de: a) retirar y transportar los residuos peligrosos a través de transportistas que cuenten con autorización sanitaria, b) realizar la eliminación de sus residuos peligrosos en Instalaciones de Eliminación que cuenten con la debida Autorización Sanitaria que comprenda tales residuos, c) proporcionar oportunamente la información correspondiente al Sistema de Declaración y Seguimiento de Residuos Peligrosos y entregar al transportista las respectivas Hojas de Seguridad para el Transporte de Residuos Peligrosos. | F12: Manual de RESPEL | G12: Soporte Operativo | H12: 1 | M12: N/A
B13: 9 | C13: D.S 148 "REGLAMENTO SANITARIO SOBRE MANEJO DE RESIDUOS PELIGROSOS" | D13: Art. 28 | E13: El Generador deberá establecer un manejo diferenciado entre los residuos peligrosos y los que no lo son. | F13: Manual de RESPEL | G13: Soporte Operativo | H13: 1 | M13: N/A
B14: 10 | C14: D.S 148 "REGLAMENTO SANITARIO SOBRE MANEJO DE RESIDUOS PELIGROSOS" | D14: Art. 29 | E14: Todo sitio destinado al almacenamiento de residuos peligrosos deberá contar con la correspondiente autorización sanitaria de instalación, a menos que éste se encuentre incluido en la autorización sanitaria de la actividad principal. | F14: Permiso por SEREMI | G14: Soporte Operativo | H14: 1 | M14: N/A
B15: 11 | C15: D.S 148 "REGLAMENTO SANITARIO SOBRE MANEJO DE RESIDUOS PELIGROSOS" | D15: Art. 30 | E15: Todo Generador que se encuentre obligado a sujetarse a un Plan de Manejo de Residuos Peligrosos deberá tener uno o más sitios de almacenamiento de tales residuos. Estos sitios se ajustarán a las normas del presente Título y dispondrán de suficiente capacidad para acopiar la totalidad de residuos generados durante el período previo al envío de éstos a una Instalación de Eliminación. | F15: Manual de RESPEL | G15: Soporte Operativo | H15: 1 | M15: N/A
B16: 12 | C16: D.S 148 "REGLAMENTO SANITARIO SOBRE MANEJO DE RESIDUOS PELIGROSOS" | D16: Art. 31 | E16: El período de almacenamiento de los residuos peligrosos no podrá exceder de 6 meses. Sin embargo, en casos justificados, se podrá solicitar a la Autoridad Sanitaria, una extensión de dicho período hasta por un lapso igual, para lo cual se deberá presentar un informe técnico. | F16: Manual de RESPEL | G16: Soporte Operativo | H16: 1 | M16: N/A
B17: 13 | C17: D.S 148 "REGLAMENTO SANITARIO SOBRE MANEJO DE RESIDUOS PELIGROSOS" | D17: Art. 33 | E17: Artículo 33 Los sitios donde se almacenen residuos peligrosos deberán cumplir las siguientes condiciones: a) Tener una base continua, impermeable y resistente estructural y químicamente a los residuos. b) Contar con un cierre perimetral de a lo menos 1,80 metros de altura que impida el libre acceso de personas y animales. c) Estar techados y protegidos de condiciones ambientales tales como humedad, temperatura y radiación solar. d) Garantizar que se minimizará la volatilización, el arrastre o la lixiviación y en general cualquier otro mecanismo de contaminación del medio ambiente que pueda afectar a la población. e) Tener una capacidad de retención de escurrimientos o derrames no inferior al volumen del contenedor de mayor capacidad ni al 20% del volumen total de los contenedores almacenados. f) Contar con señalización de acuerdo a la Norma Chilena NCh 2.190 Of 93 | F17: Manual de RESPEL | G17: Soporte Operativo | H17: 1 | M17: N/A
B18: 14 | C18: D.S 148 "REGLAMENTO SANITARIO SOBRE MANEJO DE RESIDUOS PELIGROSOS" | D18: Art. 34 | E18: El sitio de almacenamiento deberá tener acceso restringido, en términos que sólo podrá ingresar personal debidamente autorizado por el responsable de la instalación. | F18: Permiso por SEREMI | G18: Soporte Operativo | H18: 1 | M18: N/A
B19: 15 | C19: D.S 148 "REGLAMENTO SANITARIO SOBRE MANEJO DE RESIDUOS PELIGROSOS" | D19: Art. 35 | E19: El sitio de almacenamiento de residuos reactivos o inflamables, deberá estar a 15 metros, a lo menos, de los deslindes de la propiedad. | F19: Permiso por SEREMI | G19: Soporte Operativo | H19: 1 | M19: N/A
F20: Porcentaje total de cumplimiento | H20: =AVERAGE(H4:H19) -> 1

Sheet D.S 123
B3: Ítem | C3: Normativa /Titulo | D3: Art. Aplicable | E3: Descripción | F3: Evidencia Cumplimiento | G3: Responsable de Cumplimiento | H3: Resultado de evaluación No Cumple 0% Cumple 100% En implementación 50% | I3: Brecha Evidenciada | J3: Plan de Acción de Brechas de Incumplimiento | K3: Responsable | L3: Plazo | M3: Resultado de evaluación No Cumple 0% Cumple 100% En implementación 50% | N3: Nueva acción Correctiva
B4: 1 | C4: Decreto 123 MODIFICA DECRETO Nº 594, DE 1999, REGLAMENTO SOBE CONDICIONES SANITARIAS Y AMBIENTALES BÁSICAS EN LOS LUGARES DE TRABAJO | D4: Art. 53 | E4: Reemplácese el artículo 53 por el siguiente: "Artículo 53.- El empleador deberá proporcionar a sus trabajadores, libres de todo costo y cualquiera sea la función que éstos desempeñen en la empresa, los elementos de protección personal que cumplan con los requisitos, características y tipos que exige el riesgo a cubrir y la capacitación teórica y práctica necesaria para su correcto empleo debiendo, además, mantenerlos en perfecto estado de funcionamiento. Por su parte el trabajador deberá usarlos en forma permanente mientras se encuentre expuesto al riesgo." | F4: Entrega de EPP | G4: RRHH | H4: 1 | M4: N/A
B5: 2 | C5: Decreto 123 MODIFICA DECRETO Nº 594, DE 1999, REGLAMENTO SOBE CONDICIONES SANITARIAS Y AMBIENTALES BÁSICAS EN LOS LUGARES DE TRABAJO | D5: Art. 54 | E5: Reemplácese el artículo 54 por el siguiente: "Artículo 54.- Los elementos de protección personal usados en los lugares de trabajo, sean éstos de procedencia nacional o extranjera, deberán cumplir con las normas y exigencias de calidad que rijan a tales artículos según su naturaleza, de conformidad a lo establecido en el decreto Nº 18, de 1982, del Ministerio de Salud, sobre Certificación de Calidad de Elementos de Protección Personal contra Riesgos Ocupacionales. Sin embargo, si no fuese posible aplicar dicho procedimiento, por la inexistencia de entidades certificadoras, el Instituto de Salud Pública de Chile podrá, transitoriamente, validar la certificación de origen." | F5: Certificado de EPP | G5: Soporte Operativo | H5: 1 | M5: N/A
F6: Porcentaje total de cumplimiento | H6: =AVERAGE(H4:H5) -> 1

Sheet D.S 109
B3: Ítem | C3: Normativa /Titulo | D3: Art. Aplicable | E3: Descripción | F3: Evidencia Cumplimiento | G3: Responsable de Cumplimiento | H3: Resultado de evaluación No Cumple 0% Cumple 100% En implementación 50% | I3: Brecha Evidenciada | J3: Plan de Acción de Brechas de Incumplimiento | K3: Responsable | L3: Plazo | M3: Resultado de evaluación No Cumple 0% Cumple 100% En implementación 50% | N3: Nueva acción Correctiva
B4: 1 | C4: D.S 109 APRUEBA EL REGLAMENTO PARA LA CALIFICACION Y EVALUACION DE LOS ACCIDENTES DEL TRABAJO Y ENFERMEDADES PROFESIONALES, DE ACUERDO CON LO DISPUESTO EN LA LEY 16.744, DE 1° DE FEBRERO DE 1968, QUE ESTABLECIO EL SEGURO SOCIAL CONTRA LOS RIESGOS POR ESTOS ACCIDENTES Y ENFERMEDADES | D4: Art. 2 | E4: Se considerará incapacidad temporal toda aquella provocada por accidente del trabajo o enfermedad profesional, de naturaleza o efectos transitorios, que permita la recuperación del trabajador y su reintegro a sus labores habituales. No será necesario graduar la incapacidad temporal; y en tanto ella subsista, el trabajador sólo tendrá derecho a las prestaciones médicas y a subsidio, con arreglo al párrafo III del Título V de la ley 16.744. | F4: RECA | G4: Prevención de Riesgos | H4: 1 | M4: N/A
B5: 2 | C5: D.S 109 APRUEBA EL REGLAMENTO PARA LA CALIFICACION Y EVALUACION DE LOS ACCIDENTES DEL TRABAJO Y ENFERMEDADES PROFESIONALES, DE ACUERDO CON LO DISPUESTO EN LA LEY 16.744, DE 1° DE FEBRERO DE 1968, QUE ESTABLECIO EL SEGURO SOCIAL CONTRA LOS RIESGOS POR ESTOS ACCIDENTES Y ENFERMEDADES | D5: Art. 3 | E5: Se considerará invalidez el estado derivado de un accidente del trabajo o enfermedad profesional que produzca una incapacidad presumiblemente de naturaleza irreversible, aun cuando deje en el trabajador una capacidad residual de trabajo que le permita continuar en actividad. La invalidez deberá ser graduada en todo caso, en conformidad a las normas establecidas en el presente reglamento, y en tanto represente una incapacidad de ganancia igual o superior a un 15% dará derecho a indemnización global o a pensión, según el caso, sin perjuicio de las prestaciones médicas y subsidios que correspondan. | F5: RECA | G5: Prevención de Riesgos | H5: 1 | M5: N/A
F6: Porcentaje total de cumplimiento | H6: =AVERAGE(H4:H5) -> 1

Sheet D.S 101
B3: Ítem | C3: Normativa /Titulo | D3: Art. Aplicable | E3: Descripción | F3: Evidencia Cumplimiento | G3: Responsable de Cumplimiento | H3: Resultado de evaluación No Cumple 0% Cumple 100% En implementación 50% | I3: Brecha Evidenciada | J3: Plan de Acción de Brechas de Incumplimiento | K3: Responsable | L3: Plazo | M3: Resultado de evaluación No Cumple 0% Cumple 100% En implementación 50% | N3: Nueva acción Correctiva
B4: 1 | C4: Decreto 101 APRUEBA REGLAMENTO PARA LA APLICACION DE LA LEY Nº 16.744, QUE ESTABLECE NORMAS SOBRE ACCIDENTES DEL TRABAJO Y ENFERMEDADES PROFESIONALES | D4: Art. 2 | E4: El trabajador de pleno derecho quedará automáticamente cubierto por el Seguro. | F4: Certificado de afiliación a mutualidad | G4: PREVENCION DE RIESGOS | H4: 1 | M4: N/A
B5: 2 | C5: Decreto 101 APRUEBA REGLAMENTO PARA LA APLICACION DE LA LEY Nº 16.744, QUE ESTABLECE NORMAS SOBRE ACCIDENTES DEL TRABAJO Y ENFERMEDADES PROFESIONALES | D5: Art. 4 | E5: Las entidades empleadoras deberán entregar, en el acto del pago de la primera cotización, una declaración jurada ante notario que definirá su actividad. En caso de pluralidad de actividades, éstas se enunciarán según su orden de importancia. Su actividad principal será aquella en que el mayor número de trabajadores preste servicios. Igual procedimiento se observará en los casos en que cualquiera entidad empleadora cambie de actividad principal. | F5: Certificado de cotizaciones | G5: RRHH | H5: 1 | M5: N/A
F6: Porcentaje total de cumplimiento | H6: =AVERAGE(H4:H5) -> 1

Sheet D.S 97 
B3: Ítem | C3: Normativa /Titulo | D3: Art. Aplicable | E3: Descripción | F3: Evidencia Cumplimiento | G3: Responsable de Cumplimiento | H3: Resultado de evaluación No Cumple 0% Cumple 100% En implementación 50% | I3: Brecha Evidenciada | J3: Plan de Acción de Brechas de Incumplimiento | K3: Responsable | L3: Plazo | M3: Resultado de evaluación No Cumple 0% Cumple 100% En implementación 50% | N3: Nueva acción Correctiva
B4: 1 | C4: Decreto 97 MODIFICA DECRETO N° 594 DE 1999, SOBRE CONDICIONES SANITARIAS Y AMBIENTALES BÁSICAS EN LOS LUGARES DE TRABAJO | D4: Art. 109 A | E4: Se consideran expuestos a radiación UV aquellos trabajadores que ejecutan labores sometidos a radiación solar directa en días comprendidos entre el 1° de septiembre y el 31 de marzo, entre las 10.00 y las 17.00 horas, y aquellos que desempeñan funciones habituales bajo radiación UV solar directa con un índice UV igual o superior a 6, en cualquier época del año. El índice UV proyectado máximo diario debe ser corregido según las variables latitud, nubosidad, altitud y elementos reflectantes o absorbentes, según información proporcionada por la Dirección Meteorológica de Chile. | F4: Aplicación del protocolo radiación UV | G4: PREVENCION DE RIESGOS | H4: 1 | M4: N/A
B5: 2 | C5: Decreto 97 MODIFICA DECRETO N° 594 DE 1999, SOBRE CONDICIONES SANITARIAS Y AMBIENTALES BÁSICAS EN LOS LUGARES DE TRABAJO | D5: Art. 109 B | E5: Los empleadores de trabajadores expuestos deben realizar la gestión del riesgo de radiación UV adoptando medidas de control adecuadas. Deberán tomar, a lo menos, las siguientes medidas: a) Informar a los trabajadores sobre los riesgos específicos de exposición laboral a radiación UV de origen solar y sus medidas de control en los siguientes términos: "La exposición excesiva y/o acumulada de radiación ultravioleta de fuentes naturales o artificiales produce efectos dañinos a corto y largo plazo, principalmente en ojos y piel que van desde quemaduras solares, queratitis actínica y alteraciones de la respuesta inmune hasta foto envejecimiento, tumores malignos de piel y cataratas a nivel ocular." b) Publicar diariamente en un lugar visible el índice UV estimado señalado por la Dirección Meteorológica de Chile y las medidas de control que se deben aplicar, incluidos los elementos de protección personal. c) Identificar los trabajadores expuestos; detectar los puestos de trabajo e individuos que requieran medidas de protección adicionales y verificar la efectividad de las medidas implementadas a su respecto. d) Las medidas específicas de control a implementar, según exposición, son las siguientes, las que deberán emplearse siguiendo las indicaciones señaladas en la Guía Técnica de Radiación UV de Origen Solar dictada por el Ministerio de Salud mediante decreto emitido bajo la fórmula "Por Orden del Presidente de la República": * Ingeniería: realizar un adecuado sombraje de los lugares de trabajo para disminuir la exposición directa a la radiación UV tales como techar, arborizar, mallas oscuras y de trama tupida, parabrisas adecuados; * Administrativas: si la labor lo permite, calendarizar faenas, horarios de colación entre 13:00 y las 15:00hrs en lugares con sombraje adecuado, rotación de puestos de trabajo con la disminución de tiempo de exposición; * Elementos de protección personal, según el grado de exposición, tales como gorros, lentes, factor de protección solar; e) Mantener un programa de instrucción teórico práctico para los trabajadores, de duración mínima de una hora cronológica semestral, sobre el riesgo y consecuencias para la salud por la exposición a radiación UV solar y medidas preventivas a considerar, entre otros. Este programa debe constar por escrito. | F5: Aplicación del protocolo radiación UV | G5: PREVENCION DE RIESGOS | H5: 1 | M5: N/A
F6: Porcentaje total de cumplimiento | H6: =AVERAGE(H4:H5) -> 1

Sheet D.S 76
B3: Ítem | C3: Normativa /Titulo | D3: Art. Aplicable | E3: Descripción | F3: Evidencia Cumplimiento | G3: Responsable de Cumplimiento | H3: Resultado de evaluación No Cumple 0% Cumple 100% En implementación 50% | I3: Brecha Evidenciada | J3: Plan de Acción de Brechas de Incumplimiento | K3: Responsable | L3: Plazo | M3: Resultado de evaluación No Cumple 0% Cumple 100% En implementación 50% | N3: Nueva acción Correctiva
B4: 1 | C4: Decreto 76 APRUEBA REGLAMENTO PARA LA APLICACION DEL ARTICULO 66 BIS DE LA LEY N° 16.744 SOBRE LA GESTION DE LA SEGURIDAD Y SALUD EN EL TRABAJO EN OBRAS, FAENAS O SERVICIOS QUE INDICA | D4: Art. 3 | E4: Las disposiciones de este reglamento, en caso alguno, eximirán a la empresa principal, así como tampoco a las empresas contratistas y subcontratistas, de sus obligaciones individuales respecto de la protección de la seguridad y salud de sus trabajadores, para lo cual deberán cumplir con las normas legales vigentes en dichas materias. | F4: Condiciones de trabajo en terreno y Sistema de gestión | G4: Soporte Operativo | H4: 1 | M4: N/A
B5: 2 | C5: Decreto 76 APRUEBA REGLAMENTO PARA LA APLICACION DEL ARTICULO 66 BIS DE LA LEY N° 16.744 SOBRE LA GESTION DE LA SEGURIDAD Y SALUD EN EL TRABAJO EN OBRAS, FAENAS O SERVICIOS QUE INDICA | D5: Art. 5 | E5: La empresa principal, para efectos de planificar y dar cumplimiento a sus obligaciones en materia de seguridad y salud en el trabajo deberá mantener en la faena, obra o servicios y por el tiempo que ésta se extienda, un registro actualizado de antecedentes, en papel y/o soporte digital, el que deberá contener a lo menos: a) Cronograma de las actividades o trabajos a ejecutar, indicando el nombre o razón social de la(s) empresa(s) que participará(n) en su ejecución; b) Copia de los contratos que mantiene con las empresas contratistas y de éstas con las subcontratistas, así como los que mantenga con empresas de servicios transitorios; c) De las empresas contratistas, subcontratistas y de servicios transitorios: c.1) R.U.T y Nombre o Razón Social de la empresa; Organismo Administrador de la Ley N° 16.744; nombre del encargado de los trabajos o tareas, cuando corresponda; número de trabajadores, y fecha estimada de inicio y de término de cada uno de los trabajos o tareas específicas que ejecutará la empresa; c.2) Historial de los accidentes del trabajo y enfermedades profesionales de la faena. La empresa principal podrá solicitar información de la siniestralidad laboral a las empresas contratistas o subcontratistas; d) Informe de las evaluaciones de los riesgos que podrían afectar a los trabajadores en la obra, faena o servicios; e) Visitas y medidas prescritas por los organismos administradores de la Ley N° 16.744; y f) Inspecciones de entidades fiscalizadoras, copias de informes o actas, cuando se hayan elaborado. Este registro deberá estar disponible, en la obra, faena o servicios, cuando sea requerido por las entidades fiscalizadoras. | F5: Documentos de contratistas en tienda | G5: Soporte Operativo | H5: 1 | M5: N/A
B6: 3 | C6: Decreto 76 APRUEBA REGLAMENTO PARA LA APLICACION DEL ARTICULO 66 BIS DE LA LEY N° 16.744 SOBRE LA GESTION DE LA SEGURIDAD Y SALUD EN EL TRABAJO EN OBRAS, FAENAS O SERVICIOS QUE INDICA | D6: Art. 6 | E6: Las empresas contratistas y subcontratistas deberán efectuar, junto con la empresa principal, las coordinaciones que fueren necesarias para dar cumplimiento a las normas en materia de seguridad y salud en el trabajo. Asimismo, deberán informar acerca del cumplimiento de las obligaciones que les impone la ley en materias de seguridad y salud en el trabajo, cada vez que así lo solicite la empresa principal, o por su intermedio, el Comité Paritario de Faena y el Departamento de Prevención de Riesgos de Faena, según corresponda. | F6: Reglamento especial para empresas contratistas y subcontratista | G6: Soporte Operativo | H6: 1 | M6: N/A
B7: 4 | C7: Decreto 76 APRUEBA REGLAMENTO PARA LA APLICACION DEL ARTICULO 66 BIS DE LA LEY N° 16.744 SOBRE LA GESTION DE LA SEGURIDAD Y SALUD EN EL TRABAJO EN OBRAS, FAENAS O SERVICIOS QUE INDICA | D7: Art. 7 | E7: La empresa principal deberá implementar en la obra, faena o servicios propios de su giro un Sistema de Gestión de la Seguridad y Salud en el Trabajo o Sistema de Gestión de la SST, para todos los trabajadores involucrados, cualquiera que sea su dependencia, cuando en su conjunto agrupen a más de 50 trabajadores, pudiendo incorporar a la respectiva obra, faena o servicios al Sistema de Gestión que tenga implementado para toda la empresa. | F7: Reglamento especial para empresas contratistas y subcontratista | G7: Prevención de Riesgos | H7: 1 | M7: N/A
B8: 5 | C8: Decreto 76 APRUEBA REGLAMENTO PARA LA APLICACION DEL ARTICULO 66 BIS DE LA LEY N° 16.744 SOBRE LA GESTION DE LA SEGURIDAD Y SALUD EN EL TRABAJO EN OBRAS, FAENAS O SERVICIOS QUE INDICA | D8: Art. 8 | E8: Se entenderá por Sistema de Gestión de la Seguridad y Salud en el Trabajo al conjunto de elementos que integran la prevención de riesgos, a fin de garantizar la protección de la salud y la seguridad de todos los trabajadores. En aquellas obras, faenas o servicios en que el número total de trabajadores, sin importar su dependencia, sea más de 100, el Departamento de Prevención de Riesgos de Faena, dará la asesoría técnica que se requiera para la implementación y aplicación de este sistema de gestión. | F8: Reglamento especial para empresas contratistas y subcontratista | G8: Prevención de Riesgos | H8: 1 | M8: N/A
B9: 6 | C9: Decreto 76 APRUEBA REGLAMENTO PARA LA APLICACION DEL ARTICULO 66 BIS DE LA LEY N° 16.744 SOBRE LA GESTION DE LA SEGURIDAD Y SALUD EN EL TRABAJO EN OBRAS, FAENAS O SERVICIOS QUE INDICA | D9: Art. 9 | E9: El Sistema de Gestión de la SST deberá considerar, entre otros, los siguientes elementos: 1. Política de seguridad y salud en el trabajo: Esta política establecerá las directrices que orientarán todos los programas y las acciones en materias de seguridad y salud laboral en la obra, faena o servicios, debiendo explicitar, a lo menos: el compromiso de protección de todos los trabajadores de la obra, faena o servicios; el cumplimiento de la normativa aplicable en la materia; la participación de los trabajadores, así como el mejoramiento continuo de las condiciones y medio ambiente de trabajo. Dicha Política deberá ser puesta en conocimiento de todos los trabajadores. 2. Organización: Se deberá señalar la estructura organizativa de la prevención de riesgos en la obra, faena o servicios, indicando las funciones y responsabilidades en los diferentes niveles jerárquicos, en particular la correspondiente a la dirección de la o las empresas; el o los Comité(s) Paritario(s); el o los Departamentos de Prevención de Riesgos y los trabajadores. 3. Planificación: Esta deberá basarse en un examen o diagnóstico inicial de la situación y revisarse cuando se produzcan cambios en la obra, faena o servicios. El diagnóstico deberá incluir, entre otros, la identificación de los riesgos laborales, su evaluación y análisis, para establecer las medidas para la eliminación de los peligros y riesgos laborales o su reducción al mínimo, con miras a prevenir las lesiones, enfermedades y muertes ocasionadas por el trabajo. Este diagnóstico deberá ser informado a las empresas y los trabajadores involucrados al inicio de las labores y cada vez que se produzca algún cambio en las condiciones de trabajo. Asimismo, deberá confeccionarse un plan o programa de trabajo de las actividades en materia de seguridad y salud laboral, que contenga las medidas de prevención establecidas, los plazos en que éstas se ejecutarán y sus responsables, las acciones de información y formación, los procedimientos de control de los riesgos, planes de emergencia, la investigación de accidentes. Dicho plan o programa deberá ser aprobado por el representante legal de la empresa principal, y dado a conocer a todas las empresas presentes en la obra, faena o servicios, a los trabajadores y sus representantes, así como a los Comités Paritarios y Departamentos de Prevención, debiendo establecerse la coordinación entre las distintas instancias relacionadas con las materias de seguridad y salud en el trabajo. Sin perjuicio de lo dispuesto anteriormente, la empresa principal deberá vigilar el cumplimiento por parte de las empresas contratistas y subcontratistas de la obligación de informar a sus trabajadores de los riesgos que entrañan las labores que ejecutarán; las medidas de control y prevención que deben adoptar para evitar tales riesgos y los métodos de trabajo correctos; la entrega y uso correcto de los elementos y equipos de protección; la constitución y el funcionamiento de los Comités Paritarios de Higiene y Seguridad y los Departamentos de Prevención de Riesgos, cuando corresponda. Asimismo, cada empresa contratista y subcontratista deberá formular un Programa de Trabajo, aprobado por el representante legal de la respectiva empresa, que considere las directrices en materias de seguridad y salud laboral que le entregue la empresa principal. 4. Evaluación: Se debe evaluar periódicamente el desempeño del Sistema de Gestión, en los distintos niveles de la organización. La periodicidad de la evaluación la establecerá la empresa principal para cada obra, faena o servicios. 5. Acción en Pro de Mejoras o correctivas: Se debe contar con los mecanismos para la adopción de medidas preventivas y correctivas en función de los resultados obtenidos en la evaluación definida previamente, de manera de introducir las mejoras que requiera el Sistema de Gestión de la SST. | F9: Reglamento especial para empresas contratistas y subcontratista | G9: Prevención de Riesgos | H9: 1 | M9: N/A
B10: 7 | C10: Decreto 76 APRUEBA REGLAMENTO PARA LA APLICACION DEL ARTICULO 66 BIS DE LA LEY N° 16.744 SOBRE LA GESTION DE LA SEGURIDAD Y SALUD EN EL TRABAJO EN OBRAS, FAENAS O SERVICIOS QUE INDICA | D10: Art. 10 | E10: Toda la información vinculada al Sistema de Gestión de la SST deberá estar respaldada por escrito, debiendo mantenerse los documentos, en papel o formato electrónico, a disposición de las entidades fiscalizadoras en la obra, faena o servicios. | F10: Documentos de contratistas en tienda | G10: Soporte Operativo | H10: 1 | M10: N/A
B11: 8 | C11: Decreto 76 APRUEBA REGLAMENTO PARA LA APLICACION DEL ARTICULO 66 BIS DE LA LEY N° 16.744 SOBRE LA GESTION DE LA SEGURIDAD Y SALUD EN EL TRABAJO EN OBRAS, FAENAS O SERVICIOS QUE INDICA | D11: Art. 11 | E11: La empresa principal, para la implementación del Sistema de Gestión de la SST, deberá confeccionar un Reglamento Especial para empresas contratistas y subcontratistas o Reglamento Especial, el que será obligatorio para tales empresas. | F11: Reglamento especial para empresas contratistas y subcontratista | G11: Prevención de Riesgos | H11: 1 | M11: N/A
B12: 9 | C12: Decreto 76 APRUEBA REGLAMENTO PARA LA APLICACION DEL ARTICULO 66 BIS DE LA LEY N° 16.744 SOBRE LA GESTION DE LA SEGURIDAD Y SALUD EN EL TRABAJO EN OBRAS, FAENAS O SERVICIOS QUE INDICA | D12: Art. 12 | E12: Un ejemplar de este Reglamento Especial deberá ser entregado al contratista o subcontratista previo al inicio de sus labores en la obra, faena o servicios. Una copia del referido Reglamento Especial se deberá incorporar al registro a que se refiere el artículo 5° de este reglamento, dejándose constancia, asimismo, de su entrega a las respectivas empresas contratistas y subcontratistas. | F12: Reglamento especial para empresas contratistas y subcontratista | G12: Prevención de Riesgos | H12: 1 | M12: N/A
B13: 10 | C13: Decreto 76 APRUEBA REGLAMENTO PARA LA APLICACION DEL ARTICULO 66 BIS DE LA LEY N° 16.744 SOBRE LA GESTION DE LA SEGURIDAD Y SALUD EN EL TRABAJO EN OBRAS, FAENAS O SERVICIOS QUE INDICA | D13: Art. 13 | E13: El Reglamento Especial para empresas contratistas y subcontratistas deberá contener: 1. La definición de quién o quiénes son los encargados de implementar y mantener en funcionamiento el Sistema de Gestión de la SST; 2. La descripción de las acciones de coordinación de las actividades preventivas entre los distintos empleadores y sus responsables, tales como: reuniones conjuntas de los Comités Paritarios y/o de los Departamentos de Prevención de Riesgos; reuniones con participación de las otras instancias encargadas de la prevención de riesgos en las empresas; mecanismos de intercambio de información, y el procedimiento de acceso de los respectivos Organismos Administradores de la Ley N° 16.744. Para estos efectos se definirán las situaciones que ameritan tal coordinación en la obra, faena o servicios. 3. La obligación de las empresas contratistas y subcontratistas de informar a la empresa principal cualquier condición que implique riesgo para la seguridad y salud de los trabajadores o la ocurrencia de cualquier accidente del trabajo o el diagnóstico de cualquier enfermedad profesional; 4. Las prohibiciones que se imponen a las empresas contratistas y subcontratistas, con la finalidad de evitar la ocurrencia de accidentes del trabajo y enfermedades profesionales en la obra, faena o servicios; 5. Los mecanismos para verificar el cumplimiento, por parte de la empresa principal, de las disposiciones del Reglamento Especial, tales como: auditorías periódicas, inspecciones planeadas, informes del Comité Paritario, del Departamento de Prevención de Riesgos o del Organismo Administrador de la Ley N°16.744; y 6. Las sanciones aplicables a las empresas contratistas y subcontratistas, por infracciones a las disposiciones establecidas en este Reglamento Especial. | F13: Reglamento especial para empresas contratistas y subcontratista | G13: Prevención de Riesgos | H13: 1 | M13: N/A
F14: Porcentaje total de cumplimiento | H14: =AVERAGE(H4:H13) -> 1

Sheet D.S 67
B3: Ítem | C3: Normativa /Titulo | D3: Art. Aplicable | E3: Descripción | F3: Evidencia Cumplimiento | G3: Responsable de Cumplimiento | H3: Resultado de evaluación No Cumple 0% Cumple 100% En implementación 50% | I3: Brecha Evidenciada | J3: Plan de Acción de Brechas de Incumplimiento | K3: Responsable | L3: Plazo | M3: Resultado de evaluación No Cumple 0% Cumple 100% En implementación 50% | N3: Nueva acción Correctiva
B4: 1 | C4: D.S 67 "REGLAMENTO PARA APLICACIÓN DE ARTICULO 15° Y 16° DE LA LEY N° 16744 SOBRE EXENCIONES, REBAJAS Y RECARGOS DE LA COTIZACION ADICIONAL DIFERENCIADA" | D4: Art. 9 | E4: Cada entidad empleadora deberá consignar la nómina de sus trabajadores en sus planillas mensuales de declaración y pago de cotizaciones. Si la entidad empleadora no declarase sus cotizaciones en uno o más meses del Período Anual, el Promedio Anual de Trabajadores se obtendrá dividiendo por doce el número total de Trabajadores declarados en los restantes meses del Período. | F4: Certificado de pago de cotizaciones a colaboradores | G4: RRHH | H4: 1 | M4: N/A
B5: 2 | C5: D.S 67 "REGLAMENTO PARA APLICACIÓN DE ARTICULO 15° Y 16° DE LA LEY N° 16744 SOBRE EXENCIONES, REBAJAS Y RECARGOS DE LA COTIZACION ADICIONAL DIFERENCIADA" | D5: Art. 15 | E5: Las causales por las que se deberá imponer el recargo a que alude este artículo son las siguientes: a) La sola existencia de condiciones inseguras de trabajo de carácter grave: b) La falta de cumplimiento de las medidas de prevención exigidas por los respectivos Organismos Administradores del Seguro o por la Secretaría Regional Ministerial de Salud correspondiente; c) La comprobación del uso en los lugares de trabajo de las sustancias prohibidas por la autoridad sanitaria o por alguna autoridad competente mediante resolución o reglamento. d) La comprobación que la concentración ambiental de contaminantes químicos ha excedido los límites permisibles señalados por el reglamento respectivo, sin que la entidad empleadora haya adoptado las medidas necesarias para controlar el riesgo dentro del plazo que le haya fijado el organismo competente. e) La comprobación de la existencia de agentes químicos o de sus metabolitos en las muestras biológicas de los trabajadores expuestos, que sobrepasen los límites de tolerancia biológica, definidos en la reglamentación vigente, sin que la entidad empleadora haya adoptado las medidas necesarias para controlar el riesgo dentro del plazo que le haya fijado el organismo competente. | F5: Certificado de afiliación | G5: Prevención de Riesgos | H5: 1 | M5: N/A
F6: Porcentaje total de cumplimiento | H6: =AVERAGE(H4:H5) -> 1

Sheet D.S 63
B3: Ítem | C3: Normativa /Titulo | D3: Art. Aplicable | E3: Descripción | F3: Evidencia Cumplimiento | G3: Responsable de Cumplimiento | H3: Resultado de evaluación No Cumple 0% Cumple 100% En implementación 50% | I3: Brecha Evidenciada | J3: Plan de Acción de Brechas de Incumplimiento | K3: Responsable | L3: Plazo | M3: Resultado de evaluación No Cumple 0% Cumple 100% En implementación 50% | N3: Nueva acción Correctiva
B4: 1 | C4: D.S 63 REGLAMENTO PARA LA APLICACIÓN DE LALEY 20.001, QUE REGULA EL PESO MAXIMO DE CARGA HUMANA | D4: Art. 2° | E4: En los casos que el manejo o manipulación manual de carga sea inevitable y las ayudas mecánicas no puedan usarse, no se permitirá que se opere con cargas superiores a 25 kilogramos, para hombres mayores de edad. | F4: Aplicación del protocolo MMC en tienda | G4: Prevención de Riesgos | H4: 1 | M4: N/A
B5: 2 | C5: D.S 63 REGLAMENTO PARA LA APLICACIÓN DE LALEY 20.001, QUE REGULA EL PESO MAXIMO DE CARGA HUMANA | D5: Art. 3° | E5: Los menores de 18 años y las mujeres no podrán llevar, levantar, transportar, cargar, arrastrar ni empujar manualmente, y sin ayuda mecánica, cargas de manipulación inevitable superiores a 20 kilogramos. En todo caso, el empleador deberá adoptar medidas especiales de seguridad y mitigación, tales como rotación de trabajadores, disminución de las alturas de levantamiento o aumento de la frecuencia con la que se manipula la carga, pudiendo establecer o adecuar respecto de esta última medida, los tiempos máximos para la manipulación manual de carga, así como las pausas de trabajo que procedan, de conformidad a las disposiciones de este Reglamento y la Guía Técnica para la Evaluación y Control de los Riesgos Asociados al Manejo o Manipulación Manual de Carga. | F5: Aplicación del protocolo MMC en tienda | G5: Prevención de Riesgos | H5: 1 | M5: N/A
B6: 3 | C6: D.S 63 REGLAMENTO PARA LA APLICACIÓN DE LALEY 20.001, QUE REGULA EL PESO MAXIMO DE CARGA HUMANA | D6: Art. 4° | E6: Se prohíbe las operaciones de carga y descarga manual para las mujeres embarazadas. | F6: Aplicación del protocolo MMC en tienda | G6: Prevención de Riesgos | H6: 1 | M6: N/A
B7: 4 | C7: D.S 63 REGLAMENTO PARA LA APLICACIÓN DE LALEY 20.001, QUE REGULA EL PESO MAXIMO DE CARGA HUMANA | D7: Art. 5° | E7: No podrá exigirse ni admitirse el desempeño de un trabajador en faenas calificadas como superiores a sus fuerzas o que puedan comprometer su salud o seguridad. | F7: Aplicación del protocolo MMC en tienda | G7: Prevención de Riesgos | H7: 1 | M7: N/A
B8: 5 | C8: D.S 63 REGLAMENTO PARA LA APLICACIÓN DE LALEY 20.001, QUE REGULA EL PESO MAXIMO DE CARGA HUMANA | D8: Art. 7° | E8: El empleador es responsable de la gestión de los riesgos a que se refiere el presente Reglamento, para lo cual deberá procurar que en la organización de la faena se utilicen los medios adecuados, a fin de evitar el manejo o manipulación manual de carga por el trabajador, como lo son la automatización o cambios de los procesos productivos, así como el uso de ayudas mecánicas. Para estos efectos se considerarán ayudas mecánicas las siguientes: a) Grúas, montacargas, tecles, carretillas elevadoras, sistemas transportadores; b) Carretillas, superficies de altura regulable, carros provistos de plataforma elevadora, y c) Otros, que ayuden a sujetar más firmemente las cargas y reduzcan las exigencias físicas del trabajo. | F8: Aplicación del protocolo MMC en tienda | G8: Prevención de Riesgos | H8: 1 | M8: N/A
B9: 6 | C9: D.S 63 REGLAMENTO PARA LA APLICACIÓN DE LALEY 20.001, QUE REGULA EL PESO MAXIMO DE CARGA HUMANA | D9: Art. 8° | E9: El empleador procurará los medios adecuados para que los trabajadores reciban la formación e instrucción satisfactoria sobre los métodos correctos para manejar cargas y en la ejecución del trabajo específico. Para ello, confeccionará un programa que incluya como mínimo: a) Los riesgos derivados del manejo o manipulación manual de carga y las formas de prevenirlos; b) Información acerca de la carga que debe manejar manualmente; c) Uso correcto de las ayudas mecánicas; d) Uso correcto de los equipos de protección personal, en caso de ser necesario, y e) Técnicas seguras para el manejo o manipulación manual de carga | F9: Aplicación del protocolo MMC en tienda | G9: Prevención de Riesgos | H9: 1 | M9: N/A
B10: 7 | C10: D.S 63 REGLAMENTO PARA LA APLICACIÓN DE LALEY 20.001, QUE REGULA EL PESO MAXIMO DE CARGA HUMANA | D10: Art. 9° | E10: El empleador procurará organizar los procesos de forma que reduzcan al máximo los riesgos a la salud o a las condiciones físicas del trabajador derivados del manejo o manipulación manual de carga, y deberá establecer en el respectivo reglamento interno las obligaciones y prohibiciones para tal propósito. Será obligación del trabajador cumplir con los procedimientos de trabajo para el manejo o manipulación manual de carga, y con las obligaciones y prohibiciones que para tal efecto se contengan en el reglamento interno a que se refieren el Título III del Libro I del Código del Trabajo y el artículo 67 de la Ley Nº 16.744. | F10: Aplicación del protocolo MMC en tienda | G10: Prevención de Riesgos | H10: 1 | M10: N/A
B11: 8 | C11: D.S 63 REGLAMENTO PARA LA APLICACIÓN DE LALEY 20.001, QUE REGULA EL PESO MAXIMO DE CARGA HUMANA | D11: Art. 10° | E11: Con el objeto de prevenir daños a la salud o a las condiciones físicas de los trabajadores, derivados del manejo o manipulación manual de carga cuando éste ha sido inevitable, así como para dar cumplimiento a los límites de carga humana establecidos en los artículos 2 y 3 de este Reglamento, el empleador deberá evaluar los riesgos a los que expone a los trabajadores durante la faena, conforme a los criterios establecidos en el presente Reglamento y en su Guía Técnica para la Evaluación y Control de los Riesgos Asociados al Manejo o Manipulación Manual de Carga. La evaluación de los riesgos a que se refiere el inciso precedente, deberá efectuarla el empleador por intermedio de alguna de las siguientes personas o entidades: a) El Departamento de Prevención de Riesgos a que se refiere la Ley Nº 16.744, en aquellos casos en que la entidad empleadora esté obligada a contar con esa dependencia; b) Con la asistencia técnica del Organismo Administrador de la Ley Nº 16.744, al que se encuentre afiliado o adherido; c) Con la asesoría de un profesional competente, conforme a las características que determine la Guía Técnica para la Evaluación y Control de los Riesgos Asociados al Manejo o Manipulación Manual de Carga, y d) El Comité Paritario de Higiene y Seguridad. A partir de esta evaluación, y de acuerdo a los criterios y Guía antes individualizados, los límites máximos de carga humana deberán ser disminuidos de conformidad con el artículo 15 de este Reglamento, en la medida que existan otros factores que agraven o hagan intolerable el riesgo de exposición. | F11: Aplicación del protocolo MMC en tienda | G11: Prevención de Riesgos | H11: 1 | M11: N/A
B12: 9 | C12: D.S 63 REGLAMENTO PARA LA APLICACIÓN DE LALEY 20.001, QUE REGULA EL PESO MAXIMO DE CARGA HUMANA | D12: Art. 11° | E12: La evaluación de riesgos prescrita en el presente Reglamento, contendrá al menos la identificación de los puestos de trabajo, los trabajadores involucrados, el resultado de las evaluaciones, las medidas preventivas correspondientes y las correcciones al procedimiento de trabajo evaluado. Dicha evaluación se actualizará al menos cada 4 años y, cada vez que cambien las condiciones de trabajo o cuando se hayan detectado daños a la salud de los trabajadores. Asimismo, siempre que lo indique el Organismo Administrador y/o las entidades fiscalizadoras se deberá reevaluar el riesgo. No obstante lo anterior, los riesgos derivados del manejo o manipulación manual de carga podrán ser evaluados con una periodicidad inferior acordada entre el empleador y los representantes de los trabajadores, por indicaciones del Comité Paritario de Higiene y Seguridad o del Departamento de Prevención de Riesgos. | F12: Aplicación del protocolo MMC en tienda | G12: Prevención de Riesgos | H12: 1 | M12: N/A
B13: 10 | C13: D.S 63 REGLAMENTO PARA LA APLICACIÓN DE LALEY 20.001, QUE REGULA EL PESO MAXIMO DE CARGA HUMANA | D13: Art. 12° | E13: El empleador deberá mantener a disposición de las entidades fiscalizadoras: a) La evaluación de los riesgos por manejo o manipulación manual de carga, y b) El programa de formación de los trabajadores y el registro de sus actividades. | F13: Aplicación del protocolo MMC en tienda | G13: Prevención de Riesgos | H13: 1 | M13: N/A
B14: 11 | C14: D.S 63 REGLAMENTO PARA LA APLICACIÓN DE LALEY 20.001, QUE REGULA EL PESO MAXIMO DE CARGA HUMANA | D14: Art. 13° | E14: El empleador evaluará los riesgos a la salud o a las condiciones físicas de los trabajadores, derivados del manejo o manipulación manual de carga considerando, a lo menos, los siguientes criterios: I De la carga: a) Si el volumen de la carga facilita su manipulación; b) Si la carga está en equilibrio; c) Si la carga se maneja pegada al tronco y sin torsión, y d) Si la forma y consistencia de la carga puede ocasionar lesiones al trabajador, en particular golpes. II Del ambiente de trabajo: a) Si el espacio libre, especialmente vertical, resulta suficiente para manejar adecuadamente la carga; b) Si el ambiente de trabajo permite al trabajador el manejo o manipulación manual de carga a una altura segura y en una postura correcta; c) Si el suelo es irregular y, por tanto, puede dar lugar a tropiezos; o si éste es resbaladizo para el calzado que utilice el trabajador; d) Si el suelo o el plano de trabajo presenta desniveles; e) Si el suelo o el punto de apoyo son inestables; f) Si la temperatura, humedad o circulación del aire son las adecuadas; g) Si la iluminación es la adecuada, y h) Si existe exposición a vibraciones. III Del esfuerzo físico: a) Si el esfuerzo físico es intenso, repetitivo o prolongado; b) Si el esfuerzo físico debe ser realizado sólo por movimientos de torsión o de flexión del tronco; c) Si el esfuerzo físico implica movimientos bruscos de la carga; d) Si el esfuerzo físico se realiza con el cuerpo en posición inestable o postura forzada, y e) Si el esfuerzo físico requiere levantar o descender la carga modificando el tipo de agarre. IV De las exigencias de la actividad: a) Si el período de reposo fisiológico o de recuperación resulta insuficiente; b) Si las distancias de levantamiento, descenso y/o transporte son considerables, y c) Si el ritmo impuesto por un proceso no puede ser controlado por el trabajador. | F14: Aplicación del protocolo MMC en tienda | G14: Prevención de Riesgos | H14: 1 | M14: N/A
B15: 12 | C15: D.S 63 REGLAMENTO PARA LA APLICACIÓN DE LALEY 20.001, QUE REGULA EL PESO MAXIMO DE CARGA HUMANA | D15: Art. 14° | E15: El procedimiento de evaluación de los riesgos que contempla el artículo 13º del presente Reglamento, se regirá por una Guía Técnica de Evaluación de Riesgos de Manejo o Manipulación Manual de Carga, que será dictada mediante resolución del Ministerio del Trabajo y Previsión Social, el que podrá solicitar informe a la Comisión Ergonómica Nacional | F15: Aplicación del protocolo MMC en tienda | G15: Prevención de Riesgos | H15: 1 | M15: N/A
B16: 13 | C16: D.S 63 REGLAMENTO PARA LA APLICACIÓN DE LALEY 20.001, QUE REGULA EL PESO MAXIMO DE CARGA HUMANA | D16: Art. 15° | E16: Si los resultados de la evaluación determinan que existe un riesgo no tolerable, el empleador procurará reorganizar los procesos o utilizar los medios adecuados para reducir los riesgos a un nivel tolerable. Para ello deberá optar por alguna de las siguientes medidas o por varias de ellas combinadas: a) Utilizar ayudas mecánicas; b) Reducir o rediseñar la forma de la carga; c) Adecuar la organización del trabajo, y d) Mejorar el entorno de trabajo. | F16: Aplicación del protocolo MMC en tienda | G16: Prevención de Riesgos | H16: 1 | M16: N/A
F17: Porcentaje total de cumplimiento | H17: =AVERAGE(H4:H13) -> 1

Sheet D.S 56
B3: Ítem | C3: Normativa /Titulo | D3: Art. Aplicable | E3: Descripción | F3: Evidencia Cumplimiento | G3: Responsable de Cumplimiento | H3: Resultado de evaluación No Cumple 0% Cumple 100% En implementación 50% | I3: Brecha Evidenciada | J3: Plan de Acción de Brechas de Incumplimiento | K3: Responsable | L3: Plazo | M3: Resultado de evaluación No Cumple 0% Cumple 100% En implementación 50% | N3: Nueva acción Correctiva
B4: 1 | C4: Decreto 56 APRUEBA REGLAMENTO SOBRE LA OBLIGACIÓN DE DISPONER DE DESFIBRILADORES EXTERNOS AUTOMÁTICOS PORTÁTILES EN LOS ESTABLECIMIENTOS Y RECINTOS QUE INDICA, DE ACUERDO A LO ESTABLECIDO POR LA LEY Nº 21.156 | D4: Art. 1 | E4: Ámbito de aplicación. El presente reglamento regula la obligación de disponer de desfibriladores externos automáticos portátiles, en adelante desfibriladores, como parte del sistema de atención sanitaria de emergencia, en los establecimientos señalados en la ley Nº 21.156, de acuerdo a los requisitos y condiciones que se señalan en la misma y en este reglamento. | F4: Equipo DEA en sala | G4: Soporte Operativo | H4: 1 | M4: N/A
B5: 2 | C5: Decreto 56 APRUEBA REGLAMENTO SOBRE LA OBLIGACIÓN DE DISPONER DE DESFIBRILADORES EXTERNOS AUTOMÁTICOS PORTÁTILES EN LOS ESTABLECIMIENTOS Y RECINTOS QUE INDICA, DE ACUERDO A LO ESTABLECIDO POR LA LEY Nº 21.157 | D5: Art. 4 | E5: Obligaciones generales. Será responsabilidad de toda persona, natural o jurídica, a cargo de la gestión o explotación de los establecimientos señalados en el artículo anterior: a) Contar en forma obligatoria con la cantidad de desfibriladores que el presente reglamento establezca, como parte de su sistema de atención sanitaria de emergencia, apto para su funcionamiento inmediato; b) Que los señalados desfibriladores estén debidamente certificados y que cuenten con las características requeridas, de acuerdo a lo establecido por este reglamento y a las normas técnicas respectivas; c) Velar por el adecuado mantenimiento del desfibrilador, preventivo y correctivo, así como su correcta conservación, de forma de garantizar su funcionamiento cuando sea necesario, conforme a las reglas generales, a las recomendaciones de sus fabricantes o distribuidores, y a las normas técnicas aplicables; d) Velar por la adecuada ubicación, accesibilidad y señalización del desfibrilador, de conformidad con lo establecido en el presente reglamento, y en las normas técnicas sobre la materia; e) Llevar, en forma completa y oportuna, los siguientes registros, sean físicos o electrónicos, por cada desfibrilador: i. Instalación y reposición. ii. Mantención. iii. Uso del equipo. | F5: Equipo DEA en sala | G5: Soporte Operativo | H5: 1 | M5: N/A
B6: 3 | C6: Decreto 56 APRUEBA REGLAMENTO SOBRE LA OBLIGACIÓN DE DISPONER DE DESFIBRILADORES EXTERNOS AUTOMÁTICOS PORTÁTILES EN LOS ESTABLECIMIENTOS Y RECINTOS QUE INDICA, DE ACUERDO A LO ESTABLECIDO POR LA LEY Nº 21.158 | D6: Art. 5 | E6: Número de desfibriladores. El establecimiento que cumpla con las características señaladas en el artículo 3º del presente reglamento, deberá contar con la cantidad de desfibriladores necesaria para permitir que cualquier punto de una superficie de uso público se encuentre a un máximo de 150 metros lineales de distancia de un desfibrilador. Sin perjuicio de lo anterior, todo establecimiento que cumpla con las características señaladas en el artículo 3º, deberá contar, al menos, con un desfibrilador cada 3 niveles o pisos de uso público. | F6: Equipo DEA en sala | G6: Soporte Operativo | H6: 1 | M6: N/A
B7: 4 | C7: Decreto 56 APRUEBA REGLAMENTO SOBRE LA OBLIGACIÓN DE DISPONER DE DESFIBRILADORES EXTERNOS AUTOMÁTICOS PORTÁTILES EN LOS ESTABLECIMIENTOS Y RECINTOS QUE INDICA, DE ACUERDO A LO ESTABLECIDO POR LA LEY Nº 21.159 | D7: Art. 6 | E7: De la obligación de comunicación. La persona a cargo de la gestión o explotación del establecimiento que, conforme al artículo 3º del presente reglamento, deba cumplir con la obligación de mantener uno o más desfibriladores, deberá comunicar a la Secretaría Regional Ministerial de Salud correspondiente al domicilio donde se ubique el establecimiento, mediante correo electrónico, la información que se detalla a continuación: a) Identificación del o los desfibriladores, señalando su marca, modelo, número de serie, fabricante y número asignado por el Instituto de Salud Pública, de acuerdo al artículo 25 del decreto supremo Nº 825 de 1998, del Ministerio de Salud. b) Nombre y número de cédula de identidad del personal, propio o ajeno, capacitado para la utilización de cada desfibrilador, adjuntando copia de los documentos que acrediten su capacitación. c) Copia de planos o croquis del establecimiento, en el cual se indique la ubicación del o los desfibriladores. d) Indicación de la capacidad del establecimiento, metros cuadrados de superficie total y número de niveles o pisos. e) Declaración de la persona encargada indicando expresamente que se emplearán y mantendrán los desfibriladores de acuerdo al presente reglamento y a las indicaciones del fabricante o distribuidor, señalando los mecanismos de comunicación con sistemas de atención de salud de urgencia. f) Firma de la persona encargada. Todo cambio en lo informado deberá ser comunicado mediante correo electrónico, en un plazo no superior a 30 días desde su ocurrencia, a la Secretaría Regional Ministerial de Salud competente. | F7: Equipo DEA en sala | G7: Soporte Operativo | H7: 1 | M7: N/A
B8: 5 | C8: Decreto 56 APRUEBA REGLAMENTO SOBRE LA OBLIGACIÓN DE DISPONER DE DESFIBRILADORES EXTERNOS AUTOMÁTICOS PORTÁTILES EN LOS ESTABLECIMIENTOS Y RECINTOS QUE INDICA, DE ACUERDO A LO ESTABLECIDO POR LA LEY Nº 21.160 | D8: Art. 7 | E8: Sistema de atención sanitaria de emergencia y el desfibrilador. El establecimiento debe asegurar la comunicación a los Servicios de Urgencia correspondientes para trasladar a la persona respecto de la cual se haya utilizado un desfibrilador, a un centro asistencial de salud. Lo anterior se cumple mediante la comunicación inmediata al Servicio de Atención Médica de Urgencia (SAMU) o a un servicio debidamente autorizado para el traslado de enfermos y atención de salud de urgencia. | F8: Equipo DEA en sala | G8: Soporte Operativo | H8: 1 | M8: N/A
B9: 6 | C9: Decreto 56 APRUEBA REGLAMENTO SOBRE LA OBLIGACIÓN DE DISPONER DE DESFIBRILADORES EXTERNOS AUTOMÁTICOS PORTÁTILES EN LOS ESTABLECIMIENTOS Y RECINTOS QUE INDICA, DE ACUERDO A LO ESTABLECIDO POR LA LEY Nº 21.161 | D9: Art. 9 | E9: Certificación. Para todos los efectos, los desfibriladores serán considerados dispositivos médicos y deberán cumplir con la certificación y disposiciones establecidas en el reglamento respectivo, aprobado por el decreto supremo Nº 825, de 1998, del Ministerio de Salud, o el que lo reemplace. | F9: Equipo DEA en sala | G9: Soporte Operativo | H9: 1 | M9: N/A
B10: 7 | C10: Decreto 56 APRUEBA REGLAMENTO SOBRE LA OBLIGACIÓN DE DISPONER DE DESFIBRILADORES EXTERNOS AUTOMÁTICOS PORTÁTILES EN LOS ESTABLECIMIENTOS Y RECINTOS QUE INDICA, DE ACUERDO A LO ESTABLECIDO POR LA LEY Nº 21.162 | D10: Art. 10 | E10: Características. El desfibrilador debe permitir su ajuste para uso pediátrico o adulto, además de tener la capacidad técnica para entregar indicaciones de operación del mismo y cumplir con los criterios, características y rangos técnicos exigibles. | F10: Equipo DEA en sala | G10: Soporte Operativo | H10: 1 | M10: N/A
B11: 8 | C11: Decreto 56 APRUEBA REGLAMENTO SOBRE LA OBLIGACIÓN DE DISPONER DE DESFIBRILADORES EXTERNOS AUTOMÁTICOS PORTÁTILES EN LOS ESTABLECIMIENTOS Y RECINTOS QUE INDICA, DE ACUERDO A LO ESTABLECIDO POR LA LEY Nº 21.163 | D11: Art. 12 | E11: Ubicación. Los desfibriladores deberán ubicarse en un espacio visible, debidamente señalizado, con acceso expedito y libre de obstáculos, permitiendo su uso inmediato cuando sea requerido. La ubicación del desfibrilador debe ser a una distancia máxima de 150 metros respecto a cualquier sección de uso público | F11: Equipo DEA en sala | G11: Soporte Operativo | H11: 1 | M11: N/A
B12: 9 | C12: Decreto 56 APRUEBA REGLAMENTO SOBRE LA OBLIGACIÓN DE DISPONER DE DESFIBRILADORES EXTERNOS AUTOMÁTICOS PORTÁTILES EN LOS ESTABLECIMIENTOS Y RECINTOS QUE INDICA, DE ACUERDO A LO ESTABLECIDO POR LA LEY Nº 21.164 | D12: Art. 13 | E12: Señalización. Los establecimientos deberán instalar en cada uno de sus accesos, una señalética que indique la disponibilidad de desfibrilador en su interior y a quien contactar o hacia dónde dirigirse en caso de requerir su empleo. Asimismo, en los planos o croquis destinados a la orientación del público dentro del establecimiento y sus diferentes dependencias, deberá indicarse la ubicación del o los desfibriladores. | F12: Equipo DEA en sala | G12: Soporte Operativo | H12: 1 | M12: N/A
B13: 10 | C13: Decreto 56 APRUEBA REGLAMENTO SOBRE LA OBLIGACIÓN DE DISPONER DE DESFIBRILADORES EXTERNOS AUTOMÁTICOS PORTÁTILES EN LOS ESTABLECIMIENTOS Y RECINTOS QUE INDICA, DE ACUERDO A LO ESTABLECIDO POR LA LEY Nº 21.165 | D13: Art. 14 | E13: Información del desfibrilador. El desfibrilador debe contener una etiqueta con la siguiente información. a) Número de asistencia telefónica de urgencia "131", del SAMU. b) Instrucciones de uso del desfibrilador, escritas al menos en idioma español. c) Algoritmo de reanimación cardiopulmonar donde se detallan los pasos que se deben seguir para su ejercicio. d) Cuando exista convenio asociado, número de asistencia telefónica del servicio de traslado de pacientes y asistencia de urgencia. | F13: Equipo DEA en sala | G13: Soporte Operativo | H13: 1 | M13: N/A
B14: 11 | C14: Decreto 56 APRUEBA REGLAMENTO SOBRE LA OBLIGACIÓN DE DISPONER DE DESFIBRILADORES EXTERNOS AUTOMÁTICOS PORTÁTILES EN LOS ESTABLECIMIENTOS Y RECINTOS QUE INDICA, DE ACUERDO A LO ESTABLECIDO POR LA LEY Nº 21.166 | D14: Art. 15 | E14: Condiciones de instalación y mantención del desfibrilador. Para la instalación de cada desfibrilador podrán emplearse estantes, gabinetes de seguridad u otros dispositivos similares. Éstos deberán indicar su contenido en forma clara e incluir mecanismos de apertura que faciliten su rápido acceso a quien necesite utilizarlo, junto a la activación de alarmas sonoras. Los desfibriladores deberán mantenerse en condiciones que permitan conservar su funcionalidad, y cumplir con los parámetros de seguridad exigidos por el fabricante o distribuidor durante la totalidad del período de su utilización. | F14: Equipo DEA en sala | G14: Soporte Operativo | H14: 1 | M14: N/A
B15: 12 | C15: Decreto 56 APRUEBA REGLAMENTO SOBRE LA OBLIGACIÓN DE DISPONER DE DESFIBRILADORES EXTERNOS AUTOMÁTICOS PORTÁTILES EN LOS ESTABLECIMIENTOS Y RECINTOS QUE INDICA, DE ACUERDO A LO ESTABLECIDO POR LA LEY Nº 21.167 | D15: Art. 18 | E15: Personal capacitado. Se entenderán autorizados para la entrega de asistencia telefónica en maniobras básicas de reanimación cardiopulmonar y en el uso de un desfibrilador, las siguientes personas: a) Médicos cirujanos y enfermeras. b) Personas que hayan aprobado cursos de capacitación sobre reanimación cardiopulmonar básica y uso de desfibrilador, sea en curso independiente o como parte de un programa de formación académica o técnica. | F15: Equipo DEA en sala | G15: Soporte Operativo | H15: 1 | M15: N/A
... B17: 14 | C17: Decreto 56 APRUEBA REGLAMENTO SOBRE LA OBLIGACIÓN DE DISPONER DE DESFIBRILADORES EXTERNOS AUTOMÁTICOS PORTÁTILES EN LOS ESTABLECIMIENTOS Y RECINTOS QUE INDICA, DE ACUERDO A LO ESTABLECIDO POR LA LEY Nº 21.169 | D17: Art. 20 | E17: Entidades formadoras que podrán capacitar y realizar formación en reanimación cardiopulmonar básica y uso de desfibrilador. Podrán otorgar capacitación en materia de reanimación cardiopulmonar básica y uso de desfibrilador: a) Entidades de Educación Superior acreditadas según la ley Nº 20.129, tales como: Universidades e Institutos Profesionales; y Centros de Formación Técnica, tales como, Liceos Técnico Profesionales, cualquiera de ellos, reconocidos por el Ministerio de Educación. b) Proveedores de Capacitación con autorización vigente, emitida por el Servicio Nacional de Capacitación y Empleo. c) Entidades de Formación reconocidas por el OS10 de Carabineros de Chile. d) Mutuales de seguridad, que cumplan con los requisitos establecidos en el presente reglamento. e) Establecimientos de salud autorizados por la Secretaría Regional Ministerial de Salud que corresponda a su domicilio, previa acreditación del cumplimiento de los requisitos establecidos en el presente reglamento | F17: Equipo DEA en sala | G17: Soporte Operativo | H17: 1 | M17: N/A
F18: Porcentaje total de cumplimiento | H18: =AVERAGE(H4:H13) -> 1

Sheet D.S 47
B3: Ítem | C3: Normativa /Titulo | D3: Art. Aplicable | E3: Descripción | F3: Evidencia Cumplimiento | G3: Responsable de Cumplimiento | H3: Resultado de evaluación No Cumple 0% Cumple 100% En implementación 50% | I3: Brecha Evidenciada | J3: Plan de Acción de Brechas de Incumplimiento | K3: Responsable | L3: Plazo | M3: Resultado de evaluación No Cumple 0% Cumple 100% En implementación 50% | N3: Nueva acción Correctiva
B4: 1 | C4: D.S 47 "LA ORDENANZA GENERAL DE LA LEY GENERAL DE URBANISMO Y CONSTRUCCIONES" | D4: Art. 4.2.11 | E4: Las escaleras de evacuación deben consultar pasamanos en un costado a lo menos y cumplir además los siguientes requerimientos: 1. 2. 3. En los tramos inclinados el pasamanos debe ubicarse a una altura de entre 0,85 m y 1,05 m y en los descansos o vestíbulos a una altura de entre 0,95 m y 1,05 m. Los peldaños tendrán un ancho de huella no inferior a 0,28 m en proyección horizontal y una altura de contrahuella no mayor a 0,18 m ni menor a 0,13 m. Esta norma deberá cumplirse en cualquier peldaño que forme parte de una vía de evacuación. En las escaleras que forman parte de una zona vertical de seguridad los tramos deben ser rectos y las huellas de los peldaños y descansos deben ser antideslizantes. | F4: Condiciones en terreno | G4: Soporte Operativo | H4: 1 | M4: N/A
B5: 2 | C5: D.S 47 "LA ORDENANZA GENERAL DE LA LEY GENERAL DE URBANISMO Y CONSTRUCCIONES" | D5: Art, 4.2.22 | E5: Las puertas de escape deben ser fácilmente reconocibles como tales. En ningún caso podrán estar cubiertas con materiales reflectantes o decoraciones que disimulen su ubicación | F5: Condiciones en terreno | G5: Soporte Operativo | H5: 1 | M5: N/A
B6: 3 | C6: D.S 47 "LA ORDENANZA GENERAL DE LA LEY GENERAL DE URBANISMO Y CONSTRUCCIONES" | D6: Art.4.2.24 | E6: Las puertas de escape tendrán un ancho nominal de hoja no menor a 0,85 m y un alto no menor de 2 m. Cuando contemplen mecanismos de apertura o dispositivos anti pánico, estos deberán ubicarse a una altura de 0,95 m. | F6: Condiciones en terreno | G6: Soporte Operativo | H6: 1 | M6: N/A
B7: 4 | C7: D.S 47 "LA ORDENANZA GENERAL DE LA LEY GENERAL DE URBANISMO Y CONSTRUCCIONES" | D7: Art. 4.2.26 | E7: Las puertas de escape deben abrir en el sentido de la evacuación siempre que el área que sirvan tenga una carga de ocupación superior a 50 personas | F7: Condiciones en terreno | G7: Soporte Operativo | H7: 1 | M7: N/A
B8: 5 | C8: D.S 47 "LA ORDENANZA GENERAL DE LA LEY GENERAL DE URBANISMO Y CONSTRUCCIONES" | D8: Art. 4.2.27 | E8: Las puertas de escape deben abrir desde el interior sin la utilización de llaves o mecanismos que requieran algún esfuerzo o conocimiento especial. | F8: Condiciones en terreno | G8: Soporte Operativo | H8: 1 | M8: N/A
B9: 6 | C9: D.S 47 "LA ORDENANZA GENERAL DE LA LEY GENERAL DE URBANISMO Y CONSTRUCCIONES" | D9: Art. 4.2.29 | E9: Todas las vías de evacuación y sus accesos deben identificarse mediante señales de gráfica adecuada. En cada caso deben contemplarse las señales necesarias para facilitar la evacuación de los ocupantes hasta el exterior, minimizando cualquier posibilidad de confusión durante el recorrido de escape en situaciones de emergencia. | F9: Condiciones en terreno | G9: Soporte Operativo | H9: 1 | M9: N/A
B10: 7 | C10: D.S 47 "LA ORDENANZA GENERAL DE LA LEY GENERAL DE URBANISMO Y CONSTRUCCIONES" | D10: Art. 4.14.6 | E10: El instrumento de planificación territorial o, en su defecto, el Director de Obras Municipales, podrán exigir que en los deslindes de los edificios o instalaciones a que se refiere este Capítulo, se provean dispositivos o elementos que eviten ruidos, vapores, salpicaduras y similares, a las propiedades vecinas y separaciones o distanciamientos a deslindes, mayores que los previstos en la presente Ordenanza. | F10: Condiciones en terreno | G10: Soporte Operativo | H10: 1 | M10: N/A
B11: 8 | C11: D.S 47 "LA ORDENANZA GENERAL DE LA LEY GENERAL DE URBANISMO Y CONSTRUCCIONES" | D11: Art. 4.14.7 | E11: La Dirección de Obras Municipales exigirá que se acompañe a la solicitud de permiso, además de los planos y antecedentes indicados en el Título 5 Capítulo 1 de esta Ordenanza, lo siguiente: 1. Planos que señalen la disposición, entre otras, de las maquinarias o instalaciones o transmisiones, a escala no inferior de 1:100. 2. Indicación precisa del aprovechamiento de cursos de agua existentes, fuerza motriz y las medidas que se adoptarán para evitar perjuicios a las propiedades vecinas. | F11: Permiso Municipal | G11: Soporte Operativo | H11: 1 | M11: N/A
B12: 9 | C12: D.S 47 "LA ORDENANZA GENERAL DE LA LEY GENERAL DE URBANISMO Y CONSTRUCCIONES" | D12: Art. 4.14.10 | E12: Los locales de trabajo tendrán una capacidad volumétrica no inferior a 10 m3 por trabajador, salvo que se justifique una renovación adecuada del aire por medios mecánicos. Las ventanas deberán permitir una renovación mínima de aire de 8 m3 por hora, salvo que se establezcan medios mecánicos de ventilación. En todo caso, la ventilación de los locales de trabajo debe proyectarse de manera que pueda mantenerse en ellos una atmósfera constantemente libre de vapores, polvo, gases nocivos, o un grado de humedad que no exceda al del ambiente exterior. | F12: Condiciones en terreno | G12: Soporte Operativo | H12: 1 | M12: N/A
B13: 10 | C13: D.S 47 "LA ORDENANZA GENERAL DE LA LEY GENERAL DE URBANISMO Y CONSTRUCCIONES" | D13: Art. 4.14.11 | E13: Los locales de trabajo deben tener puertas de salida que abran hacia el exterior, en número suficiente para permitir su fácil evacuación. Los establecimientos industriales que ocupen más de dos pisos tendrán escaleras en número suficiente para que no se produzcan recorridos mayores de 40 m para llegar a una de ellas. | F13: Condiciones en terreno | G13: Soporte Operativo | H13: 1 | M13: N/A
B14: 11 | C14: D.S 47 "LA ORDENANZA GENERAL DE LA LEY GENERAL DE URBANISMO Y CONSTRUCCIONES" | D14: Art. 4.14.12 | E14: Los establecimientos industriales deberán estar dotados de servicios higiénicos, a lo menos con el número de artefactos exigidos por el Ministerio de Salud para los lugares de trabajo, de conformidad a la legislación vigente. Se deberá considerar asimismo, espacios e instalaciones para personas con discapacidad en los estacionamientos, circulaciones y servicios higiénicos. 1 Los establecimientos que ocupen más de 50 personas tendrán una sala destinada a primeros auxilios y también, una sala cuna cuando ocupen personal femenino, en número superior a 20. | F14: Condiciones en terreno | G14: Soporte Operativo | H14: 1 | M14: N/A
F15: Porcentaje total de cumplimiento | H15: =AVERAGE(H10:H14) -> 1

Sheet D.S 44
B3: Ítem | C3: Normativa /Titulo | D3: Requerimiento | E3: Descripción | F3: Evidencia Cumplimiento | G3: Responsable de Cumplimiento | H3: Resultado de evaluación No Cumple 0% Cumple 100% En implementación 50% | I3: Brecha Evidenciada | J3: Plan de Acción de Brechas de Incumplimiento | K3: Responsable | L3: Plazo | M3: Resultado de evaluación No Cumple 0% Cumple 100% En implementación 50% | N3: Nueva acción Correctiva
B4: 1 | C4: Decreto 44, APRUEBA NUEVO REGLAMENTO SOBRE GESTIÓN PREVENTIVA DE LOS RIESGOS LABORALES PARA UN ENTORNO DE TRABAJO SEGURO Y SALUDABLE | D4: Art.4.2 | E4: Las entidades empleadoras estarán obligadas a tomar todas las medidas necesarias para proteger eficazmente la vida y salud de las personas trabajadoras, para lo cual deberán gestionar los riesgos laborales presentes en el lugar de trabajo, de conformidad a este reglamento y las demás normas de prevención de riesgos laborales que sean aplicables. Asimismo, la entidad empleadora deberá integrar la gestión de la prevención de riesgos laborales en todos los niveles de la organización, para cuyo efecto deberá cumplir las siguientes obligaciones generales: 1. La mantención de condiciones y entornos de trabajo seguros y saludables, eliminando o controlando todos aquellos riesgos que puedan afectar la vida y salud de las personas trabajadoras, incluyendo la gestión del riesgo grave e inminente y de emergencias, catástrofes o desastres. 2. El cumplimiento de la normativa de prevención de riesgos laborales, debiendo implementar en los lugares de trabajo una matriz de identificación de peligros y evaluación de riesgos y un programa de gestión de riesgos, que consideren el enfoque de género, el principio de la mejora continua, la participación de las personas trabajadoras y sus representantes y el cumplimiento eficiente y efectivo de las medidas adoptadas. 3. Permitir el ingreso a los lugares de trabajo bajo su dependencia, a las entidades fiscalizadoras, así como a los organismos administradores para cumplir sus atribuciones en materia seguridad y salud de conformidad con la normativa vigente. 4. La realización de acciones permanentes de difusión y promoción de la seguridad y salud en los lugares de trabajo, que incluya la prevención de los riesgos asociados a los traslados de las personas trabajadoras y a los accidentes de trayecto, con enfoque de género. 5. La información, formación y capacitación de las personas trabajadoras en materias de seguridad y salud en el trabajo, considerando los riesgos presentes en el lugar de trabajo y su impacto en la salud. 6. El establecimiento de mecanismos de consulta y diálogo que incentiven la participación de las personas trabajadoras y de sus representantes en los temas de seguridad y salud en el trabajo, de conformidad a las disposiciones de este reglamento. 7. La adopción de medidas para la constitución y adecuado funcionamiento de los Comités Paritarios, el Delegado de Seguridad y Salud en el Trabajo y el Departamento de Prevención de Riesgos, cuando corresponda, así como de las demás estructuras preventivas que señale el presente reglamento. 8. La denuncia de los accidentes del trabajo y las enfermedades profesionales al respectivo organismo administrador de la ley N°16.744 y la notificación a la entidad fiscalizadora que corresponda, de los accidentes del trabajo fatales y graves de conformidad al artículo 76 de la citada ley. 9. La implementación de la vigilancia ambiental y de la salud de las personas trabajadoras en el lugar de trabajo, de conformidad con la normativa vigente. 10. El cumplimiento de las medidas de seguridad y salud prescritas por los organismos administradores de la ley N°16.744 y, en su caso, el Comité Paritario y el Departamento de Prevención de Riesgos, así como aquellas que prescriban las entidades fiscalizadoras de conformidad a la ley. 11. Mantener o realizar los registros que acrediten cumplimiento de las normas de seguridad y salud en el trabajo de conformidad con la normativa vigente. | F4: Control operacional, Gestión del Riesgo, SGSST, implementación Protocolos | G4: Prevención de Riesgos | H4: 1 | M4: N/A
B6: 2 | C6: Decreto 44, APRUEBA NUEVO REGLAMENTO SOBRE GESTIÓN PREVENTIVA DE LOS RIESGOS LABORALES PARA UN ENTORNO DE TRABAJO SEGURO Y SALUDABLE | D6: Art. 5 | E6: Obligaciones de las personas trabajadoras. Sin perjuicio de lo dispuesto en el artículo 59 de este reglamento, serán obligaciones generales de las personas trabajadoras, las siguientes: 1. Cumplir las instrucciones, reglamentos y demás medidas de seguridad y salud establecidas legalmente y colaborar con la entidad empleadora en la gestión de los riesgos laborales. 2. Participar en las actividades preventivas de la entidad empleadora. 3. Observar razonablemente una conducta de cuidado de su propia seguridad y salud en el trabajo, procurando con ello evitar que el ejercicio de su actividad laboral pueda afectar a las demás personas cercanas a su puesto de trabajo. 4. Participar en las elecciones para la constitución del Comité Paritario y en las actividades que este programe. Asimismo, en caso de resultar electas, asistir a las reuniones y cumplir las funciones como integrantes del Comité, salvo excusa justificada. Igualmente deberán participar en la designación del Delegado de Seguridad y Salud en el Trabajo, cuando corresponda, y ejercer sus funciones si son elegidas. 5. Participar en los programas de capacitación y formación para la prevención de los riesgos laborales que organice la entidad empleadora, el Comité Paritario, el organismo administrador de la ley N° 16.744 o la autoridad competente. 6. Someterse al o los exámenes y evaluaciones médicas que se establezcan en el Reglamento Interno de la entidad empleadora, de acuerdo a los programas de vigilancia de la salud indicados en el artículo 67 de este reglamento, para lo cual la persona trabajadora podrá manifestar, de acuerdo a la normativa vigente, su consentimiento libre e informado para realizarse dicho examen o evaluación, cuando estos se encuentren establecidos en los protocolos del Ministerio de Salud o en los programas de los organismos administradores del seguro de la ley N° 16.744 y, en defecto de los anteriores, solo si el examen o evaluación están dirigidos a establecer que la persona trabajadora reúne las condiciones físicas o psíquicas necesarias para desarrollar trabajos o faenas calificados como peligrosos, con la única finalidad de proteger su vida y salud o la de otras personas trabajadoras, debiéndose resguardar, en todo caso, las garantías de intimidad, confidencialidad y no discriminación. | F6: RIOHS, SGSST, Control Operacional | G6: Prevención de Riesgos | H6: 1 | M6: N/A
B7: 2 | C7: Decreto 44, APRUEBA NUEVO REGLAMENTO SOBRE GESTIÓN PREVENTIVA DE LOS RIESGOS LABORALES PARA UN ENTORNO DE TRABAJO SEGURO Y SALUDABLE | D7: Art. 7 | E7: La entidad empleadora deberá confeccionar una matriz de identificación de peligros y evaluación de los riesgos laborales asociados a los procesos, tareas y puestos de trabajo, la que deberá estar disponible en los lugares de trabajo y ser informada a las personas trabajadoras, incluidos el Comité Paritario, el Delegado de Seguridad y Salud en el Trabajo y los dirigentes sindicales. Para la confección de la matriz, la entidad empleadora deberá considerar la exposición a los agentes y factores de riesgos laborales existentes en el lugar de trabajo, tales como los riesgos ergonómicos, psicosociales, la violencia y el acoso en el trabajo, los accidentes del trabajo y enfermedades profesionales que se hayan producido, así como los riesgos asociados a los programas de vigilancia ocupacional, con enfoque de género. Esta matriz contendrá como mínimo los siguientes elementos: 1. La identificación de los peligros del puesto de trabajo. Respecto de cada puesto de trabajo se deberán identificar cualquier fuente, situación, condición o entorno con potencial de causar lesiones o afectar la salud de personas trabajadoras, considerando las características de las personas expuestas al riesgo. 2. La evaluación de los riesgos. Cada peligro identificado en el lugar de trabajo y que se pueda evitar, suprimir o controlar de forma razonable y factible de acuerdo al conocimiento disponible, deberá ser evaluado con la finalidad de determinar la magnitud o el nivel del riesgo. La evaluación deberá considerar no solo las condiciones de trabajo actualmente existentes, sino que también aquellas que sean previsibles de ocurrir en el futuro y exista la posibilidad que la persona trabajadora que ocupe dicho puesto o quien vaya a ocuparlo sea especialmente sensible a alguna de estas condiciones de trabajo. Para la evaluación de los riesgos se considerará como mínimo la probabilidad de que ocurra un daño a la vida y salud de las personas trabajadoras. Esta evaluación podrá utilizar métodos cuantitativos o cualitativos, siempre que en cualquier caso se utilice una metodología de evaluación validada y basada en criterios definidos por la autoridad competente. El procedimiento de evaluación de los riesgos laborales a que se refiere el presente reglamento se regirá por la "Guía Técnica para la identificación y evaluación primaria de riesgos en los ambientes de trabajo" del Instituto de Salud Pública o el documento que lo reemplace. No obstante, cuando por disposición legal, reglamentaria o normativa técnica emitida por la autoridad competente deba aplicarse una metodología especial, la evaluación deberá sujetarse a ella. | F7: Matriz IPER | G7: Prevención de Riesgos | H7: 1 | M7: N/A
E8: La entidad empleadora, en todo caso, deberá adoptar las medidas preventivas de control y de emergencia adicionales que se requieran cuando el riesgo evaluado sea considerado como elevado, alto o grave. La matriz IPER deberá ser conocida por toda la línea de mando de la entidad empleadora, revisada al menos anualmente o cuando cambien las condiciones de trabajo que puedan significar un riesgo adicional para las personas trabajadoras, ocurra un accidente del trabajo, se diagnostique una enfermedad profesional o se genere una situación de riesgo grave e inminente.
B9: 3 | C9: Decreto 44, APRUEBA NUEVO REGLAMENTO SOBRE GESTIÓN PREVENTIVA DE LOS RIESGOS LABORALES PARA UN ENTORNO DE TRABAJO SEGURO Y SALUDABLE | D9: Art. 8 | E9: La entidad empleadora deberá elaborar o modificar el programa de trabajo preventivo a partir de la matriz de identificación de peligros y evaluación de riesgos, dentro del plazo de 30 días corridos contados desde la confección o actualización de dicha matriz. Este programa deberá contener, al menos, las medidas preventivas y correctivas a implementar, los plazos de implementación y los responsables de su ejecución. Sin perjuicio de lo señalado en el inciso precedente, el programa deberá incluir actividades de promoción para prevenir los factores de riesgos asociados al consumo de alcohol y drogas en los lugares de trabajo y difundir un estilo de vida y alimentación saludables. Asimismo, cuando corresponda, el programa deberá contemplar las actividades a implementar, a fin de prevenir los factores de riesgos asociados a la conducción de vehículos motorizados de conformidad a la normativa legal y técnica vigente en la materia. El programa de trabajo preventivo de la entidad empleadora deberá constar por escrito y ser aprobado por su representante legal, indicando la fecha de su aprobación y de sus modificaciones, cuando corresponda. Además, previo a su implementación, deberá ser difundido por medio de avisos o informaciones fácilmente visibles en los lugares de trabajo o bien, a través de los correos electrónicos de las personas trabajadoras que estuvieren disponibles de conformidad a la ley y, en todo caso, remitirse un ejemplar al Comité Paritario. En todo caso, la entidad empleadora deberá disponer de acciones para controlar y vigilar el cumplimiento de las medidas de seguridad y salud adoptadas, con la periodicidad y en los casos que defina el programa de trabajo preventivo. Estas medidas de control y vigilancia podrán ejecutarse a través de inspecciones de la entidad empleadora a los lugares de trabajo o bien, en forma no presencial, a través de medios electrónicos idóneos, observando en ambos casos lo dispuesto en el artículo 5 inciso primero del Código del Trabajo. | F9: Programa de Prevención de Riesgos Laborales | G9: Prevención de Riesgos | H9: 1 | M9: N/A
B10: 4 | C10: Decreto 44, APRUEBA NUEVO REGLAMENTO SOBRE GESTIÓN PREVENTIVA DE LOS RIESGOS LABORALES PARA UN ENTORNO DE TRABAJO SEGURO Y SALUDABLE | D10: Art. 9 | E10: La entidad empleadora deberá implementar medidas preventivas y correctivas dirigidas a controlar el riesgo laboral según su mayor o menor nivel de protección a las personas trabajadoras, para lo cual deberá observar el siguiente orden de prelación: 1. evitar o eliminar los riesgos; 2. controlar los riesgos en su fuente a través de medidas de ingeniería o técnicas; 3. reducir los riesgos al mínimo posible, por medio de medidas organizacionales, administrativas, que incluyan la elaboración de métodos de trabajo seguro; y 4. proveer la utilización de elementos de protección personal adecuados, mientras perdure una situación de riesgo residual, sin perjuicio de haberse aplicado una o más de las anteriores medidas en el orden señalado. | F10: MIPER, Controles Operacionales | G10: Prevención de Riesgos | H10: 1 | M10: N/A
B11: 5 | C11: Decreto 44, APRUEBA NUEVO REGLAMENTO SOBRE GESTIÓN PREVENTIVA DE LOS RIESGOS LABORALES PARA UN ENTORNO DE TRABAJO SEGURO Y SALUDABLE | D11: Art. 10 | E11: Sin perjuicio de lo dispuesto en el artículo 15 de este reglamento, la entidad empleadora será responsable de informar convenientemente a las personas trabajadoras expuestas a los riesgos derivados del uso de máquinas, equipos y elementos de trabajo, acerca de su manejo adecuado y seguro, a fin de garantizar que su utilización no constituye un riesgo para quienes las manipulan. Adicionalmente deberá informar para este mismo fin acerca del contenido sustancial de los manuales, cuando existan, de las instrucciones y las fichas técnicas que hayan proporcionado los fabricantes, importadores y proveedores de máquinas, equipos y elementos de trabajo. Las entidades empleadoras que utilicen máquinas, equipos y herramientas que puedan generar riesgo de atrapamiento, corte, lesión y/o amputación deberán contar, conforme a la normativa técnica vigente, con un procedimiento de trabajo seguro en máquinas, equipos y herramientas motrices. Este procedimiento deberá considerar, al menos, un programa preventivo de operación y mantenimiento de tales maquinarias, el control permanente de su funcionamiento, así como la existencia de protecciones. Además, deberán informar y capacitar a las personas trabajadoras sobre la forma de uso correcto y seguro de tales maquinarias. Para la elaboración de este procedimiento, las entidades empleadoras podrán requerir la asistencia técnica del organismo administrador. | F11: PROSEMEH | G11: Prevención de Riesgos | H11: 0 | I11: Proceso de PROSEMEH | J11: Aplicar PROSEMEH | K11: Prevención de Riesgos | L11: 45809 | M11: 0
B12: 6 | C12: Decreto 44, APRUEBA NUEVO REGLAMENTO SOBRE GESTIÓN PREVENTIVA DE LOS RIESGOS LABORALES PARA UN ENTORNO DE TRABAJO SEGURO Y SALUDABLE | D12: Art. 11 | E12: Para efectos de identificar los peligros, evaluar los riesgos y desarrollar el programa de trabajo preventivo, la entidad empleadora deberá tener en consideración la situación de las personas trabajadoras especialmente sensibles a determinados riesgos laborales, a fin de implementar las medidas de protección específica que requieran. Asimismo, estas personas trabajadoras no podrán ser empleadas en aquellos puestos de trabajo en los que su especial sensibilidad implique un riesgo grave para la vida o salud de la propia persona trabajadora o de terceros. Para efectos de determinar si una persona trabajadora es especialmente sensible, la entidad empleadora deberá considerar a aquellas personas que informen o tengan reconocida su situación de discapacidad o condición indicada en numeral 23 del artículo 2 de este reglamento. En todo caso, la entidad empleadora deberá observar estrictamente lo dispuesto en el artículo 154 bis del Código del Trabajo. | F12: MIPER. Programa de Prevención de Riesgos Laborales | G12: Prevención de Riesgos | H12: 1 | M12: N/A
B13: 7 | C13: Decreto 44, APRUEBA NUEVO REGLAMENTO SOBRE GESTIÓN PREVENTIVA DE LOS RIESGOS LABORALES PARA UN ENTORNO DE TRABAJO SEGURO Y SALUDABLE | D13: Art. 12 | E13: De conformidad al orden de prelación establecido en el artículo 9 de este reglamento, la entidad empleadora deberá adoptar medidas de prevención de los riesgos laborales que privilegien el uso de mecanismos o equipos de protección colectiva de las personas trabajadoras por sobre el uso de elementos de protección personal, para lo cual deberá mantener los dispositivos técnicamente necesarios para reducir a niveles mínimos los riesgos que puedan presentarse en los lugares de trabajo. Asimismo, deberá preferirse aquellas medidas preventivas que supriman, controlen o reduzcan más de un riesgo o protejan a más personas expuestas. | F13: Condiciones en terreno | G13: Subgerentes y jefes de área | H13: 1 | M13: N/A
B14: 8 | C14: Decreto 44, APRUEBA NUEVO REGLAMENTO SOBRE GESTIÓN PREVENTIVA DE LOS RIESGOS LABORALES PARA UN ENTORNO DE TRABAJO SEGURO Y SALUDABLE | D14: Art.13 | E14: La entidad empleadora deberá proporcionar a sus personas trabajadoras los elementos de protección personal adecuados al riesgo, cuando corresponda, los que deberá proveer a su costo. Los elementos de protección personal deberán utilizarse solo cuando existan riesgos que no hayan podido evitarse o controlarse suficientemente mediante las medidas ingenieriles, técnicas, organizacionales o administrativas. La entidad empleadora deberá contar con un procedimiento que considere la utilización y mantenimiento de elementos de protección personal, así como su reposición o el recambio, de conformidad con las exigencias que disponga la Autoridad Sanitaria. Tales elementos y equipos deberán cumplir con las normas vigentes de certificación de calidad o encontrarse registrados en el Instituto de Salud Pública de Chile. Asimismo, la entidad empleadora deberá contar con un programa de capacitación para las personas trabajadoras sobre el uso y mantención de los elementos de protección personal, que deberá tener una duración mínima de una hora cronológica, debiendo reforzarse anualmente y cada vez que una nueva persona trabajadora ingrese a las labores respectivas o que deba cambiar el tipo de elementos de protección personal a utilizar. La entidad empleadora podrá solicitar la asistencia técnica a su organismo administrador para realizar estas capacitaciones. El contenido mínimo de estas capacitaciones debe considerar las partes que componen el elemento de protección personal a utilizar, su colocación, limitaciones de uso, limpieza, almacenamiento y prueba de chequeo diario. La entidad empleadora deberá registrar estas actividades de capacitación, indicando, al menos, lo siguiente: 1. Actividades teóricas y prácticas. 2. Asistentes. 3. Relatores. 4. Resultados de las evaluaciones de aprendizaje. 5. Actividades de reforzamiento. | F14: Procedimiento uso de EPP | G14: Prevención de Riesgos | H14: 0 | I14: Procedimiento uso de EPP | J14: Generar Procedimiento de Elementos de protección personal según DS44 | K14: Prevención de Riesgos | L14: 45717 | M14: 0
B15: 9 | C15: Decreto 44, APRUEBA NUEVO REGLAMENTO SOBRE GESTIÓN PREVENTIVA DE LOS RIESGOS LABORALES PARA UN ENTORNO DE TRABAJO SEGURO Y SALUDABLE | D15: Art.16 | E15: En las oportunidades y con la periodicidad que defina el programa de trabajo preventivo, que no podrá exceder de dos años, la entidad empleadora deberá efectuar una capacitación teórica o práctica, según corresponda, a las personas trabajadoras, acerca de las principales medidas de seguridad y salud que deben tener presente para desempeñar sus labores, considerando el enfoque de género. La capacitación deberá consistir en un curso que tenga una duración de, al menos, 8 horas y en el que se aborden los siguientes temas: 1. Factores de riesgos presentes en el lugar en el que deban ejecutarse las labores. 2. Efectos en la salud por la exposición a factores de riesgos, para lo que se deberá considerar la información sobre enfermedades profesionales vinculadas a la ejecución de la actividad laboral que se realice. 3. Medidas preventivas para el control de los riesgos identificados y evaluados o inherentes a las tareas encomendadas. 4. Prestaciones médicas y económicas a las que tiene derecho la persona trabajadora, de conformidad al seguro de la ley N° 16.744 y los procedimientos para acceder a ellas, así como el establecimiento asistencial del respectivo organismo administrador, al que deberán concurrir en caso de accidente del trabajo o enfermedad profesional. 5. Plan de gestión de riesgos de emergencia, catástrofe o desastre de la entidad empleadora. 6. Señalética en los lugares de trabajo. 7. Prevención de riesgos de incendio, para lo cual se deberá considerar el uso de extintores y otros mecanismos para extinción de incendios. Esta capacitación podrá ser realizada por la entidad empleadora, a través de entidades acreditadas o con la asistencia técnica del respectivo organismo administrador de la ley N° 16.744 de conformidad con las instrucciones que al efecto imparta la SUSESO. | F15: Proceso de Competencias y toma de conciencia | G15: Prevención de Riesgos | H15: 1 | M15: N/A
B16: 10 | C16: Decreto 44, APRUEBA NUEVO REGLAMENTO SOBRE GESTIÓN PREVENTIVA DE LOS RIESGOS LABORALES PARA UN ENTORNO DE TRABAJO SEGURO Y SALUDABLE | D16: Art.17 | E16: Sin perjuicio de lo dispuesto por este reglamento respecto de la participación individual del trabajador o trabajadora o del Comité Paritario en la gestión de los riesgos laborales, la entidad empleadora deberá promover la consulta y participación de los representantes de las personas trabajadoras, cuando se prevean cambios en los procesos o en la estructura organizacional de la entidad empleadora que puedan poner en riesgo grave la vida y salud de quienes los ejecuten, así como en las medidas adoptadas para controlarlo o mitigarlo. Los representantes de las personas trabajadoras promoverán, de conformidad a las disposiciones de este reglamento, la participación de sus representados en todas aquellas actividades relacionadas con la seguridad y salud en el trabajo. Asimismo, podrán efectuar las denuncias ante los organismos fiscalizadores por las infracciones e incumplimientos de la normativa preventiva que detecten y aquellas deficiencias que pongan en riesgo grave la vida y salud de las personas trabajadoras. Las organizaciones sindicales presentes en los lugares de trabajo procurarán promover la realización de acciones de difusión y capacitación de las personas trabajadoras en materia de seguridad y salud. | F16: Proceso Consulta y Participación | G16: Prevención de Riesgos | H16: 1 | M16: N/A
B17: 11 | C17: Decreto 44, APRUEBA NUEVO REGLAMENTO SOBRE GESTIÓN PREVENTIVA DE LOS RIESGOS LABORALES PARA UN ENTORNO DE TRABAJO SEGURO Y SALUDABLE | D17: Art.18 | E17: Sin perjuicio de lo establecido en el artículo 184 del Código del Trabajo, cuando en el lugar de trabajo sobrevenga un riesgo grave e inminente para la vida o salud de las personas trabajadoras, la entidad empleadora deberá: 1. Informar inmediatamente a todas las personas trabajadoras afectadas sobre la existencia del mencionado riesgo, así como las medidas adoptadas para eliminarlo o atenuarlo. 2. Adoptar medidas para la suspensión inmediata de las faenas afectadas y su evacuación, en caso de que el riesgo no se pueda eliminar o atenuar. Con todo, las personas trabajadoras siempre tendrán el derecho a interrumpir sus labores y, de ser necesario, abandonar el lugar de trabajo cuando consideren, por motivos razonables, que continuar con ellas implica un riesgo grave e inminente para su vida o salud. La persona trabajadora que interrumpa sus labores deberá dar cuenta de ese hecho a la entidad empleadora dentro del más breve plazo, quien deberá informar de la suspensión de las mismas a la Inspección del Trabajo respectiva. Las personas trabajadoras no podrán sufrir perjuicio o menoscabo alguno derivado de la adopción de las medidas señaladas en este artículo, y podrán siempre ejercer la acción contenida en el párrafo 6 del Capítulo II del Título I del Libro V del Código del Trabajo. En caso de que la autoridad competente ordene la evacuación de los lugares de trabajo afectados por una emergencia, catástrofe o desastre, la entidad empleadora deberá suspender las labores de forma inmediata y proceder a la evacuación de las personas trabajadoras. La reanudación de las labores solo podrá efectuarse cuando se garanticen condiciones seguras y adecuadas para la prestación de los servicios. | F17: Plan de gestión, reducción y respuesta de riesgos en caso de emergencias | G17: Prevención de Riesgos | H17: 1 | M17: N/A
